Workbook
Name Boletim: [1]Boletim_10!$A$4:$D$2730
Name Boletim: [2]Boletim_10!$A$4:$D$2730
Name Boletim_10: [1]Boletim_10!$A$2:$F$2730
Name Boletim_10: [2]Boletim_10!$A$2:$F$2730
Name OBRA: [3]Obra!$A$10:$H$399
Name OBRA: [4]Obra!$A$10:$H$399
Name Serviços: [5]Serviços!$A$3:$AF$1403
Name Serviços: [6]Serviços!$A$3:$AF$1403

Sheet TIPO 1 sapata-110 v (2)
A1: PLANILHA ORÇAMENTÁRIA
A7: PREFEITURA MUNICIPAL DE JUÍNA
A8: CONSTRUTORA: MATERIAL FORTE INCORPORADORA LTDA. PRAZO: 08 MESES DATA: 27/10/2015
A9: CNPJ: 10.505.889/0001-12
A10: END.: AV. ULISSES GUIMARÃES, N. 1052, MODULO 05, JUINA - MT
A11: RESPONSÁVEL TÉCNICO: ISAAC COSTA QUEIROZ
A12: Obra: Proinfância - Tipo 1 (CRECHE NOSSO LAR)
A13: Preço base: Sinapi mar com desoneração/2015 - SEINFRA desonerada Jul/2015 - Orse Mar/2015
A14: Local: Rua Pariri, bairro Padre Duílio | E14: BDI : 24,3 %
A15: Cidade: Juína - MT
D17: Edificação principal do Proinfância 1 | E17: un | F17: 1 | I17: =I621 -> #REF! | L17: 1867474
A19: ITEM | B19: CÓDIGO | C19: FONTE | D19: DESCRIÇÃO DOS SERVIÇOS | E19: UNID. | F19: QUANT. | G19: PR. UNIT.(R$) SEM BDI | H19: PR. UNIT.(R$) COM BDI | I19: VALOR (R$) | J19: PR. UNIT.(R$) SEM BDI | K19: PR. UNIT.(R$) COM BDI | L19: VALOR (R$) | N19: PREÇO UNIT.(R$) MÃO DE OBRA | O19: VALOR (R$)
A21: 1 | D21: SERVIÇOS PRELIMINARES | I21: =I30 -> #REF! | L21: =L30 -> 25829.93 | M21: =M30 -> #REF! | O21: =O30 -> 6234.268
A22: 1.1 | B22: 74209/1 | C22: SINAPI | D22: Placa da obra - padrão Governo Federal | E22: m² | F22: 6 | G22: 337.72 | H22: =ROUND(G22*#REF!,2) -> #REF! | I22: =ROUND(F22*H22,2) -> #REF! | J22: =TRUNC(G22-(G22*0.069998),2) -> 314.08 | K22: =TRUNC(J22+(J22*0.243),2) -> 390.4 | L22: =TRUNC(K22*F22,2) -> 2342.4 | M22: =TRUNC(I22-(I22*0.07),2) -> #REF! | N22: =J22*0.3 -> 94.224 | O22: =N22*F22 -> 565.344
A23: 1.2 | B23: C2851 | C23: SEINFRA | D23: Instalação provisória de água | E23: un | F23: 1 | G23: 878.32 | H23: =ROUND(G23*#REF!,2) -> #REF! | I23: =ROUND(F23*H23,2) -> #REF! | J23: =TRUNC(G23-(G23*0.069998),2) -> 816.83 | K23: =TRUNC(J23+(J23*0.243),2) -> 1015.31 | L23: =TRUNC(K23*F23,2) -> 1015.31 | M23: =TRUNC(I23-(I23*0.07),2) -> #REF! | N23: =J23*0.3 -> 245.049 | O23: =N23*F23 -> 245.049
A24: 1.3 | B24: 73960/1 | C24: SINAPI | D24: Instalação provisória de energia elétrica em baixa tensão | E24: un | F24: 1 | G24: 1168.34 | H24: =ROUND(G24*#REF!,2) -> #REF! | I24: =ROUND(F24*H24,2) -> #REF! | J24: =TRUNC(G24-(G24*0.069998),2) -> 1086.55 | K24: =TRUNC(J24+(J24*0.243),2) -> 1350.58 | L24: =TRUNC(K24*F24,2) -> 1350.58 | M24: =TRUNC(I24-(I24*0.07),2) -> #REF! | N24: =J24*0.3 -> 325.965 | O24: =N24*F24 -> 325.965
A25: 1.4 | B25: C2849 | C25: SEINFRA | D25: Instalações provisórias de esgoto | E25: un | F25: 1 | G25: 206 | H25: =ROUND(G25*#REF!,2) -> #REF! | I25: =ROUND(F25*H25,2) -> #REF! | J25: =TRUNC(G25-(G25*0.069998),2) -> 191.58 | K25: =TRUNC(J25+(J25*0.243),2) -> 238.13 | L25: =TRUNC(K25*F25,2) -> 238.13 | M25: =TRUNC(I25-(I25*0.07),2) -> #REF! | N25: =J25*0.3 -> 57.474 | O25: =N25*F25 -> 57.474
A26: 1.5 | B26: 73805/1 | C26: SINAPI | D26: Barracões provisórios (depósito, escritório, vestiário e refeitório) com piso cimentado | E26: m² | F26: 40 | G26: 256.77 | H26: =ROUND(G26*#REF!,2) -> #REF! | I26: =ROUND(F26*H26,2) -> #REF! | J26: =TRUNC(G26-(G26*0.069998),2) -> 238.79 | K26: =TRUNC(J26+(J26*0.243),2) -> 296.81 | L26: =TRUNC(K26*F26,2) -> 11872.4 | M26: =TRUNC(I26-(I26*0.07),2) -> #REF! | N26: =J26*0.3 -> 71.637 | O26: =N26*F26 -> 2865.48
A27: 1.6 | B27: 74077/2 | C27: SINAPI | D27: Locação da obra (execução de gabarito) | E27: m² | F27: 1510.23 | G27: 3.06 | H27: =ROUND(G27*#REF!,2) -> #REF! | I27: =ROUND(F27*H27,2) -> #REF! | J27: =TRUNC(G27-(G27*0.069998),2) -> 2.84 | K27: =TRUNC(J27+(J27*0.243),2) -> 3.53 | L27: =TRUNC(K27*F27,2) -> 5331.11 | M27: =TRUNC(I27-(I27*0.07),2) -> #REF! | N27: =J27*0.3 -> 0.852 | O27: =N27*F27 -> 1286.716
A28: 1.7 | B28: C2290 | C28: SEINFRA | D28: Sondagem do terreno ( um furo de 7m a cada 200 m²) | E28: m | F28: 56 | G28: 50.57 | H28: =ROUND(G28*#REF!,2) -> #REF! | I28: =ROUND(F28*H28,2) -> #REF! | M28: =TRUNC(I28-(I28*0.07),2) -> #REF! | N28: =J28*0.3 -> 0 | O28: =N28*F28 -> 0
A29: 1.8 | B29: 74220/1 | C29: SINAPI | D29: Tapume de chapa de madeira compensada, 6mm (40x2,00m, frente do terreno) | E29: m² | F29: 80 | G29: 39.8 | H29: =ROUND(G29*#REF!,2) -> #REF! | I29: =ROUND(F29*H29,2) -> #REF! | J29: =TRUNC(G29-(G29*0.069998),2) -> 37.01 | K29: =TRUNC(J29+(J29*0.243),2) -> 46 | L29: =TRUNC(K29*F29,2) -> 3680 | M29: =TRUNC(I29-(I29*0.07),2) -> #REF! | N29: =J29*0.3 -> 11.103 | O29: =N29*F29 -> 888.24
G30: Subtotal | I30: =SUM(I22:I29) -> #REF! | L30: =SUM(L22:L29) -> 25829.93 | M30: =TRUNC(I30-(I30*0.07),2) -> #REF! | N30: =J30*0.3 -> 0 | O30: =SUM(O22:O29) -> 6234.268
J31: =TRUNC(G31-(G31*0.069998),2) -> 0 | K31: =TRUNC(J31+(J31*0.243),2) -> 0 | L31: =TRUNC(K31*F31,2) -> 0 | M31: =TRUNC(I31-(I31*0.07),2) -> 0 | N31: =J31*0.3 -> 0 | O31: =N31*F31 -> 0
A32: 2 | D32: MOVIMENTO DE TERRAS PARA FUNDAÇÕES | I32: =I45 -> #REF! | L32: =L45 -> 10299.84 | M32: =M45 -> #REF! | N32: =J32*0.3 -> 0 | O32: =O45 -> 2486.4264
A33: 2.1 | B33: 79488 | C33: SINAPI | D33: Aterro apiloado em camadas de 0,20 m com material argilo - arenoso (entre baldrames) | E33: m³ | F33: 298.47 | G33: 5.6 | H33: =ROUND(G33*#REF!,2) -> #REF! | I33: =ROUND(F33*H33,2) -> #REF! | J33: =TRUNC(G33-(G33*0.069998),2) -> 5.2 | K33: =TRUNC(J33+(J33*0.243),2) -> 6.46 | L33: =TRUNC(K33*F33,2) -> 1928.11 | M33: =TRUNC(I33-(I33*0.07),2) -> #REF! | N33: =J33*0.3 -> 1.56 | O33: =N33*F33 -> 465.6132
A34: 2.2 | B34: 79517/1 | C34: SINAPI | D34: Escavação manual de valas em qualquer terreno exceto rocha até h=1,50 m | E34: m³ | F34: 146.87 | G34: 22.58 | H34: =ROUND(G34*#REF!,2) -> #REF! | I34: =ROUND(F34*H34,2) -> #REF! | J34: =TRUNC(G34-(G34*0.069998),2) -> 20.99 | K34: =TRUNC(J34+(J34*0.243),2) -> 26.09 | L34: =TRUNC(K34*F34,2) -> 3831.83 | M34: =TRUNC(I34-(I34*0.07),2) -> #REF! | N34: =J34*0.3 -> 6.297 | O34: =N34*F34 -> 924.84039
A35: 2.3 | B35: 76444/1 | C35: SINAPI | D35: Regularização e compactação do fundo de valas | E35: m² | F35: 298.47 | G35: 10.28 | H35: =ROUND(G35*#REF!,2) -> #REF! | I35: =ROUND(F35*H35,2) -> #REF! | J35: =TRUNC(G35-(G35*0.069998),2) -> 9.56 | K35: =TRUNC(J35+(J35*0.243),2) -> 11.88 | L35: =TRUNC(K35*F35,2) -> 3545.82 | M35: =TRUNC(I35-(I35*0.07),2) -> #REF! | N35: =J35*0.3 -> 2.868 | O35: =N35*F35 -> 856.01196
A36: 2.4 | B36: 79490 | C36: SINAPI | D36: Reaterro apiloado de vala com material da obra | E36: m³ | F36: 98.77 | G36: 1.51 | H36: =ROUND(G36*#REF!,2) -> #REF! | I36: =ROUND(F36*H36,2) -> #REF! | J36: =TRUNC(G36-(G36*0.069998),2) -> 1.4 | K36: =TRUNC(J36+(J36*0.243),2) -> 1.74 | L36: =TRUNC(K36*F36,2) -> 171.85 | M36: =TRUNC(I36-(I36*0.07),2) -> #REF! | N36: =J36*0.3 -> 0.42 | O36: =N36*F36 -> 41.4834
D37: MURETA | F37: 0 | J37: =TRUNC(G37-(G37*0.069998),2) -> 0 | K37: =TRUNC(J37+(J37*0.243),2) -> 0 | L37: =TRUNC(K37*F37,2) -> 0 | M37: =TRUNC(I37-(I37*0.07),2) -> 0 | N37: =J37*0.3 -> 0 | O37: =N37*F37 -> 0
A38: 2.5 | B38: 79517/1 | C38: SINAPI | D38: Escavação manual de valas em qualquer terreno exceto rocha até h=1,50 m | E38: m³ | F38: 11.26 | G38: 22.58 | H38: =ROUND(G38*#REF!,2) -> #REF! | I38: =ROUND(F38*H38,2) -> #REF! | J38: =TRUNC(G38-(G38*0.069998),2) -> 20.99 | K38: =TRUNC(J38+(J38*0.243),2) -> 26.09 | L38: =TRUNC(K38*F38,2) -> 293.77 | M38: =TRUNC(I38-(I38*0.07),2) -> #REF! | N38: =J38*0.3 -> 6.297 | O38: =N38*F38 -> 70.90422
A39: 2.6 | B39: 76444/1 | C39: SINAPI | D39: Regularização e compactação do fundo de valas | E39: m² | F39: 17.74 | G39: 10.28 | H39: =ROUND(G39*#REF!,2) -> #REF! | I39: =ROUND(F39*H39,2) -> #REF! | J39: =TRUNC(G39-(G39*0.069998),2) -> 9.56 | K39: =TRUNC(J39+(J39*0.243),2) -> 11.88 | L39: =TRUNC(K39*F39,2) -> 210.75 | M39: =TRUNC(I39-(I39*0.07),2) -> #REF! | N39: =J39*0.3 -> 2.868 | O39: =N39*F39 -> 50.87832
A40: 2.7 | B40: 79490 | C40: SINAPI | D40: Reaterro apiloado de vala com material da obra | E40: m³ | F40: 6.39 | G40: 1.51 | H40: =ROUND(G40*#REF!,2) -> #REF! | I40: =ROUND(F40*H40,2) -> #REF! | J40: =TRUNC(G40-(G40*0.069998),2) -> 1.4 | K40: =TRUNC(J40+(J40*0.243),2) -> 1.74 | L40: =TRUNC(K40*F40,2) -> 11.11 | M40: =TRUNC(I40-(I40*0.07),2) -> #REF! | N40: =J40*0.3 -> 0.42 | O40: =N40*F40 -> 2.6838
D41: CASTELO D'ÁGUA | F41: 0 | J41: =TRUNC(G41-(G41*0.069998),2) -> 0 | K41: =TRUNC(J41+(J41*0.243),2) -> 0 | L41: =TRUNC(K41*F41,2) -> 0 | M41: =TRUNC(I41-(I41*0.07),2) -> 0 | N41: =J41*0.3 -> 0 | O41: =N41*F41 -> 0
A42: 2.8 | B42: 79517/1 | C42: SINAPI | D42: Escavação manual de valas em qualquer terreno exceto rocha até h=1,50 m | E42: m³ | F42: 5.78 | G42: 22.58 | H42: =ROUND(G42*#REF!,2) -> #REF! | I42: =ROUND(F42*H42,2) -> #REF! | J42: =TRUNC(G42-(G42*0.069998),2) -> 20.99 | K42: =TRUNC(J42+(J42*0.243),2) -> 26.09 | L42: =TRUNC(K42*F42,2) -> 150.8 | M42: =TRUNC(I42-(I42*0.07),2) -> #REF! | N42: =J42*0.3 -> 6.297 | O42: =N42*F42 -> 36.39666
A43: 2.9 | B43: 76444/1 | C43: SINAPI | D43: Regularização e compactação do fundo de valas | E43: m² | F43: 12.96 | G43: 10.28 | H43: =ROUND(G43*#REF!,2) -> #REF! | I43: =ROUND(F43*H43,2) -> #REF! | J43: =TRUNC(G43-(G43*0.069998),2) -> 9.56 | K43: =TRUNC(J43+(J43*0.243),2) -> 11.88 | L43: =TRUNC(K43*F43,2) -> 153.96 | M43: =TRUNC(I43-(I43*0.07),2) -> #REF! | N43: =J43*0.3 -> 2.868 | O43: =N43*F43 -> 37.16928
A44: 2.10 | B44: 79490 | C44: SINAPI | D44: Reaterro apiloado de vala com material da obra | E44: m³ | F44: 1.06 | G44: 1.51 | H44: =ROUND(G44*#REF!,2) -> #REF! | I44: =ROUND(F44*H44,2) -> #REF! | J44: =TRUNC(G44-(G44*0.069998),2) -> 1.4 | K44: =TRUNC(J44+(J44*0.243),2) -> 1.74 | L44: =TRUNC(K44*F44,2) -> 1.84 | M44: =TRUNC(I44-(I44*0.07),2) -> #REF! | N44: =J44*0.3 -> 0.42 | O44: =N44*F44 -> 0.4452
G45: Subtotal | I45: =SUM(I33:I44) -> #REF! | L45: =SUM(L33:L44) -> 10299.84 | M45: =TRUNC(I45-(I45*0.07),2) -> #REF! | N45: =J45*0.3 -> 0 | O45: =SUM(O33:O44) -> 2486.4264
J46: =TRUNC(G46-(G46*0.069998),2) -> 0 | K46: =TRUNC(J46+(J46*0.243),2) -> 0 | L46: =TRUNC(K46*F46,2) -> 0 | M46: =TRUNC(I46-(I46*0.07),2) -> 0 | N46: =J46*0.3 -> 0 | O46: =N46*F46 -> 0
A47: 3 | D47: FUNDAÇÕES | I47: =I78 -> #REF! | L47: =L78 -> 96097.83 | M47: =M78 -> #REF! | N47: =J47*0.3 -> 0 | O47: =O78 -> 23198.11
D48: CONCRETO ARMADO PARA FUNDAÇÕES - SAPATAS | F48: 0 | J48: =TRUNC(G48-(G48*0.069998),2) -> 0 | K48: =TRUNC(J48+(J48*0.243),2) -> 0 | L48: =TRUNC(K48*F48,2) -> 0 | M48: =TRUNC(I48-(I48*0.07),2) -> 0 | N48: =J48*0.3 -> 0 | O48: =N48*F48 -> 0
A49: 3.1 | B49: 73907/6 | C49: SINAPI | D49: Lastro de concreto magro (e=3,0 cm) - preparo mecânico | E49: m² | F49: 108.97 | G49: 15.57 | H49: =ROUND(G49*#REF!,2) -> #REF! | I49: =ROUND(F49*H49,2) -> #REF! | J49: =TRUNC(G49-(G49*0.069998),2) -> 14.48 | K49: =TRUNC(J49+(J49*0.243),2) -> 17.99 | L49: =TRUNC(K49*F49,2) -> 1960.37 | M49: =TRUNC(I49-(I49*0.07),2) -> #REF! | N49: =J49*0.3 -> 4.344 | O49: =N49*F49 -> 473.36568
A50: 3.2 | B50: 74007/1 | C50: SINAPI | D50: Forma de madeira comum para Fundações - reaproveitamento 10X | E50: m² | F50: 193.58 | G50: 19.3 | H50: =ROUND(G50*#REF!,2) -> #REF! | I50: =ROUND(F50*H50,2) -> #REF! | J50: =TRUNC(G50-(G50*0.069998),2) -> 17.94 | K50: =TRUNC(J50+(J50*0.243),2) -> 22.29 | L50: =TRUNC(K50*F50,2) -> 4314.89 | M50: =TRUNC(I50-(I50*0.07),2) -> #REF! | N50: =J50*0.3 -> 5.382 | O50: =N50*F50 -> 1041.8476
A51: 3.3 | B51: 74254/2 | C51: SINAPI | D51: Armação aço CA-50, Diam. 6,3 (1/4) á 12,5mm(1/2) -Fornecimento/corte perda de 10%) / dobra / colocação. | E51: kg | F51: 1302.09 | G51: 7.09 | H51: =ROUND(G51*#REF!,2) -> #REF! | I51: =ROUND(F51*H51,2) -> #REF! | J51: =TRUNC(G51-(G51*0.069998),2) -> 6.59 | K51: =TRUNC(J51+(J51*0.243),2) -> 8.19 | L51: =TRUNC(K51*F51,2) -> 10664.11 | M51: =TRUNC(I51-(I51*0.07),2) -> #REF! | N51: =J51*0.3 -> 1.977 | O51: =N51*F51 -> 2574.2319
A52: 3.4 | B52: 73942/2 | C52: SINAPI | D52: Armação de aço CA-60 Diam. 3,4 a 6,0mm-Fornecimento/corte perda de 10%) / dobra / colocação. | E52: kg | F52: 151.64 | G52: 6.97 | H52: =ROUND(G52*#REF!,2) -> #REF! | I52: =ROUND(F52*H52,2) -> #REF! | J52: =TRUNC(G52-(G52*0.069998),2) -> 6.48 | K52: =TRUNC(J52+(J52*0.243),2) -> 8.05 | L52: =TRUNC(K52*F52,2) -> 1220.7 | M52: =TRUNC(I52-(I52*0.07),2) -> #REF! | N52: =J52*0.3 -> 1.944 | O52: =N52*F52 -> 294.78816
A53: 3.5 | B53: 74138/3 | C53: SINAPI | D53: Concreto para Fundação fck=25MPa, incluindo preparo, lançamento, adensamento. | E53: m³ | F53: 25.36 | G53: 391.38 | H53: =ROUND(G53*#REF!,2) -> #REF! | I53: =ROUND(F53*H53,2) -> #REF! | J53: =TRUNC(G53-(G53*0.069998),2) -> 363.98 | K53: =TRUNC(J53+(J53*0.243),2) -> 452.42 | L53: =TRUNC(K53*F53,2) -> 11473.37 | M53: =TRUNC(I53-(I53*0.07),2) -> #REF! | N53: =J53*0.3 -> 109.194 | O53: =N53*F53 -> 2769.1598
D54: CONCRETO ARMADO PARA FUNDAÇÕES - VIGAS BALDRAMES | F54: 0 | H54: =ROUND(G54*#REF!,2) -> #REF! | I54: =ROUND(F54*H54,2) -> #REF! | J54: =TRUNC(G54-(G54*0.069998),2) -> 0 | K54: =TRUNC(J54+(J54*0.243),2) -> 0 | L54: =TRUNC(K54*F54,2) -> 0 | M54: =TRUNC(I54-(I54*0.07),2) -> #REF! | N54: =J54*0.3 -> 0 | O54: =N54*F54 -> 0
A55: 3.6 | B55: 74007/1 | C55: SINAPI | D55: Forma de madeira comum para Fundações - reaproveitamento 10X | E55: m² | F55: 707.67 | G55: 19.3 | H55: =ROUND(G55*#REF!,2) -> #REF! | I55: =ROUND(F55*H55,2) -> #REF! | J55: =TRUNC(G55-(G55*0.069998),2) -> 17.94 | K55: =TRUNC(J55+(J55*0.243),2) -> 22.29 | L55: =TRUNC(K55*F55,2) -> 15773.96 | M55: =TRUNC(I55-(I55*0.07),2) -> #REF! | N55: =J55*0.3 -> 5.382 | O55: =N55*F55 -> 3808.6799
A56: 3.7 | B56: 74254/2 | C56: SINAPI | D56: Armação aço CA-50, Diam. 6,3 (1/4) á 12,5mm(1/2) -Fornecimento/corte perda de 10%) / dobra / colocação. | E56: kg | F56: 1248.55 | G56: 7.09 | H56: =ROUND(G56*#REF!,2) -> #REF! | I56: =ROUND(F56*H56,2) -> #REF! | J56: =TRUNC(G56-(G56*0.069998),2) -> 6.59 | K56: =TRUNC(J56+(J56*0.243),2) -> 8.19 | L56: =TRUNC(K56*F56,2) -> 10225.62 | M56: =TRUNC(I56-(I56*0.07),2) -> #REF! | N56: =J56*0.3 -> 1.977 | O56: =N56*F56 -> 2468.3833
A57: 3.8 | B57: 73942/2 | C57: SINAPI | D57: Armação de aço CA-60 Diam. 3,4 a 6,0mm-Fornecimento/corte perda de 10%) / dobra / colocação. | E57: kg | F57: 645.82 | G57: 6.97 | H57: =ROUND(G57*#REF!,2) -> #REF! | I57: =ROUND(F57*H57,2) -> #REF! | J57: =TRUNC(G57-(G57*0.069998),2) -> 6.48 | K57: =TRUNC(J57+(J57*0.243),2) -> 8.05 | L57: =TRUNC(K57*F57,2) -> 5198.85 | M57: =TRUNC(I57-(I57*0.07),2) -> #REF! | N57: =J57*0.3 -> 1.944 | O57: =N57*F57 -> 1255.4741
A58: 3.9 | B58: 74138/3 | C58: SINAPI | D58: Concreto para Fundação fck=25MPa, incluindo preparo, lançamento, adensamento. | E58: m³ | F58: 40.93 | G58: 391.38 | H58: =ROUND(G58*#REF!,2) -> #REF! | I58: =ROUND(F58*H58,2) -> #REF! | J58: =TRUNC(G58-(G58*0.069998),2) -> 363.98 | K58: =TRUNC(J58+(J58*0.243),2) -> 452.42 | L58: =TRUNC(K58*F58,2) -> 18517.55 | M58: =TRUNC(I58-(I58*0.07),2) -> #REF! | N58: =J58*0.3 -> 109.194 | O58: =N58*F58 -> 4469.3104
D59: FUNDAÇÃO DO CASTELO D'ÁGUA | F59: 0 | H59: =ROUND(G59*#REF!,2) -> #REF! | I59: =ROUND(F59*H59,2) -> #REF! | J59: =TRUNC(G59-(G59*0.069998),2) -> 0 | K59: =TRUNC(J59+(J59*0.243),2) -> 0 | L59: =TRUNC(K59*F59,2) -> 0 | M59: =TRUNC(I59-(I59*0.07),2) -> #REF! | N59: =J59*0.3 -> 0 | O59: =N59*F59 -> 0
A60: 3.10 | B60: 74156/2 | C60: SINAPI | D60: Estaca a trado (broca) d=30 cm com concreto fck=15 Mpa (sem armação) - 7 m | E60: m | F60: 56 | G60: 42.39 | H60: =ROUND(G60*#REF!,2) -> #REF! | I60: =ROUND(F60*H60,2) -> #REF! | J60: =TRUNC(G60-(G60*0.069998),2) -> 39.42 | K60: =TRUNC(J60+(J60*0.243),2) -> 48.99 | L60: =TRUNC(K60*F60,2) -> 2743.44 | M60: =TRUNC(I60-(I60*0.07),2) -> #REF! | N60: =J60*0.3 -> 11.826 | O60: =N60*F60 -> 662.256
A61: 3.11 | B61: 72820 | C61: SINAPI | D61: Corte e reparo em cabeça de estaca | E61: un | F61: 12 | G61: 31.7 | H61: =ROUND(G61*#REF!,2) -> #REF! | I61: =ROUND(F61*H61,2) -> #REF! | J61: =TRUNC(G61-(G61*0.069998),2) -> 29.48 | K61: =TRUNC(J61+(J61*0.243),2) -> 36.64 | L61: =TRUNC(K61*F61,2) -> 439.68 | M61: =TRUNC(I61-(I61*0.07),2) -> #REF! | N61: =J61*0.3 -> 8.844 | O61: =N61*F61 -> 106.128
A62: 3.12 | B62: 73907/6 | C62: SINAPI | D62: Lastro de concreto magro, e=3,0 cm-reparo mecânico | E62: m² | F62: 12.96 | G62: 15.57 | H62: =ROUND(G62*#REF!,2) -> #REF! | I62: =ROUND(F62*H62,2) -> #REF! | J62: =TRUNC(G62-(G62*0.069998),2) -> 14.48 | K62: =TRUNC(J62+(J62*0.243),2) -> 17.99 | L62: =TRUNC(K62*F62,2) -> 233.15 | M62: =TRUNC(I62-(I62*0.07),2) -> #REF! | N62: =J62*0.3 -> 4.344 | O62: =N62*F62 -> 56.29824
A63: 3.13 | B63: 74007/1 | C63: SINAPI | D63: Forma de madeira comum para Fundções - reaproveitamento 10X | E63: m² | F63: 7.2 | G63: 19.3 | H63: =ROUND(G63*#REF!,2) -> #REF! | I63: =ROUND(F63*H63,2) -> #REF! | J63: =TRUNC(G63-(G63*0.069998),2) -> 17.94 | K63: =TRUNC(J63+(J63*0.243),2) -> 22.29 | L63: =TRUNC(K63*F63,2) -> 160.48 | M63: =TRUNC(I63-(I63*0.07),2) -> #REF! | N63: =J63*0.3 -> 5.382 | O63: =N63*F63 -> 38.7504
A64: 3.14 | B64: 73990/1 | C64: SINAPI | D64: Armação aço CA-50, para 1,0 m³ de concreto | E64: un | F64: 6.48 | G64: 503.52 | H64: =ROUND(G64*#REF!,2) -> #REF! | I64: =ROUND(F64*H64,2) -> #REF! | J64: =TRUNC(G64-(G64*0.069998),2) -> 468.27 | K64: =TRUNC(J64+(J64*0.243),2) -> 582.05 | L64: =TRUNC(K64*F64,2) -> 3771.68 | M64: =TRUNC(I64-(I64*0.07),2) -> #REF! | N64: =J64*0.3 -> 140.481 | O64: =N64*F64 -> 910.31688
A65: 3.15 | B65: 74138/3 | C65: SINAPI | D65: Concreto fck=25MPa, incluindo preparo, lançamento e adensamento. | E65: m³ | F65: 4.71 | G65: 391.38 | H65: =ROUND(G65*#REF!,2) -> #REF! | I65: =ROUND(F65*H65,2) -> #REF! | J65: =TRUNC(G65-(G65*0.069998),2) -> 363.98 | K65: =TRUNC(J65+(J65*0.243),2) -> 452.42 | L65: =TRUNC(K65*F65,2) -> 2130.89 | M65: =TRUNC(I65-(I65*0.07),2) -> #REF! | N65: =J65*0.3 -> 109.194 | O65: =N65*F65 -> 514.30374
D66: MURETA - BLOCOS | F66: 0 | J66: =TRUNC(G66-(G66*0.069998),2) -> 0 | K66: =TRUNC(J66+(J66*0.243),2) -> 0 | L66: =TRUNC(K66*F66,2) -> 0 | M66: =TRUNC(I66-(I66*0.07),2) -> 0 | N66: =J66*0.3 -> 0 | O66: =N66*F66 -> 0
A67: 3.16 | B67: 74156/2 | C67: SINAPI | D67: Estaca a trado (broca) d=30 cm com concreto fck=15 Mpa (sem armação) - 7 m | E67: m | F67: 52.5 | G67: 42.39 | H67: =ROUND(G67*#REF!,2) -> #REF! | I67: =ROUND(F67*H67,2) -> #REF! | J67: =TRUNC(G67-(G67*0.069998),2) -> 39.42 | K67: =TRUNC(J67+(J67*0.243),2) -> 48.99 | L67: =TRUNC(K67*F67,2) -> 2571.97 | M67: =TRUNC(I67-(I67*0.07),2) -> #REF! | N67: =J67*0.3 -> 11.826 | O67: =N67*F67 -> 620.865
A68: 3.17 | B68: 73907/6 | C68: SINAPI | D68: Lastro de concreto magro, e=3,0 cm-preparo mecânico | E68: m² | F68: 27.97 | G68: 15.57 | H68: =ROUND(G68*#REF!,2) -> #REF! | I68: =ROUND(F68*H68,2) -> #REF! | J68: =TRUNC(G68-(G68*0.069998),2) -> 14.48 | K68: =TRUNC(J68+(J68*0.243),2) -> 17.99 | L68: =TRUNC(K68*F68,2) -> 503.18 | M68: =TRUNC(I68-(I68*0.07),2) -> #REF! | N68: =J68*0.3 -> 4.344 | O68: =N68*F68 -> 121.50168
A69: 3.18 | B69: 74007/1 | C69: SINAPI | D69: Forma de madeira comum para Fundações - reaproveitamento 5X | E69: m² | F69: 21.39 | G69: 19.3 | H69: =ROUND(G69*#REF!,2) -> #REF! | I69: =ROUND(F69*H69,2) -> #REF! | J69: =TRUNC(G69-(G69*0.069998),2) -> 17.94 | K69: =TRUNC(J69+(J69*0.243),2) -> 22.29 | L69: =TRUNC(K69*F69,2) -> 476.78 | M69: =TRUNC(I69-(I69*0.07),2) -> #REF! | N69: =J69*0.3 -> 5.382 | O69: =N69*F69 -> 115.12098
A70: 3.19 | B70: 74254/2 | C70: SINAPI | D70: Armação aço CA-50, Diam. 6,3 (1/4) á 12,5mm(1/2) -Fornecimento/corte perda de 10%) / dobra / colocação. | E70: kg | F70: 34.36 | G70: 7.09 | H70: =ROUND(G70*#REF!,2) -> #REF! | I70: =ROUND(F70*H70,2) -> #REF! | J70: =TRUNC(G70-(G70*0.069998),2) -> 6.59 | K70: =TRUNC(J70+(J70*0.243),2) -> 8.19 | L70: =TRUNC(K70*F70,2) -> 281.4 | M70: =TRUNC(I70-(I70*0.07),2) -> #REF! | N70: =J70*0.3 -> 1.977 | O70: =N70*F70 -> 67.92972
A71: 3.20 | B71: 73942/2 | C71: SINAPI | D71: Armação de aço CA-60 Diam. 3,4 a 6,0mm-Fornecimento/corte perda de 10%) / dobra / colocação. | E71: kg | F71: 37.91 | G71: 6.97 | H71: =ROUND(G71*#REF!,2) -> #REF! | I71: =ROUND(F71*H71,2) -> #REF! | J71: =TRUNC(G71-(G71*0.069998),2) -> 6.48 | K71: =TRUNC(J71+(J71*0.243),2) -> 8.05 | L71: =TRUNC(K71*F71,2) -> 305.17 | M71: =TRUNC(I71-(I71*0.07),2) -> #REF! | N71: =J71*0.3 -> 1.944 | O71: =N71*F71 -> 73.69704
A72: 3.21 | B72: 74138/3 | C72: SINAPI | D72: Concreto para Fundação fck=25MPa, incluindo preparo, lançamento, adensamento. | E72: m³ | F72: 2.38 | G72: 391.38 | H72: =ROUND(G72*#REF!,2) -> #REF! | I72: =ROUND(F72*H72,2) -> #REF! | J72: =TRUNC(G72-(G72*0.069998),2) -> 363.98 | K72: =TRUNC(J72+(J72*0.243),2) -> 452.42 | L72: =TRUNC(K72*F72,2) -> 1076.75 | M72: =TRUNC(I72-(I72*0.07),2) -> #REF! | N72: =J72*0.3 -> 109.194 | O72: =N72*F72 -> 259.88172
D73: MURETA - VIGAS BALDRAME | F73: 0 | J73: =TRUNC(G73-(G73*0.069998),2) -> 0 | K73: =TRUNC(J73+(J73*0.243),2) -> 0 | L73: =TRUNC(K73*F73,2) -> 0 | M73: =TRUNC(I73-(I73*0.07),2) -> 0 | N73: =J73*0.3 -> 0 | O73: =N73*F73 -> 0
A74: 3.22 | B74: 74007/1 | C74: SINAPI | D74: Forma de madeira comum para Fundações - reaproveitamento 10X | E74: m² | F74: 28.49 | G74: 19.3 | H74: =ROUND(G74*#REF!,2) -> #REF! | I74: =ROUND(F74*H74,2) -> #REF! | J74: =TRUNC(G74-(G74*0.069998),2) -> 17.94 | K74: =TRUNC(J74+(J74*0.243),2) -> 22.29 | L74: =TRUNC(K74*F74,2) -> 635.04 | M74: =TRUNC(I74-(I74*0.07),2) -> #REF! | N74: =J74*0.3 -> 5.382 | O74: =N74*F74 -> 153.33318
A75: 3.23 | B75: 74254/2 | C75: SINAPI | D75: Armação aço CA-50, Diam. 6,3 (1/4) á 12,5mm(1/2) -Fornecimento/corte perda de 10%) / dobra / colocação. | E75: kg | F75: 62.91 | G75: 7.09 | H75: =ROUND(G75*#REF!,2) -> #REF! | I75: =ROUND(F75*H75,2) -> #REF! | J75: =TRUNC(G75-(G75*0.069998),2) -> 6.59 | K75: =TRUNC(J75+(J75*0.243),2) -> 8.19 | L75: =TRUNC(K75*F75,2) -> 515.23 | M75: =TRUNC(I75-(I75*0.07),2) -> #REF! | N75: =J75*0.3 -> 1.977 | O75: =N75*F75 -> 124.37307
A76: 3.24 | B76: 73942/2 | C76: SINAPI | D76: Armação de aço CA-60 Diam. 3,4 a 6,0mm-Fornecimento/corte perda de 10%) / dobra / colocação. | E76: kg | F76: 26.82 | G76: 6.97 | H76: =ROUND(G76*#REF!,2) -> #REF! | I76: =ROUND(F76*H76,2) -> #REF! | J76: =TRUNC(G76-(G76*0.069998),2) -> 6.48 | K76: =TRUNC(J76+(J76*0.243),2) -> 8.05 | L76: =TRUNC(K76*F76,2) -> 215.9 | M76: =TRUNC(I76-(I76*0.07),2) -> #REF! | N76: =J76*0.3 -> 1.944 | O76: =N76*F76 -> 52.13808
A77: 3.25 | B77: 74138/3 | C77: SINAPI | D77: Concreto para Fundação fck=25MPa, incluindo preparo, lançamento, adensamento. | E77: m³ | F77: 1.52 | G77: 391.38 | H77: =ROUND(G77*#REF!,2) -> #REF! | I77: =ROUND(F77*H77,2) -> #REF! | J77: =TRUNC(G77-(G77*0.069998),2) -> 363.98 | K77: =TRUNC(J77+(J77*0.243),2) -> 452.42 | L77: =TRUNC(K77*F77,2) -> 687.67 | M77: =TRUNC(I77-(I77*0.07),2) -> #REF! | N77: =J77*0.3 -> 109.194 | O77: =N77*F77 -> 165.97488
G78: Subtotal | I78: =SUM(I49:I77) -> #REF! | L78: =SUM(L49:L77) -> 96097.83 | M78: =TRUNC(I78-(I78*0.07),2) -> #REF! | N78: =J78*0.3 -> 0 | O78: =SUM(O49:O77) -> 23198.11
J79: =TRUNC(G79-(G79*0.069998),2) -> 0 | K79: =TRUNC(J79+(J79*0.243),2) -> 0 | L79: =TRUNC(K79*F79,2) -> 0 | M79: =TRUNC(I79-(I79*0.07),2) -> 0 | N79: =J79*0.3 -> 0 | O79: =N79*F79 -> 0
A80: 4 | D80: SUPERESTRUTURA | I80: =I98 -> #REF! | L80: =L98 -> 97824.82 | M80: =M98 -> #REF! | N80: =J80*0.3 -> 0 | O80: =O98 -> 23615.343
D81: CONCRETO ARMADO - PILARES | F81: 0 | J81: =TRUNC(G81-(G81*0.069998),2) -> 0 | K81: =TRUNC(J81+(J81*0.243),2) -> 0 | L81: =TRUNC(K81*F81,2) -> 0 | M81: =TRUNC(I81-(I81*0.07),2) -> 0 | N81: =J81*0.3 -> 0 | O81: =N81*F81 -> 0
A82: 4.1 | B82: 84220 | C82: SINAPI | D82: Forma em chapa de madeira compensada plastificada- Pilares | E82: m² | F82: 459.2 | G82: 21.46 | H82: =ROUND(G82*#REF!,2) -> #REF! | I82: =ROUND(F82*H82,2) -> #REF! | J82: =TRUNC(G82-(G82*0.069998),2) -> 19.95 | K82: =TRUNC(J82+(J82*0.243),2) -> 24.79 | L82: =TRUNC(K82*F82,2) -> 11383.56 | M82: =TRUNC(I82-(I82*0.07),2) -> #REF! | N82: =J82*0.3 -> 5.985 | O82: =N82*F82 -> 2748.312
A83: 4.2 | B83: 74254/2 | C83: SINAPI | D83: Armação aço CA-50, Diam. 6,3 (1/4) á 12,5mm(1/2) -Fornecimento/corte perda de 10%) / dobra / colocação. | E83: kg | F83: 1730.55 | G83: 7.09 | H83: =ROUND(G83*#REF!,2) -> #REF! | I83: =ROUND(F83*H83,2) -> #REF! | J83: =TRUNC(G83-(G83*0.069998),2) -> 6.59 | K83: =TRUNC(J83+(J83*0.243),2) -> 8.19 | L83: =TRUNC(K83*F83,2) -> 14173.2 | M83: =TRUNC(I83-(I83*0.07),2) -> #REF! | N83: =J83*0.3 -> 1.977 | O83: =N83*F83 -> 3421.2973
A84: 4.3 | B84: 73942/2 | C84: SINAPI | D84: Armação de aço CA-60 Diam. 3,4 a 6,0mm-Fornecimento/corte perda de 10%) / dobra / colocação. | E84: kg | F84: 628.91 | G84: 6.97 | H84: =ROUND(G84*#REF!,2) -> #REF! | I84: =ROUND(F84*H84,2) -> #REF! | J84: =TRUNC(G84-(G84*0.069998),2) -> 6.48 | K84: =TRUNC(J84+(J84*0.243),2) -> 8.05 | L84: =TRUNC(K84*F84,2) -> 5062.72 | M84: =TRUNC(I84-(I84*0.07),2) -> #REF! | N84: =J84*0.3 -> 1.944 | O84: =N84*F84 -> 1222.601
A85: 4.4 | B85: 74138/3 | C85: SINAPI | D85: Concreto Bombeado fck=25MPa, incluindo preparo, lançamento e adensamento. | E85: m³ | F85: 25.19 | G85: 391.38 | H85: =ROUND(G85*#REF!,2) -> #REF! | I85: =ROUND(F85*H85,2) -> #REF! | J85: =TRUNC(G85-(G85*0.069998),2) -> 363.98 | K85: =TRUNC(J85+(J85*0.243),2) -> 452.42 | L85: =TRUNC(K85*F85,2) -> 11396.45 | M85: =TRUNC(I85-(I85*0.07),2) -> #REF! | N85: =J85*0.3 -> 109.194 | O85: =N85*F85 -> 2750.5969
D86: CONCRETO ARMADO - VIGAS | F86: 0 | H86: =ROUND(G86*#REF!,2) -> #REF! | I86: =ROUND(F86*H86,2) -> #REF! | J86: =TRUNC(G86-(G86*0.069998),2) -> 0 | K86: =TRUNC(J86+(J86*0.243),2) -> 0 | L86: =TRUNC(K86*F86,2) -> 0 | M86: =TRUNC(I86-(I86*0.07),2) -> #REF! | N86: =J86*0.3 -> 0 | O86: =N86*F86 -> 0
A87: 4.5 | B87: 84220 | C87: SINAPI | D87: Forma madeira comp. plastificada 12mm p/ Estrutura corte/ Montagem/ Escoramento/ Desforma- Vigas | E87: m² | F87: 714.44 | G87: 21.46 | H87: =ROUND(G87*#REF!,2) -> #REF! | I87: =ROUND(F87*H87,2) -> #REF! | J87: =TRUNC(G87-(G87*0.069998),2) -> 19.95 | K87: =TRUNC(J87+(J87*0.243),2) -> 24.79 | L87: =TRUNC(K87*F87,2) -> 17710.96 | M87: =TRUNC(I87-(I87*0.07),2) -> #REF! | N87: =J87*0.3 -> 5.985 | O87: =N87*F87 -> 4275.9234
A88: 4.6 | B88: 74254/2 | C88: SINAPI | D88: Armação aço CA-50, Diam. 6,3 (1/4) á 12,5mm(1/2) -Fornecimento/corte perda de 10%) / dobra / colocação. | E88: kg | F88: 1152.73 | G88: 7.09 | H88: =ROUND(G88*#REF!,2) -> #REF! | I88: =ROUND(F88*H88,2) -> #REF! | J88: =TRUNC(G88-(G88*0.069998),2) -> 6.59 | K88: =TRUNC(J88+(J88*0.243),2) -> 8.19 | L88: =TRUNC(K88*F88,2) -> 9440.85 | M88: =TRUNC(I88-(I88*0.07),2) -> #REF! | N88: =J88*0.3 -> 1.977 | O88: =N88*F88 -> 2278.9472
A89: 4.7 | B89: 73942/2 | C89: SINAPI | D89: Armação de aço CA-60 Diam. 3,4 a 6,0mm-Fornecimento/corte perda de 10%) / dobra / colocação. | E89: kg | F89: 581.18 | G89: 6.97 | H89: =ROUND(G89*#REF!,2) -> #REF! | I89: =ROUND(F89*H89,2) -> #REF! | J89: =TRUNC(G89-(G89*0.069998),2) -> 6.48 | K89: =TRUNC(J89+(J89*0.243),2) -> 8.05 | L89: =TRUNC(K89*F89,2) -> 4678.49 | M89: =TRUNC(I89-(I89*0.07),2) -> #REF! | N89: =J89*0.3 -> 1.944 | O89: =N89*F89 -> 1129.8139
A90: 4.8 | B90: 74138/3 | C90: SINAPI | D90: Concreto Bombeado fck=25MPa, incluindo preparo, lançamento e adensamento. | E90: m³ | F90: 41.19 | G90: 391.38 | H90: =ROUND(G90*#REF!,2) -> #REF! | I90: =ROUND(F90*H90,2) -> #REF! | J90: =TRUNC(G90-(G90*0.069998),2) -> 363.98 | K90: =TRUNC(J90+(J90*0.243),2) -> 452.42 | L90: =TRUNC(K90*F90,2) -> 18635.17 | M90: =TRUNC(I90-(I90*0.07),2) -> #REF! | N90: =J90*0.3 -> 109.194 | O90: =N90*F90 -> 4497.7009
D91: CONCRETO ARMADO PARA VERGAS | F91: 0 | H91: =ROUND(G91*#REF!,2) -> #REF! | I91: =ROUND(F91*H91,2) -> #REF! | J91: =TRUNC(G91-(G91*0.069998),2) -> 0 | K91: =TRUNC(J91+(J91*0.243),2) -> 0 | L91: =TRUNC(K91*F91,2) -> 0 | M91: =TRUNC(I91-(I91*0.07),2) -> #REF! | N91: =J91*0.3 -> 0 | O91: =N91*F91 -> 0
A92: 4.9 | B92: 83901 | C92: SINAPI | D92: Verga e contravergas pré-moldada em concreto armado fck 15Mpa - 10x10cm, conforme projeto. | E92: m | F92: 262.1 | G92: 13.18 | H92: =ROUND(G92*#REF!,2) -> #REF! | I92: =ROUND(F92*H92,2) -> #REF! | J92: =TRUNC(G92-(G92*0.069998),2) -> 12.25 | K92: =TRUNC(J92+(J92*0.243),2) -> 15.22 | L92: =TRUNC(K92*F92,2) -> 3989.16 | M92: =TRUNC(I92-(I92*0.07),2) -> #REF! | N92: =J92*0.3 -> 3.675 | O92: =N92*F92 -> 963.2175
D93: CONCRETO ARMADO - MURETA - PILARES | F93: 0 | H93: =ROUND(G93*#REF!,2) -> #REF! | I93: =ROUND(F93*H93,2) -> #REF! | J93: =TRUNC(G93-(G93*0.069998),2) -> 0 | K93: =TRUNC(J93+(J93*0.243),2) -> 0 | L93: =TRUNC(K93*F93,2) -> 0 | M93: =TRUNC(I93-(I93*0.07),2) -> #REF! | N93: =J93*0.3 -> 0 | O93: =N93*F93 -> 0
A94: 4.10 | B94: 84220 | C94: SINAPI | D94: Forma madeira comp. plastificada 12mm p/ Estrutura corte/ Montagem/ Escoramento/ Desforma | E94: m² | F94: 17.29 | G94: 21.46 | H94: =ROUND(G94*#REF!,2) -> #REF! | I94: =ROUND(F94*H94,2) -> #REF! | J94: =TRUNC(G94-(G94*0.069998),2) -> 19.95 | K94: =TRUNC(J94+(J94*0.243),2) -> 24.79 | L94: =TRUNC(K94*F94,2) -> 428.61 | M94: =TRUNC(I94-(I94*0.07),2) -> #REF! | N94: =J94*0.3 -> 5.985 | O94: =N94*F94 -> 103.48065
A95: 4.11 | B95: 74254/2 | C95: SINAPI | D95: Armação aço CA-50, Diam. 6,3 (1/4) á 12,5mm(1/2) -Fornecimento/corte perda de 10%) / dobra / colocação. | E95: kg | F95: 48.82 | G95: 7.09 | H95: =ROUND(G95*#REF!,2) -> #REF! | I95: =ROUND(F95*H95,2) -> #REF! | J95: =TRUNC(G95-(G95*0.069998),2) -> 6.59 | K95: =TRUNC(J95+(J95*0.243),2) -> 8.19 | L95: =TRUNC(K95*F95,2) -> 399.83 | M95: =TRUNC(I95-(I95*0.07),2) -> #REF! | N95: =J95*0.3 -> 1.977 | O95: =N95*F95 -> 96.51714
A96: 4.12 | B96: 73942/2 | C96: SINAPI | D96: Armação de aço CA-60 Diam. 3,4 a 6,0mm-Fornecimento/corte perda de 10%) / dobra / colocação. | E96: kg | F96: 20.36 | G96: 6.97 | H96: =ROUND(G96*#REF!,2) -> #REF! | I96: =ROUND(F96*H96,2) -> #REF! | J96: =TRUNC(G96-(G96*0.069998),2) -> 6.48 | K96: =TRUNC(J96+(J96*0.243),2) -> 8.05 | L96: =TRUNC(K96*F96,2) -> 163.89 | M96: =TRUNC(I96-(I96*0.07),2) -> #REF! | N96: =J96*0.3 -> 1.944 | O96: =N96*F96 -> 39.57984
A97: 4.13 | B97: 74138/3 | C97: SINAPI | D97: Concreto Bombeado fck=25MPa, incluindo preparo, lançamento e adensamento. | E97: m³ | F97: 0.8 | G97: 391.38 | H97: =ROUND(G97*#REF!,2) -> #REF! | I97: =ROUND(F97*H97,2) -> #REF! | J97: =TRUNC(G97-(G97*0.069998),2) -> 363.98 | K97: =TRUNC(J97+(J97*0.243),2) -> 452.42 | L97: =TRUNC(K97*F97,2) -> 361.93 | M97: =TRUNC(I97-(I97*0.07),2) -> #REF! | N97: =J97*0.3 -> 109.194 | O97: =N97*F97 -> 87.3552
G98: Subtotal | I98: =SUM(I82:I97) -> #REF! | L98: =SUM(L82:L97) -> 97824.82 | M98: =TRUNC(I98-(I98*0.07),2) -> #REF! | N98: =J98*0.3 -> 0 | O98: =SUM(O82:O97) -> 23615.343
J99: =TRUNC(G99-(G99*0.069998),2) -> 0 | K99: =TRUNC(J99+(J99*0.243),2) -> 0 | L99: =TRUNC(K99*F99,2) -> 0 | M99: =TRUNC(I99-(I99*0.07),2) -> 0 | N99: =J99*0.3 -> 0 | O99: =N99*F99 -> 0
A100: 5 | D100: SISTEMA DE VEDAÇÃO VERTICAL INTERNO E EXTERNO (PAREDES) | I100: =I111 -> #REF! | L100: =L111 -> 64691.02 | M100: =M111 -> #REF! | N100: =J100*0.3 -> 0 | O100: =O111 -> 15613.87
D101: ELEMENTOS VAZADOS | F101: 0 | J101: =TRUNC(G101-(G101*0.069998),2) -> 0 | K101: =TRUNC(J101+(J101*0.243),2) -> 0 | L101: =TRUNC(K101*F101,2) -> 0 | M101: =TRUNC(I101-(I101*0.07),2) -> 0 | N101: =J101*0.3 -> 0 | O101: =N101*F101 -> 0
A102: 5.1 | B102: 73937/4 | C102: SINAPI | D102: Cobogó de concreto (elemento vazado) - (6x40x40cm) assentado com argamassa traço 1:4 (cimento, areia) | E102: m² | F102: 5.14 | G102: 88.57 | H102: =ROUND(G102*#REF!,2) -> #REF! | I102: =ROUND(F102*H102,2) -> #REF! | J102: =TRUNC(G102-(G102*0.069998),2) -> 82.37 | K102: =TRUNC(J102+(J102*0.243),2) -> 102.38 | L102: =TRUNC(K102*F102,2) -> 526.23 | M102: =TRUNC(I102-(I102*0.07),2) -> #REF! | N102: =J102*0.3 -> 24.711 | O102: =N102*F102 -> 127.01454
D103: ALVENARIA DE VEDAÇÃO | F103: 0 | H103: =ROUND(G103*#REF!,2) -> #REF! | I103: =ROUND(F103*H103,2) -> #REF! | J103: =TRUNC(G103-(G103*0.069998),2) -> 0 | K103: =TRUNC(J103+(J103*0.243),2) -> 0 | L103: =TRUNC(K103*F103,2) -> 0 | M103: =TRUNC(I103-(I103*0.07),2) -> #REF! | N103: =J103*0.3 -> 0 | O103: =N103*F103 -> 0
A104: 5.2 | B104: 87489 | C104: SINAPI | D104: Alvenaria de vedação de 1/2 vez em tijolos cerâmicos (dimensões nominais: 39x19x09); assentamento em argamassa no traço 1:2:8 (cimento, cal e areia) para parede interna | E104: m² | F104: 942.96 | G104: 33.33 | H104: =ROUND(G104*#REF!,2) -> #REF! | I104: =ROUND(F104*H104,2) -> #REF! | J104: =TRUNC(G104-(G104*0.069998),2) -> 30.99 | K104: =TRUNC(J104+(J104*0.243),2) -> 38.52 | L104: =TRUNC(K104*F104,2) -> 36322.81 | M104: =TRUNC(I104-(I104*0.07),2) -> #REF! | N104: =J104*0.3 -> 9.297 | O104: =N104*F104 -> 8766.6991
A105: 5.3 | B105: 73935/2 | C105: SINAPI | D105: Alvenaria de vedação de 1 vez em tijolos cerâmicos de 08 furos (dimensões nominais: 19x19x09); assentamento em argamassa no traço 1:2:8 (cimento, cal e areia) | E105: m² | F105: 17.07 | G105: 60.45 | H105: =ROUND(G105*#REF!,2) -> #REF! | I105: =ROUND(F105*H105,2) -> #REF! | J105: =TRUNC(G105-(G105*0.069998),2) -> 56.21 | K105: =TRUNC(J105+(J105*0.243),2) -> 69.86 | L105: =TRUNC(K105*F105,2) -> 1192.51 | M105: =TRUNC(I105-(I105*0.07),2) -> #REF! | N105: =J105*0.3 -> 16.863 | O105: =N105*F105 -> 287.85141
A106: 5.4 | B106: 87491 | C106: SINAPI | D106: Alvenaria de vedação horizontal em tijolos cerâmicos Dimensões nominais: 14x19x39; assentamento em argamassa no traço 1:2:8 (cimento, cal e areia) para parede externa | E106: m² | F106: 478.93 | G106: 45.6 | H106: =ROUND(G106*#REF!,2) -> #REF! | I106: =ROUND(F106*H106,2) -> #REF! | J106: =TRUNC(G106-(G106*0.069998),2) -> 42.4 | K106: =TRUNC(J106+(J106*0.243),2) -> 52.7 | L106: =TRUNC(K106*F106,2) -> 25239.61 | M106: =TRUNC(I106-(I106*0.07),2) -> #REF! | N106: =J106*0.3 -> 12.72 | O106: =N106*F106 -> 6091.9896
A107: 5.5 | B107: 73988/1 | C107: SINAPI | D107: Encunhamento (aperto de alvenaria) em tijolo cerâmicos maciços 5x10x20cm 1 vez (esp. 20cm), assentamento c/ argamassa traço1:6 (cimento e areia) | E107: m | F107: 50.56 | G107: 12.19 | H107: =ROUND(G107*#REF!,2) -> #REF! | I107: =ROUND(F107*H107,2) -> #REF! | J107: =TRUNC(G107-(G107*0.069998),2) -> 11.33 | K107: =TRUNC(J107+(J107*0.243),2) -> 14.08 | L107: =TRUNC(K107*F107,2) -> 711.88 | M107: =TRUNC(I107-(I107*0.07),2) -> #REF! | N107: =J107*0.3 -> 3.399 | O107: =N107*F107 -> 171.85344
A108: 5.6 | B108: 79627 | C108: SINAPI | D108: Divisória de banheiros e sanitários em granito com espessura de 2cm polido assentado com argamassa traço 1:4 | E108: m² | F108: 22.63 | G108: 401.79 | H108: =ROUND(G108*#REF!,2) -> #REF! | I108: =ROUND(F108*H108,2) -> #REF! | M108: =TRUNC(I108-(I108*0.07),2) -> #REF! | N108: =J108*0.3 -> 0 | O108: =N108*F108 -> 0
...

Sheet Cronograma
A1: ='Planilha Orçamentária'!A1:K1 -> PREFEITURA MUNICIPAL DE JUÍNA
A2: CRONOGRAMA FÍSICO-FINANCEIRO
A3: ='Planilha Orçamentária'!A2:K2 -> Obra: Proinfância - Tipo 1 (CRECHE NOSSO LAR)
A4: ='Planilha Orçamentária'!A3:K3 -> Preço base: Sinapi outubro/2022 não desonerado
A5: ='Planilha Orçamentária'!A4:D4 -> Local: Rua Pariri, bairro Padre Duílio
A6: ='Planilha Orçamentária'!A5:D5 -> Cidade: Juína - MT
A7: Obra: Proinfância - Tipo 1 (CRECHE NOSSO LAR)
A9: Item | B9: Discriminação dos serviços | F9: Peso (%) | G9: Valor das obras/serviços (R$) | H9: Mês 01 | J9: Mês 02 | L9: Mês 03 | N9: Mês 04 | P9: Mês 05 | R9: Mês 06 | T9: Mês 07 | V9: Mês 08 | X9: Mês 09
H10: Concedente R$ | I10: % | J10: Concedente R$ | K10: % | L10: Concedente R$ | M10: % | N10: Concedente R$ | O10: % | P10: Concedente R$ | Q10: % | R10: Concedente R$ | S10: % | T10: Concedente R$ | U10: % | V10: Concedente R$ | W10: % | X10: Concedente R$ | Y10: %
A13: 1 | B13: ='Planilha Orçamentária'!D11 -> SERVIÇOS PRELIMINARES | F13: =G13/$G$38 -> 0.0014226554 | G13: ='Planilha Orçamentária'!K20 -> 1998.52 | H13: =I13*G13 -> 1998.52 | I13: 1 | J13: =G13*K13*0.99 -> 0 | L13: =G13*M13*0.95 -> 0 | Z13: =Y13+W13+U13+S13+Q13+O13+M13+K13+I13 -> 1 | AA13: =X13+V13+T13+R13+P13+N13+L13+J13+H13 -> 1998.52 | AB13: 3918.32
A14: 2 | B14: ='Planilha Orçamentária'!D22 -> MOVIMENTO DE TERRAS PARA FUNDAÇÕES | F14: =G14/$G$38 -> 0.0014369352 | G14: ='Planilha Orçamentária'!K35 -> 2018.58 | H14: =I14*G14 -> 1211.148 | I14: 0.6 | J14: =K14*G14 -> 807.432 | K14: 0.4 | Z14: =Y14+W14+U14+S14+Q14+O14+M14+K14+I14 -> 1 | AA14: =X14+V14+T14+R14+P14+N14+L14+J14+H14 -> 2018.58 | AB14: 5255.14
A15: 3 | B15: ='Planilha Orçamentária'!D37 -> FUNDAÇÕES | F15: =G15/$G$38 -> 0.0019274527 | G15: ='Planilha Orçamentária'!K68 -> 2707.65 | H15: =I15*G15 -> 541.53 | I15: 0.2 | J15: =K15*G15 -> 812.295 | K15: 0.3 | L15: =M15*G15 -> 541.53 | M15: 0.2 | N15: =O15*G15 -> 541.53 | O15: 0.2 | P15: =G15*Q15 -> 270.765 | Q15: 0.1 | Z15: =Y15+W15+U15+S15+Q15+O15+M15+K15+I15 -> 1 | AA15: =X15+V15+T15+R15+P15+N15+L15+J15+H15 -> 2707.65 | AB15: 16215.91
A16: 4 | B16: ='Planilha Orçamentária'!D70 -> SUPERESTRUTURA | F16: =G16/$G$38 -> 0.0044141952 | G16: ='Planilha Orçamentária'!K88 -> 6200.98 | H16: =I16*G16 -> 1240.196 | I16: 0.2 | J16: =K16*G16 -> 1240.196 | K16: 0.2 | L16: =M16*G16 -> 1240.196 | M16: 0.2 | N16: =O16*G16 -> 1860.294 | O16: 0.3 | P16: =G16*Q16 -> 620.098 | Q16: 0.1 | Z16: =Y16+W16+U16+S16+Q16+O16+M16+K16+I16 -> 1 | AA16: =X16+V16+T16+R16+P16+N16+L16+J16+H16 -> 6200.98 | AB16: 10886.57
A17: 5 | B17: ='Planilha Orçamentária'!D90 -> SISTEMA DE VEDAÇÃO VERTICAL INTERNO E EXTERNO (PAREDES) | F17: =G17/$G$38 -> 0.023275156 | G17: ='Planilha Orçamentária'!K101 -> 32696.51 | H17: =I17*G17 -> 6539.302 | I17: 0.2 | J17: =K17*G17 -> 6539.302 | K17: 0.2 | L17: =M17*G17 -> 6539.302 | M17: 0.2 | N17: =O17*G17 -> 6539.302 | O17: 0.2 | P17: =G17*Q17 -> 6539.302 | Q17: 0.2 | R17: =G17*S17 -> 0 | Z17: =Y17+W17+U17+S17+Q17+O17+M17+K17+I17 -> 1 | AA17: =X17+V17+T17+R17+P17+N17+L17+J17+H17 -> 32696.51 | AB17: 24112.14
A18: 6 | B18: ='Planilha Orçamentária'!D103 -> ESQUADRIAS | F18: =G18/$G$38 -> 0.082053284 | G18: ='Planilha Orçamentária'!K150 -> 115266.94 | H18: =I18*G18 -> 0 | J18: =K18*G18 -> 0 | L18: =M18*G18 -> 0 | N18: =O18*G18 -> 0 | P18: =G18*Q18 -> 0 | R18: =G18*S18 -> 23053.388 | S18: 0.2 | T18: =U18*G18 -> 34580.082 | U18: 0.3 | V18: =W18*G18 -> 23053.388 | W18: 0.2 | X18: =Y18*G18 -> 34580.082 | Y18: 0.3 | Z18: =Y18+W18+U18+S18+Q18+O18+M18+K18+I18 -> 1 | AA18: =X18+V18+T18+R18+P18+N18+L18+J18+H18 -> 115266.94 | AB18: 433036.97
A19: 7 | B19: ='Planilha Orçamentária'!D152 -> SISTEMAS DE COBERTURA | F19: =G19/$G$38 -> 0.01144704 | G19: ='Planilha Orçamentária'!K159 -> 16080.59 | H19: =I19*G19 -> 3216.118 | I19: 0.2 | J19: =K19*G19 -> 3216.118 | K19: 0.2 | L19: =M19*G19 -> 4824.177 | M19: 0.3 | N19: =O19*G19 -> 4824.177 | O19: 0.3 | P19: =G19*Q19 -> 0 | R19: =G19*S19 -> 0 | T19: =U19*I19*0.99 -> 0 | V19: =W19*K19*0.99 -> 0 | X19: =Y19*M19*0.99 -> 0 | Z19: =Y19+W19+U19+S19+Q19+O19+M19+K19+I19 -> 1 | AA19: =X19+V19+T19+R19+P19+N19+L19+J19+H19 -> 16080.59 | AB19: 535869.57
A20: 8 | B20: ='Planilha Orçamentária'!D161 -> IMPERMEABILIZAÇÃO | F20: =G20/$G$38 -> 0.0015944899 | G20: ='Planilha Orçamentária'!K163 -> 2239.91 | H20: =I20*G20*0.99 -> 0 | J20: =K20*G20 -> 0 | L20: =M20*G20 -> 223.991 | M20: 0.1 | N20: =O20*G20 -> 447.982 | O20: 0.2 | P20: =G20*Q20 -> 671.973 | Q20: 0.3 | R20: =G20*S20 -> 895.964 | S20: 0.4 | T20: =U20*I20*0.99 -> 0 | V20: =W20*K20*0.99 -> 0 | X20: =Y20*M20*0.99 -> 0 | Z20: =Y20+W20+U20+S20+Q20+O20+M20+K20+I20 -> 1 | AA20: =X20+V20+T20+R20+P20+N20+L20+J20+H20 -> 2239.91 | AB20: 412.18
A21: 9 | B21: ='Planilha Orçamentária'!D165 -> REVESTIMENTOS INTERNOS E EXTERNOS | F21: =G21/$G$38 -> 0.16870785 | G21: ='Planilha Orçamentária'!K178 -> 236997.67 | J21: =K21*G21 -> 23699.767 | K21: 0.1 | L21: =M21*G21 -> 47399.534 | M21: 0.2 | N21: =O21*G21 -> 47399.534 | O21: 0.2 | P21: =G21*Q21 -> 47399.534 | Q21: 0.2 | R21: =G21*S21 -> 71099.301 | S21: 0.3 | Z21: =Y21+W21+U21+S21+Q21+O21+M21+K21+I21 -> 1 | AA21: =X21+V21+T21+R21+P21+N21+L21+J21+H21 -> 236997.67 | AB21: 162800.15
A22: 10 | B22: ='Planilha Orçamentária'!D180 -> SISTEMAS DE PISOS INTERNOS E EXTERNOS (PAVIMENTAÇÃO) | F22: =G22/$G$38 -> 0.19398487 | G22: ='Planilha Orçamentária'!K201 -> 272506.37 | J22: =K22*G22 -> 0 | L22: =M22*G22 -> 54501.274 | M22: 0.2 | N22: =O22*G22 -> 81751.911 | O22: 0.3 | P22: =G22*Q22 -> 54501.274 | Q22: 0.2 | R22: =G22*S22 -> 81751.911 | S22: 0.3 | T22: =U22*G22 -> 0 | V22: =W22*G22 -> 0 | X22: =Y22*G22 -> 0 | Z22: =Y22+W22+U22+S22+Q22+O22+M22+K22+I22 -> 1 | AA22: =X22+V22+T22+R22+P22+N22+L22+J22+H22 -> 272506.37 | AB22: 152144.42
A23: 11 | B23: ='Planilha Orçamentária'!D203 -> PINTURA | F23: =G23/$G$38 -> 0.067284597 | G23: ='Planilha Orçamentária'!K210 -> 94520.16 | J23: =K23*G23 -> 0 | L23: =M23*G23 -> 0 | N23: =O23*G23 -> 0 | P23: =G23*Q23 -> 0 | R23: =G23*S23 -> 0 | T23: =U23*G23 -> 28356.048 | U23: 0.3 | V23: =W23*G23 -> 37808.064 | W23: 0.4 | X23: =Y23*G23 -> 28356.048 | Y23: 0.3 | Z23: =Y23+W23+U23+S23+Q23+O23+M23+K23+I23 -> 1 | AA23: =X23+V23+T23+R23+P23+N23+L23+J23+H23 -> 94520.16 | AB23: 78960.24
A24: 12 | B24: ='Planilha Orçamentária'!D212 -> INSTALAÇÃO HIDRÁULICA | F24: =G24/$G$38 -> 0.015104142 | G24: ='Planilha Orçamentária'!K294 -> 21218.02 | H24: =I24*G24 -> 8487.208 | I24: 0.4 | J24: =K24*G24 -> 4243.604 | K24: 0.2 | L24: =M24*G24 -> 0 | N24: =O24*G24 -> 0 | P24: =G24*Q24 -> 0 | R24: =G24*S24 -> 0 | T24: =U24*G24 -> 2121.802 | U24: 0.1 | V24: =W24*G24 -> 2121.802 | W24: 0.1 | X24: =Y24*G24 -> 4243.604 | Y24: 0.2 | Z24: =Y24+W24+U24+S24+Q24+O24+M24+K24+I24 -> 1 | AA24: =X24+V24+T24+R24+P24+N24+L24+J24+H24 -> 21218.02 | AB24: 25894.3
A25: 13 | B25: ='Planilha Orçamentária'!D296 -> DRENAGEM DE ÁGUAS PLUVIAIS | F25: =G25/$G$38 -> 0.0075300605 | G25: ='Planilha Orçamentária'!K308 -> 10578.09 | J25: =K25*G25 -> 0 | L25: =M25*G25 -> 0 | N25: =O25*G25 -> 0 | P25: =G25*Q25 -> 0 | R25: =G25*S25 -> 5289.045 | S25: 0.5 | T25: =U25*G25 -> 2115.618 | U25: 0.2 | V25: =W25*G25 -> 2115.618 | W25: 0.2 | X25: =Y25*G25 -> 1057.809 | Y25: 0.1 | Z25: =Y25+W25+U25+S25+Q25+O25+M25+K25+I25 -> 1 | AA25: =X25+V25+T25+R25+P25+N25+L25+J25+H25 -> 10578.09 | AB25: 11464.17
A26: 14 | B26: ='Planilha Orçamentária'!D310 -> INSTALAÇÃO SANITÁRIA | F26: =G26/$G$38 -> 0.012241426 | G26: ='Planilha Orçamentária'!K351 -> 17196.53 | J26: =K26*G26 -> 0 | L26: =M26*G26 -> 0 | N26: =O26*G26 -> 0 | P26: =G26*Q26 -> 1719.653 | Q26: 0.1 | R26: =G26*S26 -> 3439.306 | S26: 0.2 | T26: =U26*G26 -> 5158.959 | U26: 0.3 | V26: =W26*G26 -> 5158.959 | W26: 0.3 | X26: =Y26*G26 -> 1719.653 | Y26: 0.1 | Z26: =Y26+W26+U26+S26+Q26+O26+M26+K26+I26 -> 1 | AA26: =X26+V26+T26+R26+P26+N26+L26+J26+H26 -> 17196.53 | AB26: 28141.59
A27: 15 | B27: ='Planilha Orçamentária'!D353 -> LOUÇAS E METAIS | F27: =G27/$G$38 -> 0.0553628 | G27: ='Planilha Orçamentária'!K383 -> 77772.64 | J27: =K27*G27 -> 0 | L27: =M27*G27 -> 0 | N27: =O27*G27 -> 0 | P27: =G27*Q27 -> 0 | R27: =G27*S27 -> 0 | T27: =U27*G27 -> 0 | V27: =W27*G27 -> 31109.056 | W27: 0.4 | X27: =Y27*G27 -> 46663.584 | Y27: 0.6 | Z27: =Y27+W27+U27+S27+Q27+O27+M27+K27+I27 -> 1 | AA27: =X27+V27+T27+R27+P27+N27+L27+J27+H27 -> 77772.64 | AB27: 55922.61
A28: 16 | B28: ='Planilha Orçamentária'!D385 -> INSTALAÇÃO DE GÁS COMBUSTÍVEL | F28: =G28/$G$38 -> 0.0017001362 | G28: ='Planilha Orçamentária'!K407 -> 2388.32 | J28: =K28*G28 -> 0 | L28: =M28*G28 -> 0 | N28: =O28*G28 -> 0 | P28: =G28*Q28 -> 0 | R28: =G28*S28 -> 0 | T28: =U28*G28 -> 0 | V28: =W28*G28 -> 716.496 | W28: 0.3 | X28: =Y28*G28 -> 1671.824 | Y28: 0.7 | Z28: =Y28+W28+U28+S28+Q28+O28+M28+K28+I28 -> 1 | AA28: =X28+V28+T28+R28+P28+N28+L28+J28+H28 -> 2388.32 | AB28: 4423.57
A29: 17 | B29: ='Planilha Orçamentária'!D409 -> SISTEMA DE PROTEÇÃO CONTRA INCÊNDIO | F29: =G29/$G$38 -> 0.016489788 | G29: ='Planilha Orçamentária'!K439 -> 23164.55 | J29: =K29*G29 -> 0 | L29: =M29*G29 -> 0 | N29: =O29*G29 -> 0 | P29: =G29*Q29 -> 0 | R29: =G29*S29 -> 0 | T29: =U29*G29 -> 0 | V29: =W29*G29 -> 6949.365 | W29: 0.3 | X29: =Y29*G29 -> 16215.185 | Y29: 0.7 | Z29: =Y29+W29+U29+S29+Q29+O29+M29+K29+I29 -> 1 | AA29: =X29+V29+T29+R29+P29+N29+L29+J29+H29 -> 23164.55 | AB29: 17119.67
A30: 18 | B30: ='Planilha Orçamentária'!D441 -> INSTALAÇÕES ELÉTRICAS - 220V | F30: =G30/$G$38 -> 0.20802533 | G30: ='Planilha Orçamentária'!K516 -> 292230.14 | H30: =I30*G30*0.99 -> 0 | J30: =K30*G30 -> 0 | L30: =M30*G30 -> 29223.014 | M30: 0.1 | N30: =O30*G30 -> 58446.028 | O30: 0.2 | P30: =G30*Q30 -> 58446.028 | Q30: 0.2 | R30: =G30*S30 -> 29223.014 | S30: 0.1 | T30: =U30*G30 -> 58446.028 | U30: 0.2 | V30: =W30*G30 -> 29223.014 | W30: 0.1 | X30: =Y30*G30 -> 29223.014 | Y30: 0.1 | Z30: =Y30+W30+U30+S30+Q30+O30+M30+K30+I30 -> 1 | AA30: =X30+V30+T30+R30+P30+N30+L30+J30+H30 -> 292230.14 | AB30: 179353.69
A31: 19 | B31: ='Planilha Orçamentária'!D518 -> INSTALAÇÕES DE CLIMATIZAÇÃO | F31: =G31/$G$38 -> 0.0011937728 | G31: ='Planilha Orçamentária'!K523 -> 1676.99 | J31: =K31*G31 -> 0 | L31: =M31*G31 -> 0 | N31: =O31*G31 -> 0 | P31: =G31*Q31 -> 0 | R31: =G31*S31 -> 0 | T31: =U31*G31 -> 503.097 | U31: 0.3 | V31: =W31*G31 -> 670.796 | W31: 0.4 | X31: =Y31*G31 -> 503.097 | Y31: 0.3 | Z31: =Y31+W31+U31+S31+Q31+O31+M31+K31+I31 -> 1 | AA31: =X31+V31+T31+R31+P31+N31+L31+J31+H31 -> 1676.99 | AB31: 1166.38
A32: 20 | B32: ='Planilha Orçamentária'!D525 -> INSTALAÇÕES DE REDE ESTRUTURADA | F32: =G32/$G$38 -> 0.038525798 | G32: ='Planilha Orçamentária'!K561 -> 54120.33 | J32: =K32*G32 -> 0 | L32: =M32*G32 -> 0 | N32: =O32*G32 -> 0 | P32: =G32*Q32 -> 0 | R32: =G32*S32 -> 5412.033 | S32: 0.1 | T32: =U32*G32 -> 10824.066 | U32: 0.2 | V32: =W32*G32 -> 10824.066 | W32: 0.2 | X32: =Y32*G32 -> 27060.165 | Y32: 0.5 | Z32: =Y32+W32+U32+S32+Q32+O32+M32+K32+I32 -> 1 | AA32: =X32+V32+T32+R32+P32+N32+L32+J32+H32 -> 54120.33 | AB32: 39860.72
A33: 21 | B33: ='Planilha Orçamentária'!D563 -> SISTEMA DE EXAUSTÃO MECÂNICA | F33: =G33/$G$38 -> 0.0026328933 | G33: ='Planilha Orçamentária'!K567 -> 3698.64 | J33: =K33*G33 -> 0 | L33: =M33*G33 -> 0 | N33: =O33*G33 -> 0 | P33: =G33*Q33 -> 0 | R33: =G33*S33 -> 0 | T33: =U33*G33 -> 0 | V33: =W33*G33 -> 0 | X33: =Y33*G33 -> 3698.64 | Y33: 1 | Z33: =Y33+W33+U33+S33+Q33+O33+M33+K33+I33 -> 1 | AA33: =X33+V33+T33+R33+P33+N33+L33+J33+H33 -> 3698.64 | AB33: 1445.84
B34: ='Planilha Orçamentária'!D569 -> SISTEMA DE PROTEÇÃO CONTRA DESCARGAS ATMOSFÉRICAS (SPDA) | F34: =G34/$G$38 -> 0.0266274 | G34: ='Planilha Orçamentária'!K583 -> 37405.68 | J34: =K34*G34 -> 0 | L34: =M34*G34 -> 7481.136 | M34: 0.2 | N34: =O34*G34 -> 3740.568 | O34: 0.1 | P34: =G34*Q34 -> 3740.568 | Q34: 0.1 | R34: =G34*S34 -> 0 | T34: =U34*G34 -> 11221.704 | U34: 0.3 | V34: =W34*G34 -> 7481.136 | W34: 0.2 | X34: =Y34*G34 -> 3740.568 | Y34: 0.1 | Z34: =Y34+W34+U34+S34+Q34+O34+M34+K34+I34 -> 1 | AA34: =X34+V34+T34+R34+P34+N34+L34+J34+H34 -> 37405.68 | AB34: 26285.22
B35: ='Planilha Orçamentária'!D585 -> SERVIÇOS COMPLEMENTARES | F35: =G35/$G$38 -> 0.057017933 | G35: ='Planilha Orçamentária'!K606 -> 80097.74 | J35: =K35*G35 -> 0 | L35: =M35*G35 -> 0 | N35: =O35*G35 -> 0 | P35: =G35*Q35 -> 0 | R35: =G35*S35 -> 8009.774 | S35: 0.1 | T35: =U35*G35 -> 16019.548 | U35: 0.2 | V35: =W35*G35 -> 24029.322 | W35: 0.3 | X35: =Y35*G35 -> 32039.096 | Y35: 0.4 | Z35: =Y35+W35+U35+S35+Q35+O35+M35+K35+I35 -> 1 | AA35: =X35+V35+T35+R35+P35+N35+L35+J35+H35 -> 80097.74 | AB35: 52009.86
B36: ='Planilha Orçamentária'!D608 -> SERVIÇOS FINAIS | F36: =G36/$G$38 -> 0 | G36: ='Planilha Orçamentária'!K610 -> 0 | J36: =K36*G36 -> 0 | N36: =O36*G36 -> 0 | P36: =G36*Q36 -> 0 | R36: =G36*S36 -> 0 | T36: =U36*G36 -> 0 | V36: =W36*G36 -> 0 | X36: =Y36*G36 -> 0 | Y36: 1 | Z36: =Y36+W36+U36+S36+Q36+O36+M36+K36+I36 -> 1 | AA36: =X36+V36+T36+R36+P36+N36+L36+J36+H36 -> 0 | AB36: 3987.01
P37: =G37*Q37 -> 0 | R37: =G37*S37 -> 0
A38: Total simples | F38: =SUM(F13:F36) -> 1 | G38: =SUM(G13:G36) -> 1404781.6 | H38: =SUM(H13:H36) -> 23234.022 | I38: =(H38)/G38 -> 0.016539242 | J38: =SUM(J13:J36) -> 40558.714 | K38: =(J38)/G38 -> 0.028871901 | L38: =SUM(L13:L36) -> 151974.15 | M38: =(L38)/G38 -> 0.10818348 | N38: =SUM(N13:N36) -> 205551.33 | O38: =(N38)/G38 -> 0.14632263 | P38: =SUM(P13:P36) -> 173909.2 | Q38: =(P38)/G38 -> 0.12379803 | R38: =SUM(R13:R36) -> 228173.74 | S38: =(R38)/G38 -> 0.16242649 | T38: =SUM(T13:T36) -> 169346.95 | U38: =(T38)/G38 -> 0.12055038 | V38: =SUM(V13:V36) -> 181261.08 | W38: =(V38)/G38 -> 0.12903151 | X38: =SUM(X13:X36) -> 230772.37 | Y38: =(X38)/G38 -> 0.16427634 | AA38: =SUM(AA13:AA37) -> 1404781.6
A39: Total acumulado | F39: 100 | J39: =H38+J38 -> 63792.736 | K39: =I38+K38 -> 0.045411143 | L39: =J39+L38 -> 215766.89 | M39: =K39+M38 -> 0.15359462 | N39: =N38+L39 -> 421318.22 | O39: =O38+M39 -> 0.29991725 | P39: =N39+P38 -> 595227.41 | Q39: =O39+Q38 -> 0.42371528 | R39: =P39+R38 -> 823401.15 | S39: =Q39+S38 -> 0.58614177 | T39: =R39+T38 -> 992748.1 | U39: =S39+U38 -> 0.70669215 | V39: =T39+V38 -> 1174009.2 | W39: =U39+W38 -> 0.83572366 | ... Y39: =W39+Y38 -> 1

Sheet Planilha Orçamentária
A1: PREFEITURA MUNICIPAL DE JUÍNA
A2: Obra: Proinfância - Tipo 1 (CRECHE NOSSO LAR) | AK2: ENG. PETERSON FELBER | AM2: PETERSON FELBER ENG. CIVIL CREA MT014468 PERÍODO: 05/11/2019 a 28/07/2020 DATA: 28/07/2020
A3: Preço base: Sinapi outubro/2022 não desonerado | AK3: CREA MT 014468
A4: Local: Rua Pariri, bairro Padre Duílio | E4: BDI: | F4: 0.2223 | AK4: PREFEITURA MUNICIPAL DE JUINA
A5: Cidade: Juína - MT | AE5: DATA: 17/11/2016
D7: Edificação principal do Proinfância 1 | AK7: PERÍODO 23/11/2017 a 07/03/2018
AM8: 1ª MEDIÇÃO | AO8: 2ª MEDIÇÃO | AQ8: 3ª MEDIÇÃO | AS8: ACUMULADO | AU8: SALDO
A9: ITEM | B9: CÓDIGO | C9: FONTE | D9: DESCRIÇÃO DOS SERVIÇOS | E9: UNID. | F9: QUANT. (INICIAL) | G9: QUANT. EXECUTADA | H9: QUANT. Á EXECUTAR | I9: PR. UNIT.(R$) SEM BDI | J9: PR. UNIT.(R$) COM BDI | K9: VALOR (R$) | M9: 1A MEDIÇÃO | O9: 2A MEDIÇÃO | Q9: 3A MEDIÇÃO | S9: 4A MEDIÇÃO | U9: 5A MEDIÇÃO | W9: 6A MEDIÇÃO | Y9: 7A MEDIÇÃO | AA9: 8A MEDIÇÃO | AC9: 9A MEDIÇÃO | AE9: 10A MEDIÇÃO | AG9: 11A MEDIÇÃO | AI9: 12A MEDIÇÃO | AK9: 13A MEDIÇÃO | AM9: % | AN9: R$ | AO9: % | AP9: R$ | AQ9: % | AR9: R$ | AS9: % | AT9: R$ | AU9: % | AV9: R$
M10: % | N10: R$ | O10: % | P10: R$ | Q10: % | R10: R$ | S10: % | T10: R$ | U10: % | V10: R$ | W10: % | X10: R$ | Y10: % | Z10: R$ | AA10: % | AB10: R$ | AC10: % | AD10: R$ | AE10: % | AF10: R$ | AG10: % | AH10: R$ | AI10: % | AJ10: R$ | AK10: % | AL10: R$
A11: 1 | D11: SERVIÇOS PRELIMINARES | L11: =L20 -> #REF!
A12: 1.1 | B12: COMP. PMJ 001 | C12: SINAPI | D12: Placa da obra - padrão Governo Federal (SINAPI 74209/001) | E12: m² | F12: 3.12 | G12: 3.12 | H12: 3.12 | I12: ='Composição Unitária de Preços'!H29 -> 524.05 | J12: =ROUND(I12+I12*F4,2) -> 640.55 | K12: =ROUND(H12*J12,2) -> 1998.52 | L12: =TRUNC(#REF!-(#REF!*0.07),2) -> #REF! | M12: 1 | N12: =M12*K12 -> 1998.52
A13: 1.2 | B13: C2851 | C13: SEINFRA | D13: Instalação provisória de água | E13: un | F13: 0 | G13: Executado 100% - TP 011/2018 - Contato 023/2019 | L13: =TRUNC(#REF!-(#REF!*0.07),2) -> #REF! | M13: 1 | N13: =M13*K13 -> 0
A14: 1.3 | B14: 73960/1 | C14: SINAPI | D14: Instalação provisória de energia elétrica em baixa tensão | E14: un | F14: 0 | G14: Executado 100% - TP 011/2018 - Contato 023/2019 | L14: =TRUNC(#REF!-(#REF!*0.07),2) -> #REF! | M14: 1 | N14: =M14*K14 -> 0
A15: 1.4 | B15: C2849 | C15: SEINFRA | D15: Instalações provisórias de esgoto | E15: un | F15: 0 | G15: Executado 100% - TP 011/2018 - Contato 023/2019 | L15: =TRUNC(#REF!-(#REF!*0.07),2) -> #REF! | M15: 1 | N15: =M15*K15 -> 0
A16: 1.5 | B16: 73805/1 | C16: SINAPI | D16: Barracões provisórios (depósito, escritório, vestiário e refeitório) com piso cimentado | E16: m² | F16: 0 | G16: Executado 100% - TP 011/2018 - Contato 023/2019 | L16: =TRUNC(#REF!-(#REF!*0.07),2) -> #REF! | M16: 1 | N16: =M16*K16 -> 0
A17: 1.6 | B17: 74077/2 | C17: SINAPI | D17: Locação da obra (execução de gabarito) | E17: m² | F17: 0 | G17: Executado 100% - TP 011/2018 - Contato 023/2019 | L17: =TRUNC(#REF!-(#REF!*0.07),2) -> #REF! | M17: 1 | N17: =M17*K17 -> 0
A18: 1.7 | B18: C2290 | C18: SEINFRA | D18: Sondagem do terreno ( um furo de 7m a cada 200 m²) | E18: m | F18: 56 | G18: Executado 100% - TP 011/2018 - Contato 023/2019 | L18: =TRUNC(#REF!-(#REF!*0.07),2) -> #REF! | N18: =M18*K18 -> 0 | AN18: =ROUND(AM18*K18,2) -> 0 | AS18: =AT18/K18 -> #DIV/0! | AT18: =AN18 -> 0 | AU18: =AV18/K18 -> #DIV/0! | AV18: =K18-AT18 -> 0
A19: 1.8 | B19: 74220/1 | C19: SINAPI | D19: Tapume de chapa de madeira compensada, 6mm (40x2,00m, frente do terreno) | E19: m² | F19: 0 | K19: =ROUND(F19*J19,2) -> 0 | L19: =TRUNC(#REF!-(#REF!*0.07),2) -> #REF! | M19: 1 | N19: =M19*K19 -> 0
F20: Subtotal | K20: =SUM(K12:K19) -> 1998.52 | L20: =TRUNC(#REF!-(#REF!*0.07),2) -> #REF! | M20: =N20/K20 -> 1 | N20: =SUM(N12:N19) -> 1998.52 | AM20: =AN20/K20 -> 0 | AN20: =SUM(AN12:AN19) -> 0 | AS20: =AT20/K20 -> 0 | AT20: =SUM(AT12:AT19) -> 0 | AU20: =AV20/K20 -> 0 | AV20: =SUM(AV12:AV19) -> 0
I21: 0 | J21: =TRUNC(I21+(I21*0.243),2) -> 0 | L21: =TRUNC(#REF!-(#REF!*0.07),2) -> #REF!
A22: 2 | D22: MOVIMENTO DE TERRAS PARA FUNDAÇÕES | L22: =L35 -> #REF!
A23: 2.1 | B23: 96995 | C23: SINAPI | D23: Aterro apiloado em camadas de 0,20 m com material argilo - arenoso (entre baldrames) | E23: m³ | F23: 59.69 | G23: 29.85 | H23: 29.84 | I23: 46.85 | J23: =TRUNC(I23*(1+$F$4),2) -> 57.26 | K23: =ROUND(H23*J23,2) -> 1708.64 | L23: =TRUNC(#REF!-(#REF!*0.07),2) -> #REF! | N23: =M23*K23 -> 0 | O23: 0.25 | P23: =O23*K23 -> 427.16 | Q23: 0.55 | R23: =Q23*K23 -> 939.752 | AN23: =ROUND(AM23*K23,2) -> 0 | AO23: 0.5 | AP23: =AO23*K23 -> 854.32 | AR23: =AQ23*K23 -> 0 | AS23: =AT23/K23 -> 0.5 | AT23: =AN23+AP23+AR23 -> 854.32 | AU23: =AV23/K23 -> 0.5 | AV23: =K23-AT23 -> 854.32
A24: 2.2 | B24: 93358 | C24: SINAPI | D24: Escavação manual de valas em qualquer terreno exceto rocha até h=1,50 m | E24: m³ | F24: 14.69 | G24: Executado 100% - TP 011/2018 - Contato 023/2019 | L24: =TRUNC(#REF!-(#REF!*0.07),2) -> #REF! | M24: 0.2 | N24: =M24*K24 -> 0 | O24: 0.4 | P24: =O24*K24 -> 0 | Q24: 0.3 | R24: =Q24*K24 -> 0 | AN24: =ROUND(AM24*K24,2) -> 0 | AO24: 1 | AP24: =AO24*K24 -> 0 | AR24: =AQ24*K24 -> 0 | AS24: =AT24/K24 -> #DIV/0! | AT24: =AN24+AP24+AR24 -> 0 | AU24: =AV24/K24 -> #DIV/0! | AV24: =K24-AT24 -> 0
A25: 2.3 | B25: 94097 | C25: SINAPI | D25: Regularização e compactação do fundo de valas | E25: m² | F25: 29.85 | G25: Executado 100% - TP 011/2018 - Contato 023/2019 | L25: =TRUNC(#REF!-(#REF!*0.07),2) -> #REF! | M25: 0.2 | N25: =M25*K25 -> 0 | O25: 0.4 | P25: =O25*K25 -> 0 | Q25: 0.3 | R25: =Q25*K25 -> 0 | AN25: =ROUND(AM25*K25,2) -> 0 | AO25: 1 | AP25: =AO25*K25 -> 0 | AR25: =AQ25*K25 -> 0 | AS25: =AT25/K25 -> #DIV/0! | AT25: =AN25+AP25+AR25 -> 0 | AU25: =AV25/K25 -> #DIV/0! | AV25: =K25-AT25 -> 0
A26: 2.4 | B26: 96995 | C26: SINAPI | D26: Reaterro apiloado de vala com material da obra | E26: m³ | F26: 9.88 | G26: Executado 100% - TP 011/2018 - Contato 023/2019 | L26: =TRUNC(#REF!-(#REF!*0.07),2) -> #REF! | N26: =M26*K26 -> 0 | O26: 0.6 | P26: =O26*K26 -> 0 | Q26: 0.3 | R26: =Q26*K26 -> 0 | AN26: =ROUND(AM26*K26,2) -> 0 | AO26: 1 | AP26: =AO26*K26 -> 0 | AR26: =AQ26*K26 -> 0 | AS26: =AT26/K26 -> #DIV/0! | AT26: =AN26+AP26+AR26 -> 0 | AU26: =AV26/K26 -> #DIV/0! | AV26: =K26-AT26 -> 0
D27: MURETA | F27: 0 | I27: 0 | J27: =TRUNC(I27*(1+$F$4),2) -> 0 | K27: =ROUND(F27*J27,2) -> 0 | L27: =TRUNC(#REF!-(#REF!*0.07),2) -> #REF!
A28: 2.5 | B28: =B24 -> 93358 | C28: SINAPI | D28: Escavação manual de valas em qualquer terreno exceto rocha até h=1,50 m | E28: m³ | F28: 11.26 | G28: 9 | H28: 2.26 | I28: 76.94 | J28: =TRUNC(I28*(1+$F$4),2) -> 94.04 | K28: =ROUND(H28*J28,2) -> 212.53 | L28: =TRUNC(#REF!-(#REF!*0.07),2) -> #REF! | N28: =M28*K28 -> 0 | P28: =O28*K28 -> 0 | R28: =Q28*K28 -> 0 | AN28: =ROUND(AM28*K28,2) -> 0 | AO28: 0.8 | AP28: =AO28*K28 -> 170.024 | AR28: =AQ28*K28 -> 0 | AS28: =AT28/K28 -> 0.8 | AT28: =AN28+AP28+AR28 -> 170.024 | AU28: =AV28/K28 -> 0.2 | AV28: =K28-AT28 -> 42.506
A29: 2.6 | B29: 101616 | C29: SINAPI | D29: Regularização e compactação do fundo de valas | E29: m² | F29: 17.74 | G29: 14.19 | H29: 3.55 | I29: 5.63 | J29: =TRUNC(I29*(1+$F$4),2) -> 6.88 | K29: =ROUND(H29*J29,2) -> 24.42 | L29: =TRUNC(#REF!-(#REF!*0.07),2) -> #REF! | N29: =M29*K29 -> 0 | P29: =O29*K29 -> 0 | R29: =Q29*K29 -> 0 | AN29: =ROUND(AM29*K29,2) -> 0 | AO29: 0.8 | AP29: =AO29*K29 -> 19.536 | AR29: =AQ29*K29 -> 0 | AS29: =AT29/K29 -> 0.8 | AT29: =AN29+AP29+AR29 -> 19.536 | AU29: =AV29/K29 -> 0.2 | AV29: =K29-AT29 -> 4.884
A30: 2.7 | B30: =B26 -> 96995 | C30: SINAPI | D30: Reaterro apiloado de vala com material da obra | E30: m³ | F30: 6.39 | G30: 5.11 | H30: 1.28 | I30: 46.65 | J30: =TRUNC(I30*(1+$F$4),2) -> 57.02 | K30: =ROUND(H30*J30,2) -> 72.99 | L30: =TRUNC(#REF!-(#REF!*0.07),2) -> #REF! | N30: =M30*K30 -> 0 | P30: =O30*K30 -> 0 | R30: =Q30*K30 -> 0 | AN30: =ROUND(AM30*K30,2) -> 0 | AO30: 0.8 | AP30: =AO30*K30 -> 58.392 | AR30: =AQ30*K30 -> 0 | AS30: =AT30/K30 -> 0.8 | AT30: =AN30+AP30+AR30 -> 58.392 | AU30: =AV30/K30 -> 0.2 | AV30: =K30-AT30 -> 14.598
D31: CASTELO D'ÁGUA | F31: 0 | I31: 0 | J31: =TRUNC(I31+(I31*0.243),2) -> 0 | K31: =ROUND(F31*J31,2) -> 0 | L31: =TRUNC(#REF!-(#REF!*0.07),2) -> #REF!
A32: 2.8 | C32: SINAPI | D32: Escavação manual de valas em qualquer terreno exceto rocha até h=1,50 m | E32: m³ | F32: 0 | J32: =TRUNC(I32+(I32*0.243),2) -> 0 | K32: =ROUND(F32*J32,2) -> 0 | L32: =TRUNC(#REF!-(#REF!*0.07),2) -> #REF! | M32: 0.3 | N32: =M32*K32 -> 0 | P32: =O32*K32 -> 0 | Q32: 0.7 | R32: =Q32*K32 -> 0
A33: 2.9 | C33: SINAPI | D33: Regularização e compactação do fundo de valas | E33: m² | F33: 0 | J33: =TRUNC(I33+(I33*0.243),2) -> 0 | K33: =ROUND(F33*J33,2) -> 0 | L33: =TRUNC(#REF!-(#REF!*0.07),2) -> #REF! | M33: 0.3 | N33: =M33*K33 -> 0 | P33: =O33*K33 -> 0 | Q33: 0.7 | R33: =Q33*K33 -> 0
A34: 2.10 | C34: SINAPI | D34: Reaterro apiloado de vala com material da obra | E34: m³ | F34: 0 | J34: =TRUNC(I34+(I34*0.243),2) -> 0 | K34: =ROUND(F34*J34,2) -> 0 | L34: =TRUNC(#REF!-(#REF!*0.07),2) -> #REF! | M34: 0.3 | N34: =M34*K34 -> 0 | P34: =O34*K34 -> 0 | Q34: 0.7 | R34: =Q34*K34 -> 0
F35: Subtotal | K35: =SUM(K23:K34) -> 2018.58 | L35: =TRUNC(#REF!-(#REF!*0.07),2) -> #REF! | M35: =N35/K35 -> 0 | N35: =SUM(N23:N34) -> 0 | O35: =P35/K35 -> 0.2116141 | P35: =SUM(P23:P34) -> 427.16 | Q35: =R35/K35 -> 0.46555103 | R35: =SUM(R23:R34) -> 939.752 | AM35: =AN35/K35 -> 0 | AN35: =SUM(AN23:AN34) -> 0 | AO35: =AP35/K35 -> 0.54606307 | AP35: =SUM(AP23:AP34) -> 1102.272 | AS35: =AT35/K35 -> 0.54606307 | AT35: =SUM(AT23:AT34) -> 1102.272 | AU35: =AV35/K35 -> 0.45393693 | AV35: =SUM(AV23:AV34) -> 916.308
I36: 0 | J36: =TRUNC(I36+(I36*0.243),2) -> 0 | L36: =TRUNC(#REF!-(#REF!*0.07),2) -> #REF!
A37: 3 | D37: FUNDAÇÕES | L37: =L68 -> #REF!
D38: CONCRETO ARMADO PARA FUNDAÇÕES - SAPATAS | I38: 0 | J38: =TRUNC(I38*(1+$F$4),2) -> 0 | L38: =TRUNC(#REF!-(#REF!*0.07),2) -> #REF!
A39: 3.1 | B39: 95240 | C39: SINAPI | D39: Lastro de concreto magro (e=3,0 cm) - preparo mecânico | E39: m² | F39: 3.27 | G39: Executado 100% - TP 011/2018 - Contato 023/2019 | L39: =TRUNC(#REF!-(#REF!*0.07),2) -> #REF! | M39: 0.3 | N39: =M39*K39 -> 0 | O39: 0.5 | P39: =O39*K39 -> 0 | Q39: 0.15 | R39: =Q39*K39 -> 0 | AG39: 0.02 | AH39: =AG39*K39 -> 0 | AN39: =ROUND(AM39*K39,2) -> 0 | AO39: 1 | AP39: =AO39*K39 -> 0 | AR39: =AQ39*K39 -> 0 | AS39: =AT39/K39 -> #DIV/0! | AT39: =AN39+AP39+AR39 -> 0 | AU39: =AV39/K39 -> #DIV/0! | AV39: =K39-AT39 -> 0
A40: 3.2 | B40: 96535 | C40: SINAPI | D40: Forma de madeira comum para Fundações - reaproveitamento 10X | E40: m² | F40: 5.81 | G40: Executado 100% - TP 011/2018 - Contato 023/2019 | L40: =TRUNC(#REF!-(#REF!*0.07),2) -> #REF! | M40: 0.3 | N40: =M40*K40 -> 0 | O40: 0.5 | P40: =O40*K40 -> 0 | Q40: 0.15 | R40: =Q40*K40 -> 0 | AG40: 0.02 | AH40: =AG40*K40 -> 0 | AN40: =ROUND(AM40*K40,2) -> 0 | AO40: 1 | AP40: =AO40*K40 -> 0 | AR40: =AQ40*K40 -> 0 | AS40: =AT40/K40 -> #DIV/0! | AT40: =AN40+AP40+AR40 -> 0 | AU40: =AV40/K40 -> #DIV/0! | AV40: =K40-AT40 -> 0
A41: 3.3 | B41: 92917 | C41: SINAPI | D41: Armação aço CA-50, Diam. 6,3 (1/4) á 12,5mm(1/2) -Fornecimento/corte perda de 10%) / dobra / colocação. | E41: kg | F41: 39.06 | G41: Executado 100% - TP 011/2018 - Contato 023/2019 | L41: =TRUNC(#REF!-(#REF!*0.07),2) -> #REF! | M41: 0.3 | N41: =M41*K41 -> 0 | O41: 0.5 | P41: =O41*K41 -> 0 | Q41: 0.15 | R41: =Q41*K41 -> 0 | AG41: 0.02 | AH41: =AG41*K41 -> 0 | AN41: =ROUND(AM41*K41,2) -> 0 | AO41: 1 | AP41: =AO41*K41 -> 0 | AR41: =AQ41*K41 -> 0 | AS41: =AT41/K41 -> #DIV/0! | AT41: =AN41+AP41+AR41 -> 0 | AU41: =AV41/K41 -> #DIV/0! | AV41: =K41-AT41 -> 0
A42: 3.4 | B42: 96543 | C42: SINAPI | D42: Armação de aço CA-60 Diam. 3,4 a 6,0mm-Fornecimento/corte perda de 10%) / dobra / colocação. | E42: kg | F42: 4.55 | G42: Executado 100% - TP 011/2018 - Contato 023/2019 | L42: =TRUNC(#REF!-(#REF!*0.07),2) -> #REF! | M42: 0.3 | N42: =M42*K42 -> 0 | O42: 0.5 | P42: =O42*K42 -> 0 | Q42: 0.15 | R42: =Q42*K42 -> 0 | AG42: 0.02 | AH42: =AG42*K42 -> 0 | AN42: =ROUND(AM42*K42,2) -> 0 | AO42: 1 | AP42: =AO42*K42 -> 0 | AR42: =AQ42*K42 -> 0 | AS42: =AT42/K42 -> #DIV/0! | AT42: =AN42+AP42+AR42 -> 0 | AU42: =AV42/K42 -> #DIV/0! | AV42: =K42-AT42 -> 0
A43: 3.5 | B43: 94965 | C43: SINAPI | D43: Concreto para Fundação fck=25MPa, incluindo preparo, lançamento, adensamento. | E43: m³ | F43: 0.76 | G43: Executado 100% - TP 011/2018 - Contato 023/2019 | L43: =TRUNC(#REF!-(#REF!*0.07),2) -> #REF! | M43: 0.3 | N43: =M43*K43 -> 0 | O43: 0.5 | P43: =O43*K43 -> 0 | Q43: 0.15 | R43: =Q43*K43 -> 0 | AG43: 0.02 | AH43: =AG43*K43 -> 0 | AN43: =ROUND(AM43*K43,2) -> 0 | AO43: 1 | AP43: =AO43*K43 -> 0 | AR43: =AQ43*K43 -> 0 | AS43: =AT43/K43 -> #DIV/0! | AT43: =AN43+AP43+AR43 -> 0 | AU43: =AV43/K43 -> #DIV/0! | AV43: =K43-AT43 -> 0
D44: CONCRETO ARMADO PARA FUNDAÇÕES - VIGAS BALDRAMES | F44: 0 | I44: 0 | J44: =TRUNC(I44*(1+$F$4),2) -> 0 | K44: =ROUND(F44*J44,2) -> 0 | L44: =TRUNC(#REF!-(#REF!*0.07),2) -> #REF! | AH44: =AG44*K44 -> 0
A45: 3.6 | B45: 96536 | C45: SINAPI | D45: Forma de madeira comum para Fundações - reaproveitamento 10X | E45: m² | F45: 21.23 | G45: Executado 100% - TP 011/2018 - Contato 023/2019 | L45: =TRUNC(#REF!-(#REF!*0.07),2) -> #REF! | M45: 0.3 | N45: =M45*K45 -> 0 | O45: 0.2 | P45: =O45*K45 -> 0 | Q45: 0.4 | R45: =Q45*K45 -> 0 | S45: 0.05 | T45: =S45*K45 -> 0 | AG45: 0.02 | AH45: =AG45*K45 -> 0 | AN45: =ROUND(AM45*K45,2) -> 0 | AO45: 1 | AP45: =AO45*K45 -> 0 | AR45: =AQ45*K45 -> 0 | AS45: =AT45/K45 -> #DIV/0! | AT45: =AN45+AP45+AR45 -> 0 | AU45: =AV45/K45 -> #DIV/0! | AV45: =K45-AT45 -> 0
A46: 3.7 | B46: =B41 -> 92917 | C46: SINAPI | D46: Armação aço CA-50, Diam. 6,3 (1/4) á 12,5mm(1/2) -Fornecimento/corte perda de 10%) / dobra / colocação. | E46: kg | F46: 37.46 | G46: Executado 100% - TP 011/2018 - Contato 023/2019 | L46: =TRUNC(#REF!-(#REF!*0.07),2) -> #REF! | M46: 0.3 | N46: =M46*K46 -> 0 | O46: 0.2 | P46: =O46*K46 -> 0 | Q46: 0.4 | R46: =Q46*K46 -> 0 | S46: 0.05 | T46: =S46*K46 -> 0 | AG46: 0.02 | AH46: =AG46*K46 -> 0 | AN46: =ROUND(AM46*K46,2) -> 0 | AO46: 1 | AP46: =AO46*K46 -> 0 | AR46: =AQ46*K46 -> 0 | AS46: =AT46/K46 -> #DIV/0! | AT46: =AN46+AP46+AR46 -> 0 | AU46: =AV46/K46 -> #DIV/0! | AV46: =K46-AT46 -> 0
A47: 3.8 | B47: =B42 -> 96543 | C47: SINAPI | D47: Armação de aço CA-60 Diam. 3,4 a 6,0mm-Fornecimento/corte perda de 10%) / dobra / colocação. | E47: kg | F47: 19.37 | G47: Executado 100% - TP 011/2018 - Contato 023/2019 | L47: =TRUNC(#REF!-(#REF!*0.07),2) -> #REF! | M47: 0.3 | N47: =M47*K47 -> 0 | O47: 0.2 | P47: =O47*K47 -> 0 | Q47: 0.4 | R47: =Q47*K47 -> 0 | S47: 0.05 | T47: =S47*K47 -> 0 | AG47: 0.02 | AH47: =AG47*K47 -> 0 | AN47: =ROUND(AM47*K47,2) -> 0 | AO47: 1 | AP47: =AO47*K47 -> 0 | AR47: =AQ47*K47 -> 0 | AS47: =AT47/K47 -> #DIV/0! | AT47: =AN47+AP47+AR47 -> 0 | AU47: =AV47/K47 -> #DIV/0! | AV47: =K47-AT47 -> 0
A48: 3.9 | B48: =B43 -> 94965 | C48: SINAPI | D48: Concreto para Fundação fck=25MPa, incluindo preparo, lançamento, adensamento. | E48: m³ | F48: 1.23 | G48: Executado 100% - TP 011/2018 - Contato 023/2019 | L48: =TRUNC(#REF!-(#REF!*0.07),2) -> #REF! | M48: 0.3 | N48: =M48*K48 -> 0 | O48: 0.2 | P48: =O48*K48 -> 0 | Q48: 0.4 | R48: =Q48*K48 -> 0 | S48: 0.05 | T48: =S48*K48 -> 0 | AG48: 0.02 | AH48: =AG48*K48 -> 0 | AN48: =ROUND(AM48*K48,2) -> 0 | AO48: 1 | AP48: =AO48*K48 -> 0 | AR48: =AQ48*K48 -> 0 | AS48: =AT48/K48 -> #DIV/0! | AT48: =AN48+AP48+AR48 -> 0 | AU48: =AV48/K48 -> #DIV/0! | AV48: =K48-AT48 -> 0
D49: FUNDAÇÃO DO CASTELO D'ÁGUA | F49: 0 | I49: 0 | J49: =TRUNC(I49*(1+$F$4),2) -> 0 | K49: =ROUND(F49*J49,2) -> 0 | L49: =TRUNC(#REF!-(#REF!*0.07),2) -> #REF! | AP49: =AO49*K49 -> 0 | AS49: =AT49/K49 -> #DIV/0! | AT49: =AN49+AP49 -> 0
A50: 3.10 | C50: SINAPI | D50: Estaca a trado (broca) d=30 cm com concreto fck=15 Mpa (sem armação) - 7 m | E50: m | F50: 0 | J50: =TRUNC(I50*(1+$F$4),2) -> 0 | K50: =ROUND(F50*J50,2) -> 0 | L50: =TRUNC(#REF!-(#REF!*0.07),2) -> #REF! | M50: 0.3 | N50: =M50*K50 -> 0 | P50: =O50*K50 -> 0 | Q50: 0.7 | R50: =Q50*K50 -> 0 | AP50: =AO50*K50 -> 0 | AS50: =AT50/K50 -> #DIV/0! | AT50: =AN50+AP50 -> 0
A51: 3.11 | C51: SINAPI | D51: Corte e reparo em cabeça de estaca | E51: un | F51: 0 | J51: =TRUNC(I51*(1+$F$4),2) -> 0 | K51: =ROUND(F51*J51,2) -> 0 | L51: =TRUNC(#REF!-(#REF!*0.07),2) -> #REF! | M51: 0.3 | N51: =M51*K51 -> 0 | P51: =O51*K51 -> 0 | Q51: 0.7 | R51: =Q51*K51 -> 0 | AP51: =AO51*K51 -> 0 | AS51: =AT51/K51 -> #DIV/0! | AT51: =AN51+AP51 -> 0
A52: 3.12 | C52: SINAPI | D52: Lastro de concreto magro, e=3,0 cm-reparo mecânico | E52: m² | F52: 0 | J52: =TRUNC(I52*(1+$F$4),2) -> 0 | K52: =ROUND(F52*J52,2) -> 0 | L52: =TRUNC(#REF!-(#REF!*0.07),2) -> #REF! | M52: 0.3 | N52: =M52*K52 -> 0 | P52: =O52*K52 -> 0 | Q52: 0.7 | R52: =Q52*K52 -> 0 | AP52: =AO52*K52 -> 0 | AS52: =AT52/K52 -> #DIV/0! | AT52: =AN52+AP52 -> 0
A53: 3.13 | C53: SINAPI | D53: Forma de madeira comum para Fundações - reaproveitamento 10X | E53: m² | F53: 0 | J53: =TRUNC(I53*(1+$F$4),2) -> 0 | K53: =ROUND(F53*J53,2) -> 0 | L53: =TRUNC(#REF!-(#REF!*0.07),2) -> #REF! | M53: 0.3 | N53: =M53*K53 -> 0 | P53: =O53*K53 -> 0 | Q53: 0.7 | R53: =Q53*K53 -> 0 | AP53: =AO53*K53 -> 0 | AS53: =AT53/K53 -> #DIV/0! | AT53: =AN53+AP53 -> 0
A54: 3.14 | C54: SINAPI | D54: Armação aço CA-50, para 1,0 m³ de concreto | E54: un | F54: 0 | J54: =TRUNC(I54*(1+$F$4),2) -> 0 | K54: =ROUND(F54*J54,2) -> 0 | L54: =TRUNC(#REF!-(#REF!*0.07),2) -> #REF! | M54: 0.3 | N54: =M54*K54 -> 0 | P54: =O54*K54 -> 0 | Q54: 0.7 | R54: =Q54*K54 -> 0 | AP54: =AO54*K54 -> 0 | AS54: =AT54/K54 -> #DIV/0! | AT54: =AN54+AP54 -> 0
A55: 3.15 | C55: SINAPI | D55: Concreto fck=25MPa, incluindo preparo, lançamento e adensamento. | E55: m³ | F55: 0 | J55: =TRUNC(I55*(1+$F$4),2) -> 0 | K55: =ROUND(F55*J55,2) -> 0 | L55: =TRUNC(#REF!-(#REF!*0.07),2) -> #REF! | M55: 0.3 | N55: =M55*K55 -> 0 | P55: =O55*K55 -> 0 | Q55: 0.7 | R55: =Q55*K55 -> 0 | AP55: =AO55*K55 -> 0 | AS55: =AT55/K55 -> #DIV/0! | AT55: =AN55+AP55 -> 0
D56: MURETA - BLOCOS | F56: 0 | I56: 0 | J56: =TRUNC(I56*(1+$F$4),2) -> 0 | K56: =ROUND(F56*J56,2) -> 0 | L56: =TRUNC(#REF!-(#REF!*0.07),2) -> #REF!
A57: 3.16 | B57: 101175 | C57: SINAPI | D57: Estaca a trado (broca) d=30 cm com concreto fck=15 Mpa (sem armação) - 7 m | E57: m | F57: 52.5 | G57: 47.25 | H57: 5.25 | I57: 120.67 | J57: =TRUNC(I57*(1+$F$4),2) -> 147.49 | K57: =ROUND(H57*J57,2) -> 774.32 | L57: =TRUNC(#REF!-(#REF!*0.07),2) -> #REF! | N57: =M57*K57 -> 0 | P57: =O57*K57 -> 0 | R57: =Q57*K57 -> 0 | AN57: =ROUND(AM57*K57,2) -> 0 | AO57: 0.7 | AP57: =AO57*K57 -> 542.024 | AQ57: 0.2 | AR57: =AQ57*K57 -> 154.864 | AS57: =AT57/K57 -> 0.9 | AT57: =AN57+AP57+AR57 -> 696.888 | AU57: =AV57/K57 -> 0.1 | AV57: =K57-AT57 -> 77.432
A58: 3.17 | B58: =B39 -> 95240 | C58: SINAPI | D58: Lastro de concreto magro, e=3,0 cm-preparo mecânico | E58: m² | F58: 27.97 | G58: 25.17 | H58: 2.8 | I58: 19.69 | J58: =TRUNC(I58*(1+$F$4),2) -> 24.06 | K58: =ROUND(H58*J58,2) -> 67.37 | L58: =TRUNC(#REF!-(#REF!*0.07),2) -> #REF! | N58: =M58*K58 -> 0 | P58: =O58*K58 -> 0 | R58: =Q58*K58 -> 0 | AN58: =ROUND(AM58*K58,2) -> 0 | AO58: 0.7 | AP58: =AO58*K58 -> 47.159 | AQ58: 0.2 | AR58: =AQ58*K58 -> 13.474 | AS58: =AT58/K58 -> 0.9 | AT58: =AN58+AP58+AR58 -> 60.633 | AU58: =AV58/K58 -> 0.1 | AV58: =K58-AT58 -> 6.737
A59: 3.18 | B59: =B40 -> 96535 | C59: SINAPI | D59: Forma de madeira comum para Fundações - reaproveitamento 5X | E59: m² | F59: 21.39 | G59: 19.25 | H59: 2.14 | I59: 146.55 | J59: =TRUNC(I59*(1+$F$4),2) -> 179.12 | K59: =ROUND(H59*J59,2) -> 383.32 | L59: =TRUNC(#REF!-(#REF!*0.07),2) -> #REF! | N59: =M59*K59 -> 0 | P59: =O59*K59 -> 0 | R59: =Q59*K59 -> 0 | AN59: =ROUND(AM59*K59,2) -> 0 | AO59: 0.7 | AP59: =AO59*K59 -> 268.324 | AQ59: 0.2 | AR59: =AQ59*K59 -> 76.664 | AS59: =AT59/K59 -> 0.9 | AT59: =AN59+AP59+AR59 -> 344.988 | AU59: =AV59/K59 -> 0.1 | AV59: =K59-AT59 -> 38.332
A60: 3.19 | B60: =B41 -> 92917 | C60: SINAPI | D60: Armação aço CA-50, Diam. 6,3 (1/4) á 12,5mm(1/2) -Fornecimento/corte perda de 10%) / dobra / colocação. | E60: kg | F60: 34.36 | G60: 30.92 | H60: 3.44 | I60: 16.56 | J60: =TRUNC(I60*(1+$F$4),2) -> 20.24 | K60: =ROUND(H60*J60,2) -> 69.63 | L60: =TRUNC(#REF!-(#REF!*0.07),2) -> #REF! | N60: =M60*K60 -> 0 | P60: =O60*K60 -> 0 | R60: =Q60*K60 -> 0 | AN60: =ROUND(AM60*K60,2) -> 0 | AO60: 0.7 | AP60: =AO60*K60 -> 48.741 | AQ60: 0.2 | AR60: =AQ60*K60 -> 13.926 | AS60: =AT60/K60 -> 0.9 | AT60: =AN60+AP60+AR60 -> 62.667 | AU60: =AV60/K60 -> 0.1 | AV60: =K60-AT60 -> 6.963
A61: 3.20 | B61: =B42 -> 96543 | C61: SINAPI | D61: Armação de aço CA-60 Diam. 3,4 a 6,0mm-Fornecimento/corte perda de 10%) / dobra / colocação. | E61: kg | F61: 37.91 | G61: 34.12 | H61: 3.79 | I61: 19.4 | J61: =TRUNC(I61*(1+$F$4),2) -> 23.71 | K61: =ROUND(H61*J61,2) -> 89.86 | L61: =TRUNC(#REF!-(#REF!*0.07),2) -> #REF! | N61: =M61*K61 -> 0 | P61: =O61*K61 -> 0 | R61: =Q61*K61 -> 0 | AN61: =ROUND(AM61*K61,2) -> 0 | AO61: 0.7 | AP61: =AO61*K61 -> 62.902 | AQ61: 0.2 | AR61: =AQ61*K61 -> 17.972 | AS61: =AT61/K61 -> 0.9 | AT61: =AN61+AP61+AR61 -> 80.874 | AU61: =AV61/K61 -> 0.1 | AV61: =K61-AT61 -> 8.986
A62: 3.21 | B62: =B48 -> 94965 | C62: SINAPI | D62: Concreto para Fundação fck=25MPa, incluindo preparo, lançamento, adensamento. | E62: m³ | F62: 2.38 | G62: 2.14 | H62: 0.24 | I62: 568 | J62: =TRUNC(I62*(1+$F$4),2) -> 694.26 | K62: =ROUND(H62*J62,2) -> 166.62 | L62: =TRUNC(#REF!-(#REF!*0.07),2) -> #REF! | N62: =M62*K62 -> 0 | P62: =O62*K62 -> 0 | R62: =Q62*K62 -> 0 | AN62: =ROUND(AM62*K62,2) -> 0 | AO62: 0.7 | AP62: =AO62*K62 -> 116.634 | AQ62: 0.2 | AR62: =AQ62*K62 -> 33.324 | AS62: =AT62/K62 -> 0.9 | AT62: =AN62+AP62+AR62 -> 149.958 | AU62: =AV62/K62 -> 0.1 | AV62: =K62-AT62 -> 16.662
D63: MURETA - VIGAS BALDRAME | F63: 0 | I63: 0 | J63: =TRUNC(I63*(1+$F$4),2) -> 0 | K63: =ROUND(H63*J63,2) -> 0 | L63: =TRUNC(#REF!-(#REF!*0.07),2) -> #REF!
A64: 3.22 | B64: =B45 -> 96536 | C64: SINAPI | D64: Forma de madeira comum para Fundações - reaproveitamento 10X | E64: m² | F64: 28.49 | G64: 25.64 | H64: 2.85 | I64: 75.89 | J64: =TRUNC(I64*(1+$F$4),2) -> 92.76 | K64: =ROUND(H64*J64,2) -> 264.37 | L64: =TRUNC(#REF!-(#REF!*0.07),2) -> #REF! | N64: =M64*K64 -> 0 | P64: =O64*K64 -> 0 | R64: =Q64*K64 -> 0 | AN64: =ROUND(AM64*K64,2) -> 0 | AO64: 0.7 | AP64: =AO64*K64 -> 185.059 | AQ64: 0.2 | AR64: =AQ64*K64 -> 52.874 | AS64: =AT64/K64 -> 0.9 | AT64: =AN64+AP64+AR64 -> 237.933 | AU64: =AV64/K64 -> 0.1 | AV64: =K64-AT64 -> 26.437
A65: 3.23 | B65: =B46 -> 92917 | C65: SINAPI | D65: Armação aço CA-50, Diam. 6,3 (1/4) á 12,5mm(1/2) -Fornecimento/corte perda de 10%) / dobra / colocação. | E65: kg | F65: 62.91 | G65: 44.04 | H65: 18.87 | I65: 16.56 | J65: =TRUNC(I65*(1+$F$4),2) -> 20.24 | K65: =ROUND(H65*J65,2) -> 381.93 | L65: =TRUNC(#REF!-(#REF!*0.07),2) -> #REF! | N65: =M65*K65 -> 0 | P65: =O65*K65 -> 0 | R65: =Q65*K65 -> 0 | AN65: =ROUND(AM65*K65,2) -> 0 | AO65: 0.7 | AP65: =AO65*K65 -> 267.351 | AR65: =AQ65*K65 -> 0 | AS65: =AT65/K65 -> 0.7 | AT65: =AN65+AP65+AR65 -> 267.351 | AU65: =AV65/K65 -> 0.3 | AV65: =K65-AT65 -> 114.579
A66: 3.24 | B66: =B47 -> 96543 | C66: SINAPI | D66: Armação de aço CA-60 Diam. 3,4 a 6,0mm-Fornecimento/corte perda de 10%) / dobra / colocação. | E66: kg | F66: 26.82 | G66: 18.77 | H66: 8.05 | I66: 19.4 | J66: =TRUNC(I66*(1+$F$4),2) -> 23.71 | K66: =ROUND(H66*J66,2) -> 190.87 | L66: =TRUNC(#REF!-(#REF!*0.07),2) -> #REF! | N66: =M66*K66 -> 0 | P66: =O66*K66 -> 0 | R66: =Q66*K66 -> 0 | AN66: =ROUND(AM66*K66,2) -> 0 | AO66: 0.7 | AP66: =AO66*K66 -> 133.609 | AR66: =AQ66*K66 -> 0 | AS66: =AT66/K66 -> 0.7 | AT66: =AN66+AP66+AR66 -> 133.609 | AU66: =AV66/K66 -> 0.3 | AV66: =K66-AT66 -> 57.261
A67: 3.25 | B67: =B62 -> 94965 | C67: SINAPI | D67: Concreto para Fundação fck=25MPa, incluindo preparo, lançamento, adensamento. | E67: m³ | F67: 1.52 | G67: 1.06 | H67: 0.46 | I67: 568 | J67: =TRUNC(I67*(1+$F$4),2) -> 694.26 | K67: =ROUND(H67*J67,2) -> 319.36 | L67: =TRUNC(#REF!-(#REF!*0.07),2) -> #REF! | N67: =M67*K67 -> 0 | P67: =O67*K67 -> 0 | R67: =Q67*K67 -> 0 | AN67: =ROUND(AM67*K67,2) -> 0 | AO67: 0.7 | AP67: =AO67*K67 -> 223.552 | AR67: =AQ67*K67 -> 0 | AS67: =AT67/K67 -> 0.7 | AT67: =AN67+AP67+AR67 -> 223.552 | AU67: =AV67/K67 -> 0.3 | AV67: =K67-AT67 -> 95.808
F68: Subtotal | J68: =TRUNC(I68*(1+$F$4),2) -> 0 | K68: =SUM(K39:K67) -> 2707.65 | L68: =TRUNC(#REF!-(#REF!*0.07),2) -> #REF! | M68: =N68/K68 -> 0 | N68: =SUM(N39:N67) -> 0 | O68: =P68/K68 -> 0 | P68: =SUM(P39:P67) -> 0 | Q68: =R68/K68 -> 0 | R68: =SUM(R39:R67) -> 0 | S68: =T68/K68 -> 0 | T68: =SUM(T39:T67) -> 0 | AG68: =AH68/K68 -> 0 | AH68: =SUM(AH39:AH67) -> 0 | AM68: =AN68/K68 -> 0 | AN68: =SUM(AN39:AN67) -> 0 | AO68: =AP68/K68 -> 0.7 | AP68: =SUM(AP39:AP67) -> 1895.355 | AS68: =AT68/K68 -> 0.83410079 | AT68: =SUM(AT39:AT67) -> 2258.453 | AU68: =AV68/K68 -> 0.16589921 | AV68: =SUM(AV39:AV67) -> 449.197
I69: 0 | J69: =TRUNC(I69*(1+$F$4),2) -> 0 | L69: =TRUNC(#REF!-(#REF!*0.07),2) -> #REF!
A70: 4 | D70: SUPERESTRUTURA | L70: =L88 -> #REF!
D71: CONCRETO ARMADO - PILARES | I71: 0 | J71: =TRUNC(I71*(1+$F$4),2) -> 0 | L71: =TRUNC(#REF!-(#REF!*0.07),2) -> #REF!
A72: 4.1 | B72: 92419 | C72: SINAPI | D72: Forma em chapa de madeira compensada plastificada- Pilares | E72: m² | F72: 22.96 | G72: 16.07 | H72: 6.89 | I72: 98.73 | J72: =TRUNC(I72*(1+$F$4),2) -> 120.67 | K72: =ROUND(H72*J72,2) -> 831.42 | L72: =TRUNC(#REF!-(#REF!*0.07),2) -> #REF! | N72: =M72*K72 -> 0 | S72: 0.1 | T72: =S72*K72 -> 83.142 | U72: 0.2 | V72: =U72*K72 -> 166.284 | W72: 0.3 | X72: =W72*K72 -> 249.426 | Y72: 0.3 | Z72: =Y72*K72 -> 249.426 | AA72: 0.05 | AB72: =AA72*K72 -> 41.571 | AG72: -0.05 | AH72: =AG72*K72 -> -41.571 | AN72: =ROUND(AM72*K72,2) -> 0 | AO72: 0.7 | AP72: =AO72*K72 -> 581.994 | AR72: =AQ72*K72 -> 0 | AS72: =AT72/K72 -> 0.7 | AT72: =AN72+AP72+AR72 -> 581.994 | AU72: =AV72/K72 -> 0.3 | AV72: =K72-AT72 -> 249.426
A73: 4.2 | B73: 92762 | C73: SINAPI | D73: Armação aço CA-50, Diam. 6,3 (1/4) á 12,5mm(1/2) -Fornecimento/corte perda de 10%) / dobra / colocação. | E73: kg | F73: 86.53 | G73: 60.57 | H73: =F73-G73 -> 25.96 | I73: 13.86 | J73: =TRUNC(I73*(1+$F$4),2) -> 16.94 | K73: =ROUND(H73*J73,2) -> 439.76 | L73: =TRUNC(#REF!-(#REF!*0.07),2) -> #REF! | N73: =M73*K73 -> 0 | S73: 0.2 | T73: =S73*K73 -> 87.952 | U73: 0.15 | V73: =U73*K73 -> 65.964 | W73: 0.25 | X73: =W73*K73 -> 109.94 | Y73: 0.3 | Z73: =Y73*K73 -> 131.928 | AA73: 0.05 | AB73: =AA73*K73 -> 21.988 | AH73: =AG73*K73 -> 0 | AN73: =ROUND(AM73*K73,2) -> 0 | AO73: 0.7 | AP73: =AO73*K73 -> 307.832 | AR73: =AQ73*K73 -> 0 | AS73: =AT73/K73 -> 0.7 | AT73: =AN73+AP73+AR73 -> 307.832 | AU73: =AV73/K73 -> 0.3 | AV73: =K73-AT73 -> 131.928
A74: 4.3 | B74: 92759 | C74: SINAPI | D74: Armação de aço CA-60 Diam. 3,4 a 6,0mm-Fornecimento/corte perda de 10%) / dobra / colocação. | E74: kg | F74: 31.45 | G74: 22.02 | H74: =F74-G74 -> 9.43 | I74: 16.19 | J74: =TRUNC(I74*(1+$F$4),2) -> 19.78 | K74: =ROUND(H74*J74,2) -> 186.53 | L74: =TRUNC(#REF!-(#REF!*0.07),2) -> #REF! | N74: =M74*K74 -> 0 | S74: 0.2 | T74: =S74*K74 -> 37.306 | U74: 0.15 | V74: =U74*K74 -> 27.9795 | W74: 0.25 | X74: =W74*K74 -> 46.6325 | Y74: 0.3 | Z74: =Y74*K74 -> 55.959 | AA74: 0.05 | AB74: =AA74*K74 -> 9.3265 | AH74: =AG74*K74 -> 0 | AN74: =ROUND(AM74*K74,2) -> 0 | AO74: 0.7 | AP74: =AO74*K74 -> 130.571 | AR74: =AQ74*K74 -> 0 | AS74: =AT74/K74 -> 0.7 | AT74: =AN74+AP74+AR74 -> 130.571 | AU74: =AV74/K74 -> 0.3 | AV74: =K74-AT74 -> 55.959
A75: 4.4 | B75: 94965 | C75: SINAPI | D75: Concreto Bombeado fck=25MPa, incluindo preparo, lançamento e adensamento. | E75: m³ | F75: 1.26 | G75: 0.88 | H75: =F75-G75 -> 0.38 | I75: 568 | J75: =TRUNC(I75*(1+$F$4),2) -> 694.26 | K75: =ROUND(H75*J75,2) -> 263.82 | L75: =TRUNC(#REF!-(#REF!*0.07),2) -> #REF! | N75: =M75*K75 -> 0 | S75: 0.1 | T75: =S75*K75 -> 26.382 | U75: 0.2 | V75: =U75*K75 -> 52.764 | W75: 0.3 | X75: =W75*K75 -> 79.146 | Y75: 0.3 | Z75: =Y75*K75 -> 79.146 | AA75: 0.05 | AB75: =AA75*K75 -> 13.191 | AG75: -0.05 | AH75: =AG75*K75 -> -13.191 | AN75: =ROUND(AM75*K75,2) -> 0 | AO75: 0.7 | AP75: =AO75*K75 -> 184.674 | AR75: =AQ75*K75 -> 0 | AS75: =AT75/K75 -> 0.7 | AT75: =AN75+AP75+AR75 -> 184.674 | AU75: =AV75/K75 -> 0.3 | AV75: =K75-AT75 -> 79.146
D76: CONCRETO ARMADO - VIGAS | F76: 0 | I76: 0 | J76: =TRUNC(I76*(1+$F$4),2) -> 0 | L76: =TRUNC(#REF!-(#REF!*0.07),2) -> #REF! | T76: =S76*K76 -> 0 | V76: =U76*K76 -> 0 | X76: =W76*K76 -> 0 | Z76: =Y76*K76 -> 0 | AB76: =AA76*K76 -> 0 | AH76: =AG76*K76 -> 0
A77: 4.5 | B77: 92448 | C77: SINAPI | D77: Forma madeira comp. plastificada 12mm p/ Estrutura corte/ Montagem/ Escoramento/ Desforma- Vigas | E77: m² | F77: 35.72 | G77: 25 | H77: =F77-G77 -> 10.72 | I77: 161.04 | J77: =TRUNC(I77*(1+$F$4),2) -> 196.83 | K77: =ROUND(H77*J77,2) -> 2110.02 | L77: =TRUNC(#REF!-(#REF!*0.07),2) -> #REF! | N77: =M77*K77 -> 0 | T77: =S77*K77 -> 0 | V77: =U77*K77 -> 0 | W77: 0.25 | X77: =W77*K77 -> 527.505 | Y77: 0.65 | Z77: =Y77*K77 -> 1371.513 | AA77: 0.05 | AB77: =AA77*K77 -> 105.501 | AH77: =AG77*K77 -> 0 | AN77: =ROUND(AM77*K77,2) -> 0 | AO77: 0.7 | AP77: =AO77*K77 -> 1477.014 | AR77: =AQ77*K77 -> 0 | AS77: =AT77/K77 -> 0.7 | AT77: =AN77+AP77+AR77 -> 1477.014 | AU77: =AV77/K77 -> 0.3 | AV77: =K77-AT77 -> 633.006
A78: 4.6 | B78: 92762 | C78: SINAPI | D78: Armação aço CA-50, Diam. 6,3 (1/4) á 12,5mm(1/2) -Fornecimento/corte perda de 10%) / dobra / colocação. | E78: kg | F78: 57.64 | G78: 40.35 | H78: =F78-G78 -> 17.29 | I78: 13.86 | J78: =TRUNC(I78*(1+$F$4),2) -> 16.94 | K78: =ROUND(H78*J78,2) -> 292.89 | L78: =TRUNC(#REF!-(#REF!*0.07),2) -> #REF! | N78: =M78*K78 -> 0 | T78: =S78*K78 -> 0 | V78: =U78*K78 -> 0 | W78: 0.25 | X78: =W78*K78 -> 73.2225 | Y78: 0.65 | Z78: =Y78*K78 -> 190.3785 | AA78: 0.05 | AB78: =AA78*K78 -> 14.6445 | AH78: =AG78*K78 -> 0 | AN78: =ROUND(AM78*K78,2) -> 0 | AO78: 0.7 | AP78: =AO78*K78 -> 205.023 | AR78: =AQ78*K78 -> 0 | AS78: =AT78/K78 -> 0.7 | AT78: =AN78+AP78+AR78 -> 205.023 | AU78: =AV78/K78 -> 0.3 | AV78: =K78-AT78 -> 87.867
A79: 4.7 | B79: 92759 | C79: SINAPI | D79: Armação de aço CA-60 Diam. 3,4 a 6,0mm-Fornecimento/corte perda de 10%) / dobra / colocação. | E79: kg | F79: 29.06 | G79: 20.34 | H79: =F79-G79 -> 8.72 | I79: 16.19 | J79: =TRUNC(I79*(1+$F$4),2) -> 19.78 | K79: =ROUND(H79*J79,2) -> 172.48 | L79: =TRUNC(#REF!-(#REF!*0.07),2) -> #REF! | N79: =M79*K79 -> 0 | T79: =S79*K79 -> 0 | V79: =U79*K79 -> 0 | W79: 0.25 | X79: =W79*K79 -> 43.12 | Y79: 0.65 | Z79: =Y79*K79 -> 112.112 | AA79: 0.05 | AB79: =AA79*K79 -> 8.624 | AH79: =AG79*K79 -> 0 | AN79: =ROUND(AM79*K79,2) -> 0 | AO79: 0.7 | AP79: =AO79*K79 -> 120.736 | AR79: =AQ79*K79 -> 0 | AS79: =AT79/K79 -> 0.7 | AT79: =AN79+AP79+AR79 -> 120.736 | AU79: =AV79/K79 -> 0.3 | AV79: =K79-AT79 -> 51.744
A80: 4.8 | B80: =B67 -> 94965 | C80: SINAPI | D80: Concreto Bombeado fck=25MPa, incluindo preparo, lançamento e adensamento. | E80: m³ | F80: 2.06 | G80: 1.44 | H80: =F80-G80 -> 0.62 | I80: 568 | J80: =TRUNC(I80*(1+$F$4),2) -> 694.26 | K80: =ROUND(H80*J80,2) -> 430.44 | L80: =TRUNC(#REF!-(#REF!*0.07),2) -> #REF! | N80: =M80*K80 -> 0 | T80: =S80*K80 -> 0 | V80: =U80*K80 -> 0 | W80: 0.25 | X80: =W80*K80 -> 107.61 | Y80: 0.65 | Z80: =Y80*K80 -> 279.786 | AA80: 0.05 | AB80: =AA80*K80 -> 21.522 | AH80: =AG80*K80 -> 0 | AN80: =ROUND(AM80*K80,2) -> 0 | AO80: 0.7 | AP80: =AO80*K80 -> 301.308 | AR80: =AQ80*K80 -> 0 | AS80: =AT80/K80 -> 0.7 | AT80: =AN80+AP80+AR80 -> 301.308 | AU80: =AV80/K80 -> 0.3 | AV80: =K80-AT80 -> 129.132
D81: CONCRETO ARMADO PARA VERGAS | F81: 0 | I81: 0 | J81: =TRUNC(I81*(1+$F$4),2) -> 0 | K81: =ROUND(F81*J81,2) -> 0 | L81: =TRUNC(#REF!-(#REF!*0.07),2) -> #REF! | T81: =S81*K81 -> 0 | V81: =U81*K81 -> 0 | X81: =W81*K81 -> 0 | Z81: =Y81*K81 -> 0 | AB81: =AA81*K81 -> 0 | AH81: =AG81*K81 -> 0
A82: 4.9 | B82: 93183 | C82: SINAPI | D82: Verga e contravergas pré-moldada em concreto armado fck 15Mpa - 10x10cm, conforme projeto. | E82: m | F82: 13.11 | G82: 9.18 | H82: =F82-G82 -> 3.93 | I82: 64.89 | J82: =TRUNC(I82*(1+$F$4),2) -> 79.31 | K82: =ROUND(H82*J82,2) -> 311.69 | L82: =TRUNC(#REF!-(#REF!*0.07),2) -> #REF! | N82: =M82*K82 -> 0 | T82: =S82*K82 -> 0 | V82: =U82*K82 -> 0 | W82: 0.3 | X82: =W82*K82 -> 93.507 | Y82: 0.5 | Z82: =Y82*K82 -> 155.845 | AA82: 0.15 | AB82: =AA82*K82 -> 46.7535 | AG82: -0.05 | AH82: =AG82*K82 -> -15.5845 | AN82: =ROUND(AM82*K82,2) -> 0 | AO82: 0.7 | AP82: =AO82*K82 -> 218.183 | AR82: =AQ82*K82 -> 0 | AS82: =AT82/K82 -> 0.7 | AT82: =AN82+AP82+AR82 -> 218.183 | AU82: =AV82/K82 -> 0.3 | AV82: =K82-AT82 -> 93.507
D83: CONCRETO ARMADO - MURETA - PILARES | F83: 0 | I83: 0 | J83: =TRUNC(I83*(1+$F$4),2) -> 0 | K83: =ROUND(F83*J83,2) -> 0 | L83: =TRUNC(#REF!-(#REF!*0.07),2) -> #REF! | T83: =S83*K83 -> 0 | V83: =U83*K83 -> 0 | X83: =W83*K83 -> 0 | Z83: =Y83*K83 -> 0 | AB83: =AA83*K83 -> 0 | AH83: =AG83*K83 -> 0
A84: 4.10 | B84: =B72 -> 92419 | C84: SINAPI | D84: Forma madeira comp. plastificada 12mm p/ Estrutura corte/ Montagem/ Escoramento/ Desforma | E84: m² | F84: 17.29 | G84: 12.1 | H84: =F84-G84 -> 5.19 | I84: 98.73 | J84: =TRUNC(I84*(1+$F$4),2) -> 120.67 | K84: =ROUND(H84*J84,2) -> 626.28 | L84: =TRUNC(#REF!-(#REF!*0.07),2) -> #REF! | N84: =M84*K84 -> 0 | T84: =S84*K84 -> 0 | V84: =U84*K84 -> 0 | X84: =W84*K84 -> 0 | Z84: =Y84*K84 -> 0 | AB84: =AA84*K84 -> 0 | AH84: =AG84*K84 -> 0 | AN84: =ROUND(AM84*K84,2) -> 0 | AO84: 0.7 | AP84: =AO84*K84 -> 438.396 | AR84: =AQ84*K84 -> 0 | AS84: =AT84/K84 -> 0.7 | AT84: =AN84+AP84+AR84 -> 438.396 | AU84: =AV84/K84 -> 0.3 | AV84: =K84-AT84 -> 187.884
A85: 4.11 | B85: =B73 -> 92762 | C85: SINAPI | D85: Armação aço CA-50, Diam. 6,3 (1/4) á 12,5mm(1/2) -Fornecimento/corte perda de 10%) / dobra / colocação. | E85: kg | F85: 48.82 | G85: 34.17 | H85: =F85-G85 -> 14.65 | I85: 13.86 | J85: =TRUNC(I85*(1+$F$4),2) -> 16.94 | K85: =ROUND(H85*J85,2) -> 248.17 | L85: =TRUNC(#REF!-(#REF!*0.07),2) -> #REF! | N85: =M85*K85 -> 0 | T85: =S85*K85 -> 0 | V85: =U85*K85 -> 0 | X85: =W85*K85 -> 0 | Z85: =Y85*K85 -> 0 | AB85: =AA85*K85 -> 0 | AH85: =AG85*K85 -> 0 | AN85: =ROUND(AM85*K85,2) -> 0 | AO85: 0.7 | AP85: =AO85*K85 -> 173.719 | AR85: =AQ85*K85 -> 0 | AS85: =AT85/K85 -> 0.7 | AT85: =AN85+AP85+AR85 -> 173.719 | AU85: =AV85/K85 -> 0.3 | AV85: =K85-AT85 -> 74.451
A86: 4.12 | B86: =B74 -> 92759 | C86: SINAPI | D86: Armação de aço CA-60 Diam. 3,4 a 6,0mm-Fornecimento/corte perda de 10%) / dobra / colocação. | E86: kg | F86: 20.36 | G86: 14.25 | H86: =F86-G86 -> 6.11 | I86: 16.19 | J86: =TRUNC(I86*(1+$F$4),2) -> 19.78 | K86: =ROUND(H86*J86,2) -> 120.86 | L86: =TRUNC(#REF!-(#REF!*0.07),2) -> #REF! | N86: =M86*K86 -> 0 | T86: =S86*K86 -> 0 | V86: =U86*K86 -> 0 | X86: =W86*K86 -> 0 | Z86: =Y86*K86 -> 0 | AB86: =AA86*K86 -> 0 | AH86: =AG86*K86 -> 0 | AN86: =ROUND(AM86*K86,2) -> 0 | AO86: 0.7 | AP86: =AO86*K86 -> 84.602 | AR86: =AQ86*K86 -> 0 | AS86: =AT86/K86 -> 0.7 | AT86: =AN86+AP86+AR86 -> 84.602 | AU86: =AV86/K86 -> 0.3 | AV86: =K86-AT86 -> 36.258
A87: 4.13 | B87: =B75 -> 94965 | C87: SINAPI | D87: Concreto Bombeado fck=25MPa, incluindo preparo, lançamento e adensamento. | E87: m³ | F87: 0.8 | G87: 0.56 | H87: =F87-G87 -> 0.24 | I87: 568 | J87: =TRUNC(I87*(1+$F$4),2) -> 694.26 | K87: =ROUND(H87*J87,2) -> 166.62 | L87: =TRUNC(#REF!-(#REF!*0.07),2) -> #REF! | N87: =M87*K87 -> 0 | T87: =S87*K87 -> 0 | V87: =U87*K87 -> 0 | X87: =W87*K87 -> 0 | Z87: =Y87*K87 -> 0 | AB87: =AA87*K87 -> 0 | AH87: =AG87*K87 -> 0 | AN87: =ROUND(AM87*K87,2) -> 0 | AO87: 0.7 | AP87: =AO87*K87 -> 116.634 | AR87: =AQ87*K87 -> 0 | AS87: =AT87/K87 -> 0.7 | AT87: =AN87+AP87+AR87 -> 116.634 | AU87: =AV87/K87 -> 0.3 | AV87: =K87-AT87 -> 49.986
F88: Subtotal | K88: =SUM(K72:K87) -> 6200.98 | L88: =TRUNC(#REF!-(#REF!*0.07),2) -> #REF! | M88: =N88/K88 -> 0 | N88: =SUM(N72:N87) -> 0 | S88: =T88/K88 -> 0.03786208 | T88: =SUM(T72:T87) -> 234.782 | U88: =V88/K88 -> 0.050474522 | V88: =SUM(V72:V87) -> 312.9915 | W88: =X88/K88 -> 0.2144998 | X88: =SUM(X72:X87) -> 1330.109 | Y88: =Z88/K88 -> 0.42349653 | Z88: =SUM(Z72:Z87) -> 2626.0935 | AA88: =AB88/K88 -> 0.045657541 | AB88: =SUM(AB72:AB87) -> 283.1215 | AG88: =AH88/K88 -> -0.011344417 | AH88: =SUM(AH72:AH87) -> -70.3465 | AM88: =AN88/K88 -> 0 | AN88: =SUM(AN72:AN87) -> 0 | AO88: =AP88/K88 -> 0.7 | AP88: =SUM(AP72:AP87) -> 4340.686 | AS88: =AT88/K88 -> 0.7 | AT88: =SUM(AT72:AT87) -> 4340.686 | AU88: =AV88/K88 -> 0.3 | AV88: =SUM(AV72:AV87) -> 1860.294
I89: 0 | J89: =TRUNC(I89+(I89*0.243),2) -> 0 | L89: =TRUNC(#REF!-(#REF!*0.07),2) -> #REF!
A90: 5 | D90: SISTEMA DE VEDAÇÃO VERTICAL INTERNO E EXTERNO (PAREDES) | L90: =L101 -> #REF!
D91: ELEMENTOS VAZADOS | I91: 0 | J91: =TRUNC(I91+(I91*0.243),2) -> 0 | L91: =TRUNC(#REF!-(#REF!*0.07),2) -> #REF!
A92: 5.1 | B92: 101161 | C92: SINAPI | D92: Cobogó de concreto (elemento vazado) - (6x40x40cm) assentado com argamassa traço 1:4 (cimento, areia) | E92: m² | F92: 5.14 | G92: 4.63 | H92: =F92-G92 -> 0.51 | I92: 217.46 | J92: =TRUNC(I92*(1+$F$4),2) -> 265.8 | K92: =ROUND(H92*J92,2) -> 135.56 | L92: =TRUNC(#REF!-(#REF!*0.07),2) -> #REF! | N92: =M92*K92 -> 0 | X92: =W92*K92 -> 0 | AN92: =ROUND(AM92*K92,2) -> 0 | AP92: =AO92*K92 -> 0 | AQ92: 0.9 | AR92: =AQ92*K92 -> 122.004 | AS92: =AT92/K92 -> 0.9 | AT92: =AN92+AP92+AR92 -> 122.004 | AU92: =AV92/K92 -> 0.1 | AV92: =K92-AT92 -> 13.556
D93: ALVENARIA DE VEDAÇÃO | F93: 0 | I93: 0 | J93: =TRUNC(I93*(1+$F$4),2) -> 0 | K93: =ROUND(F93*J93,2) -> 0 | L93: =TRUNC(#REF!-(#REF!*0.07),2) -> #REF! | X93: =W93*K93 -> 0
A94: 5.2 | C94: SINAPI | D94: Alvenaria de vedação de 1/2 vez em tijolos cerâmicos (dimensões nominais: 39x19x09); assentamento em argamassa no traço 1:2:8 (cimento, cal e areia) para parede interna | E94: m² | F94: 0 | J94: =TRUNC(I94*(1+$F$4),2) -> 0 | K94: =ROUND(F94*J94,2) -> 0 | L94: =TRUNC(#REF!-(#REF!*0.07),2) -> #REF! | N94: =M94*K94 -> 0 | S94: 0.2 | T94: =S94*K94 -> 0 | U94: 0.3 | V94: =U94*K94 -> 0 | W94: 0.2 | X94: =W94*K94 -> 0 | Y94: 0.15 | Z94: =Y94*K94 -> 0 | AA94: 0.05 | AB94: =AA94*K94 -> 0 | AG94: 0.05 | AH94: =AG94*K94 -> 0 | AI94: 0.05 | AJ94: =AI94*K94 -> 0
A95: 5.3 | C95: SINAPI | D95: Alvenaria de vedação de 1 vez em tijolos cerâmicos de 08 furos (dimensões nominais: 19x19x09); assentamento em argamassa no traço 1:2:8 (cimento, cal e areia) | E95: m² | F95: 0 | J95: =TRUNC(I95*(1+$F$4),2) -> 0 | K95: =ROUND(F95*J95,2) -> 0 | L95: =TRUNC(#REF!-(#REF!*0.07),2) -> #REF! | N95: =M95*K95 -> 0 | T95: =S95*K95 -> 0 | V95: =U95*K95 -> 0 | W95: 0.3 | X95: =W95*K95 -> 0 | Z95: =Y95*K95 -> 0 | AA95: 0.5 | AB95: =AA95*K95 -> 0 | AG95: 0.15 | AH95: =AG95*K95 -> 0 | AI95: 0.05 | AJ95: =AI95*K95 -> 0
A96: 5.4 | B96: 89300 | C96: SINAPI | D96: Alvenaria de vedação horizontal em tijolos cerâmicos Dimensões nominais: 14x19x39; assentamento em argamassa no traço 1:2:8 (cimento, cal e areia) para parede externa | E96: m² | F96: 95.79 | G96: 76.63 | H96: =F96-G96 -> 19.16 | I96: 94.25 | J96: =TRUNC(I96*(1+$F$4),2) -> 115.2 | K96: =ROUND(H96*J96,2) -> 2207.23 | L96: =TRUNC(#REF!-(#REF!*0.07),2) -> #REF! | N96: =M96*K96 -> 0 | S96: 0.15 | T96: =S96*K96 -> 331.0845 | U96: 0.3 | V96: =U96*K96 -> 662.169 | W96: 0.25 | X96: =W96*K96 -> 551.8075 | Y96: 0.15 | Z96: =Y96*K96 -> 331.0845 | AA96: 0.1 | AB96: =AA96*K96 -> 220.723 | AG96: -0.15 | AH96: =AG96*K96 -> -331.0845 | AN96: =ROUND(AM96*K96,2) -> 0 | AO96: 0.5 | AP96: =AO96*K96 -> 1103.615 | AQ96: 0.3 | AR96: =AQ96*K96 -> 662.169 | AS96: =AT96/K96 -> 0.8 | AT96: =AN96+AP96+AR96 -> 1765.784 | AU96: =AV96/K96 -> 0.2 | AV96: =K96-AT96 -> 441.446
A97: 5.5 | B97: 93202 | C97: SINAPI | D97: Encunhamento (aperto de alvenaria) em tijolo cerâmicos maciços 5x10x20cm 1 vez (esp. 20cm), assentamento c/ argamassa traço1:6 (cimento e areia) | E97: m | F97: 50.56 | G97: 40.45 | H97: =F97-G97 -> 10.11 | I97: 28.23 | J97: =TRUNC(I97*(1+$F$4),2) -> 34.5 | K97: =ROUND(H97*J97,2) -> 348.8 | L97: =TRUNC(#REF!-(#REF!*0.07),2) -> #REF! | N97: =M97*K97 -> 0 | T97: =S97*K97 -> 0 | V97: =U97*K97 -> 0 | X97: =W97*K97 -> 0 | Z97: =Y97*K97 -> 0 | AB97: =AA97*K97 -> 0 | AN97: =ROUND(AM97*K97,2) -> 0 | AO97: 0.5 | AP97: =AO97*K97 -> 174.4 | AQ97: 0.3 | AR97: =AQ97*K97 -> 104.64 | AS97: =AT97/K97 -> 0.8 | AT97: =AN97+AP97+AR97 -> 279.04 | AU97: =AV97/K97 -> 0.2 | AV97: =K97-AT97 -> 69.76
A98: 5.6 | B98: 102253 | C98: SINAPI | D98: Divisória de banheiros e sanitários em granito com espessura de 2cm polido assentado com argamassa traço 1:4 | E98: m² | F98: 22.63 | G98: 0 | H98: =F98-G98 -> 22.63 | I98: 1075.08 | J98: =TRUNC(I98*(1+$F$4),2) -> 1314.07 | K98: =ROUND(H98*J98,2) -> 29737.4 | L98: =TRUNC(#REF!-(#REF!*0.07),2) -> #REF! | N98: =M98*K98 -> 0 | T98: =S98*K98 -> 0 | V98: =U98*K98 -> 0 | X98: =W98*K98 -> 0 | Z98: =Y98*K98 -> 0 | AB98: =AA98*K98 -> 0 | AN98: =ROUND(AM98*K98,2) -> 0 | AP98: =AO98*K98 -> 0 | AR98: =AQ98*K98 -> 0 | AS98: =AT98/K98 -> 0 | AT98: =AN98+AP98+AR98 -> 0 | AU98: =AV98/K98 -> 1 | AV98: =K98-AT98 -> 29737.4
D99: ALVENARIA DA MURETA | F99: 0 | J99: =TRUNC(I99*(1+$F$4),2) -> 0 | K99: =ROUND(F99*J99,2) -> 0
A100: 5.7 | B100: 103332 | C100: SINAPI | D100: Alvenaria de vedação de 1/2 vez em tijolos cerâmicos de 08 furos (dimensões nominais: 39x19x09); assentamento em argamassa no traço 1:2:8 (cimento, cal e areia) | E100: m² | F100: 18.12 | G100: 16.31 | H100: =F100-G100 -> 1.81 | I100: 120.92 | J100: =TRUNC(I100*(1+$F$4),2) -> 147.8 | K100: =ROUND(H100*J100,2) -> 267.52 | L100: =TRUNC(#REF!-(#REF!*0.07),2) -> #REF! | N100: =M100*K100 -> 0 | T100: =S100*K100 -> 0 | V100: =U100*K100 -> 0 | X100: =W100*K100 -> 0 | Z100: =Y100*K100 -> 0 | AB100: =AA100*K100 -> 0 | AN100: =ROUND(AM100*K100,2) -> 0 | AO100: 0.9 | AP100: =AO100*K100 -> 240.768 | AR100: =AQ100*K100 -> 0 | AS100: =AT100/K100 -> 0.9 | AT100: =AN100+AP100+AR100 -> 240.768 | AU100: =AV100/K100 -> 0.1 | AV100: =K100-AT100 -> 26.752
F101: Subtotal | J101: =TRUNC(I101*(1+$F$4),2) -> 0 | K101: =SUM(K92:K100) -> 32696.51 | L101: =TRUNC(#REF!-(#REF!*0.07),2) -> #REF! | M101: =N101/K101 -> 0 | N101: =SUM(N92:N100) -> 0 | S101: =T101/K101 -> 0.010125989 | T101: =SUM(T92:T100) -> 331.0845 | U101: =V101/K101 -> 0.020251978 | V101: =SUM(V92:V100) -> 662.169 | W101: =X101/K101 -> 0.016876648 | X101: =SUM(X92:X100) -> 551.8075 | Y101: =Z101/K101 -> 0.010125989 | Z101: =SUM(Z92:Z100) -> 331.0845 | AA101: =AB101/K101 -> 0.0067506593 | AB101: =SUM(AB92:AB100) -> 220.723 | AG101: =AH101/K101 -> -0.010125989 | AH101: =SUM(AH92:AH100) -> -331.0845 | AI101: =AJ101/K101 -> 0 | AJ101: =SUM(AJ92:AJ100) -> 0 | AM101: =AN101/K101 -> 0 | AN101: =SUM(AN92:AN100) -> 0 | AO101: =AP101/K101 -> 0.046450921 | AP101: =SUM(AP92:AP100) -> 1518.783 | AS101: =AT101/K101 -> 0.073634648 | AT101: =SUM(AT92:AT100) -> 2407.596 | AU101: =AV101/K101 -> 0.92636535 | AV101: =SUM(AV92:AV100) -> 30288.914
...

Sheet Composição Unitária de Preços
B1: PREFEITURA MUNICIPAL DE JUÍNA
B2: CNPJ: 15.359.201/0001-57
B3: Travessa Emmanuel, nº 33N, Centro, Juína-MT
B6: PROPRIETÁRIO: | D6: =[7]Resumo!B6 -> PREFEITURA MUNICIPAL DE JUÍNA
B7: LOCAL: | D7: RUA PARIRI - BAIRRO PADRE DUÍLIO
B8: OBRA: | D8: PROINFÂNCIA - TIPO 1 - CRECHE NOSSO LAR
B9: DATA: | D9: 25 DE NOVEMBRO DE 2022
B10: REFERÊNCIA SINAPI DE OUTUBRO/2022 - NÃO DESONERADO
B11: COMPOSIÇÃO UNITÁRIA DE PREÇO
B14: ITEM | C14: CÓDIGO | D14: DESCRIÇÃO DO SERVIÇO | E14: UNID. | F14: QUANT. | G14: VALOR UNITÁRIO | H14: VALOR TOTAL
B16: 1.0 - ADMINISTRAÇÃO LOCAL DA OBRA
B17: 2.0 - SERVIÇOS PRELIMINARES
B18: ='Planilha Orçamentária'!A12 -> 1.1 | C18: COMP. PMJ 001 | D18: PLACA DE OBRA EM CHAPA DE AÇO GALVANIZADO (REF. SINAPI 11/2019 - 74209/001) | E18: m²
B19: 4417 | C19: INSUMO | D19: SARRAFO DE MADEIRA NÃO APARELHADA*2,5 X 7* CM, MAÇARAMDUBA, ANGELIN OU EQUIVALENTE DA REGIÃO | E19: m | F19: 1 | G19: 6.93 | H19: =TRUNC(F19*G19,2) -> 6.93
B20: 4491 | C20: INSUMO | D20: PONTALETE DE MADEIRA NÃO APARELHADA *7,5 X 7,5* CM (3X3'') PINUS, MISTA OU EQUIVALENTE DA REGIÃO | E20: m | F20: 4 | G20: 11.67 | H20: =TRUNC(F20*G20,2) -> 46.68
B21: 4813 | C21: INSUMO | D21: PLACA DE OBRA (PARA CONSTRUÇÃO CIVIL) EM CHAPA GALVANIZADA *N. 22*, ADESIVADA, DE *2,0 X 1,125* M | E21: m² | F21: 1 | G21: 400 | H21: =TRUNC(F21*G21,2) -> 400
B22: 5075 | C22: INSUMO | D22: PREGO DE AÇO POLIDO COM CABEÇA 18 X 30 (2 3/4 X 10) | E22: kg | F22: 0.11 | G22: 25.89 | H22: =TRUNC(F22*G22,2) -> 2.84
B23: 88262 | C23: MÃO DE OBRA | D23: CARPINTEIRO DE FORMAS COM ENCARGOS COMPLEMENTARES | E23: H | F23: 1 | G23: 24.32 | H23: =TRUNC(F23*G23,2) -> 24.32
B24: 88316 | C24: MÃO DE OBRA | D24: SERVENTE COM ENCARGOS COMPLEMENTARES | E24: H | F24: 2 | G24: 19.45 | H24: =TRUNC(F24*G24,2) -> 38.9
B25: 94962 | C25: COMPOSIÇÃO | D25: CONCRETO MAGRO PARA LASTRO, TRAÇO 1:4,5:4,5 (CIMENTO, AREIA MÉDIA/ BRITA 1) - PREPARO MECÂNICO COM BETONEIRA 400 L. AF_07/2016. | E25: m³ | F25: 0.01 | G25: 438.71 | H25: =TRUNC(F25*G25,2) -> 4.38
B27: TOTAL MATERIAL | H27: =H19+H20+H21+H25+H22 -> 460.83
B28: TOTAL MÃO DE OBRA | H28: =H23+H24 -> 63.22
B29: TOTAL DO ITEM | H29: =TRUNC(H27+H28,2) -> 524.05
B31: ='Planilha Orçamentária'!A146 -> 6.37 | C31: COMP. PMJ 002 | D31: ESPELHO CRISTAL ESP. 4 MM SEM MOLDURA DE MADEIRA (REF. SINAPI 05/2018 - 85005) | E31: m²
B32: 442 | C32: INSUMO | D32: PARAFUSO FRANCES M16 EM AÇO GALVANIZADO, COMPRIMENTO = 45 MM, DIÂMETRO = 16 MM, CABEÇA ABAULADA | E32: und | F32: 4 | G32: 5.79 | H32: =TRUNC(F32*G32,2) -> 23.16
B33: 11186 | C33: INSUMO | D33: ESPELHO CRISTAL ESP. 4 MM | E33: m² | F33: 1 | G33: 668.87 | H33: =TRUNC(F33*G33,2) -> 668.87
B34: 88316 | C34: MÃO DE OBRA | D34: SERVENTE COM ENCARGOS COMPLEMENTARES | E34: H | F34: 0.4 | G34: 19.45 | H34: =TRUNC(F34*G34,2) -> 7.78
B35: 88325 | C35: MÃO DE OBRA | D35: VIDRACEIRO COM ENCARGOS COMPLEMENTARES | E35: H | F35: 2 | G35: 21.78 | H35: =TRUNC(F35*G35,2) -> 43.56
B37: TOTAL MATERIAL | H37: =H32+H33 -> 692.03
B38: TOTAL MÃO DE OBRA | H38: =H34+H35 -> 51.34
B39: TOTAL DO ITEM | H39: =TRUNC(H37+H38,2) -> 743.37
B41: ='Planilha Orçamentária'!A149 -> 6.39 | C41: COMP. PMJ 003 | D41: ='Planilha Orçamentária'!D149 -> Portão de abrir com gradil metálico e tela de aço galvanizado, inclusive pintura - fornecimento e instalação (referência 74238/2) | E41: m²
B42: 7167 | C42: INSUMO | D42: TELA DE ARAME GALV QUADRANGULAR / LOSANGULAR, FIO 2,11 MM (14 BWG), MALHA 5 X 5 CM, H = 2 M | E42: M² | F42: 1.1 | G42: 30.51 | H42: =TRUNC(F42*G42,2) -> 33.56
B43: 7697 | C43: INSUMO | D43: TUBO ACO GALVANIZADO COM COSTURA, CLASSE MEDIA, DN 1.1/2", E = *3,25* MM, PESO *3,61* KG/M (NBR 5580) | E43: m | F43: 1.4318 | G43: 57.67 | H43: =TRUNC(F43*G43,2) -> 82.57
B44: 10997 | C44: INSUMO | D44: ELETRODO REVESTIDO AWS - E7018, DIAMETRO IGUAL A 4,00 MM | E44: KG | F44: 3.37 | G44: 29.77 | H44: =TRUNC(F44*G44,2) -> 100.32
B45: 21010 | C45: INSUMO | D45: TUBO ACO GALVANIZADO COM COSTURA, CLASSE LEVE, DN 25 MM ( 1"), E = 2,65 MM, *2,11* KG/M (NBR 5580) | E45: M | F45: 6.7407 | G45: 35.77 | H45: =TRUNC(F45*G45,2) -> 241.11
B46: 83765 | C46: COMPOSIÇÃO | D46: GRUPO DE SOLDAGEM COM GERADOR A DIESEL 60 CV PARA SOLDA ELÉTRICA, SOBRE 04 RODAS, COM MOTOR 4 CILINDROS 600 A - CHP DIURNO. AF_02/2016 | E46: CHP | F46: 3.82 | G46: 99.55 | H46: =TRUNC(F46*G46,2) -> 380.28
B47: 83766 | C47: COMPOSIÇÃO | D47: GRUPO DE SOLDAGEM COM GERADOR A DIESEL 60 CV PARA SOLDA ELÉTRICA, SOBRE 04 RODAS, COM MOTOR 4 CILINDROS 600 A - CHI DIURNO. AF_02/2016 | E47: CHI | F47: 0.67 | G47: 35.65 | H47: =TRUNC(F47*G47,2) -> 23.88
B48: 88315 | C48: MÃO DE OBRA | D48: SERRALHEIRO COM ENCARGOS COMPLEMENTARES | E48: H | F48: 7 | G48: 24.44 | H48: =TRUNC(F48*G48,2) -> 171.08
B49: 88316 | C49: MÃO DE OBRA | D49: SERVENTE COM ENCARGOS COMPLEMENTARES | E49: H | F49: 11.5 | G49: 19.45 | H49: =TRUNC(F49*G49,2) -> 223.67
B50: 88317 | C50: MÃO DE OBRA | D50: SOLDADOR COM ENCARGOS COMPLEMENTARES | E50: H | F50: 4.5 | G50: 25.26 | H50: =TRUNC(F50*G50,2) -> 113.67
B52: TOTAL MATERIAL | H52: =H42+H43+H44+H45+H46+H47 -> 861.72
B53: TOTAL MÃO DE OBRA | H53: =H48+H49+H50 -> 508.42
B54: TOTAL DO ITEM | H54: =TRUNC(H52+H53,2) -> 1370.14
B56: ='Planilha Orçamentária'!A153 -> 7.1 | C56: COMP. PMJ 004 | E56: m²
B57: 43132 | C57: INSUMO | D57: ARAME RECOZIDO 18 BWG, 1,25 MM (0,01 KG/M) | E57: KG | F57: 0.02 | G57: 24.9 | H57: =TRUNC(F57*G57,2) -> 0.49
B58: 1346 | C58: INSUMO | D58: CHAPA DE MADEIRA COMPENSADA PLASTIFICADA PARA FORMA DE CONCRETO, DE 2,20 x 1,10 M, E = 10 MM | E58: M² | F58: 0.2 | G58: 77.52 | H58: =TRUNC(F58*G58,2) -> 15.5
B59: 5075 | C59: INSUMO | D59: PREGO DE ACO POLIDO COM CABECA 18 X 30 (2 3/4 X 10) | E59: KG | F59: 0.02 | G59: 25.89 | H59: =TRUNC(F59*G59,2) -> 0.51
B60: 6189 | C60: INSUMO | D60: TABUA MADEIRA 2A QUALIDADE 2,5 X 30,0CM (1 X 12") NAO APARELHADA | E60: m² | F60: 0.13 | G60: 26.29 | H60: =TRUNC(F60*G60,2) -> 3.41
B61: 10567 | C61: INSUMO | D61: TABUA MADEIRA 3A QUALIDADE 2,5 X 23,0CM (1 X 9") NAO APARELHADA | E61: m² | F61: 0.18 | G61: 13.19 | H61: =TRUNC(F61*G61,2) -> 2.37
B62: 88262 | C62: MÃO DE OBRA | D62: CARPINTEIRO DE FORMAS COM ENCARGOS COMPLEMENTARES | E62: H | F62: 0.13 | G62: 24.32 | H62: =TRUNC(F62*G62,2) -> 3.16
B63: 88309 | C63: MÃO DE OBRA | D63: PEDREIRO COM ENCARGOS COMPLEMENTARES | E63: H | F63: 0.3 | G63: 24.59 | H63: =TRUNC(F63*G63,2) -> 7.37
B64: 88316 | C64: MÃO DE OBRA | D64: SERVENTE COM ENCARGOS COMPLEMENTARES | E64: H | F64: 0.45 | G64: 19.45 | H64: =TRUNC(F64*G64,2) -> 8.75
B65: 94969 | C65: COMPOSIÇÃO | D65: CONCRETO FCK = 15MPA, TRAÇO 1:3,4:3,5 (CIMENTO/ AREIA MÉDIA/ BRITA 1) - PREPARO MECÂNICO COM BETONEIRA 600 L. AF_07/2016 | E65: m³ | F65: 0.014 | G65: 48.35 | H65: =TRUNC(F65*G65,2) -> 0.67
B67: TOTAL MATERIAL | H67: =H57+H58+H59+H60+H61+H65 -> 22.95
B68: TOTAL MÃO DE OBRA | H68: =H62+H63+H64 -> 19.28
B69: TOTAL DO ITEM | H69: =TRUNC(H67+H68,2) -> 42.23
B71: ='Planilha Orçamentária'!A177 -> 9.12 | C71: COMP. PMJ 005 | D71: ='Planilha Orçamentária'!D177 -> Forro em fibra mineral removível (1250x625x16mm) apoiado sobre perfil metálico "T" invertido 24mm (referência SINAPI maio/2018 Código 96115) | E71: m²
B72: 43130 | C72: INSUMO | D72: ARAME GALVANIZADO 10 BWG, 3,40 MM (0,0713 KG/M) | E72: KG | F72: 0.0327 | G72: 24.9 | H72: =TRUNC(F72*G72,2) -> 0.81
B73: 39430 | C73: INSUMO | D73: PENDURAL OU PRESILHA REGULADORA, EM AÇO GALVANIZADO , COM CORPO, MOLA E REBITE, PARA PERFIL TIPO CANALETA DE ESTRUTURA EM FORROS DE DRYWALL | E73: und | F73: 1.0183 | G73: 2.64 | H73: =TRUNC(F73*G73,2) -> 2.68
B74: 39443 | C74: INSUMO | D74: PARAFUSO DRY WALL, EM AÇO ZINCADO, CABEÇA LENTILHA E PONTA BROCA (LB), LARGURA 4,2 MM, COMPRIMENTO 13 MM | E74: und | F74: 1.0092 | G74: 0.27 | H74: =TRUNC(F74*G74,2) -> 0.27
B75: 39514 | C75: INSUMO | D75: PLACA DE FIBRA MINERAL PARA FORRO, DE 625 X 625 MM, E=15 MM, BORDA RETA, COM PINTURA ANTIMOFO (NÃO INCLUI PERFIS) | E75: und | F75: 2.7392 | G75: 27.98 | H75: =TRUNC(F75*G75,2) -> 76.64
B76: 39570 | C76: INSUMO | D76: PERFIL TRAVESSA (SECUNDÁRIO), T CLICADO, EM AÇO GALVANIZADO, BRANCO, PARA FORRO REMOVÍVEL, 24 X 1250 MM (L X C) | E76: m | F76: 0.0101 | G76: 6.24 | H76: =TRUNC(F76*G76,2) -> 0.06
B77: 39571 | C77: INSUMO | D77: PERFIL LONGARINA (PRINCIPAL), T CLICADO, EM AÇO, BRANCO, PARA FORRO REMOVÍVEL, 24 X 3750 MM (L X C) | E77: m | F77: 1.0092 | G77: 6.36 | H77: =TRUNC(F77*G77,2) -> 6.41
B78: 40547 | C78: INSUMO | D78: PARAFUSO ZINCADO, AUTOBROCANTE, FLANGEADO, 4,2 X 19'' | E78: CENTO | F78: 0.0101 | G78: 30.42 | H78: =TRUNC(F78*G78,2) -> 0.3
B79: 88278 | C79: COMPOSIÇÃO | D79: MONTADOR DE ESTRUTURAS METÁLICAS COM ENCARGOS COMPLEMENTARES | E79: H | F79: 0.5409 | G79: 17.66 | H79: =TRUNC(F79*G79,2) -> 9.55
B81: TOTAL MATERIAL | H81: =H72+H73+H74+H75+H76+H77+H78 -> 87.17
B82: TOTAL MÃO DE OBRA | H82: =H79 -> 9.55
B83: TOTAL DO ITEM | H83: =TRUNC(H81+H82,2) -> 96.72
B85: ='Planilha Orçamentária'!A206 -> 11.3 | C85: COMP. PMJ 006 | D85: ='Planilha Orçamentária'!D206 -> Pintura em latex PVA 02 demãos sobre teto (referencia SINAPI maio/2018 código 88486) | E85: m²
B86: 7345 | C86: INSUMO | D86: TINTA LATEX PVA PREMIUM, COR BRANCA | E86: L | F86: 0.33 | G86: 26.87 | H86: =TRUNC(F86*G86,2) -> 8.86
B87: 88310 | C87: MÃO DE OBRA | D87: PINTOR COM ENCAGOS COMPLEMENTARES | E87: H | F87: 0.17 | G87: 25.64 | H87: =TRUNC(F87*G87,2) -> 4.35
B88: 88316 | C88: MÃO DE OBRA | D88: SERVENTE COM ENCARGOS COMPLEMENTARES | E88: H | F88: 0.062 | G88: 19.45 | H88: =TRUNC(F88*G88,2) -> 1.2
B90: TOTAL MATERIAL | H90: =H86 -> 8.86
B91: TOTAL MÃO DE OBRA | H91: =H87+H88 -> 5.55
B92: TOTAL DO ITEM | H92: =TRUNC(H90+H91,2) -> 14.41
B94: ='Planilha Orçamentária'!A382 -> 15.29 | C94: COMP. PMJ 007 | D94: ='Planilha Orçamentária'!D382 -> Barra metálica com pintura azul para proteção dos espelhos e chuveiro infantil d=1 1/4" (referência SINAPI maio/2018 código 74072/3) | E94: m²
B95: 395 | C95: INSUMO | D95: ABRAÇADEIRA EM AÇO PARA AMARRAÇÃO DE ELETRODUTOS, TIPO D, COM 1 1/4'' E PARAFUSO DE FIXAÇÃO | E95: UND | F95: 2 | G95: 4.48 | H95: =TRUNC(F95*G95,2) -> 8.96
B96: 7698 | C96: INSUMO | D96: TUBO DE AÇO GALVANIZADO COM COSTURA, CLASSE MÉDIA, DN 1 1/4'' E = *3,25* MM, PESO *3,14* KG/M (NBR 5580) | E96: M | F96: 1 | G96: 49.64 | H96: =TRUNC(F96*G96,2) -> 49.64
B97: 88316 | C97: MÃO DE OBRA | D97: SERVENTE COM ENCARGOS COMPLEMENTARES | E97: H | F97: 3.3 | G97: 19.45 | H97: =TRUNC(F97*G97,2) -> 64.18
B98: 88631 | C98: COMPOSIÇÃO | D98: ARGAMASSA TRAÇO 1:4 (CIMENTO E AREIA MÉDIA), PREPARO MANUAL. AF_08/2014 | E98: m³ | F98: 0.003 | G98: 671.15 | H98: =TRUNC(F98*G98,2) -> 2.01
B100: TOTAL MATERIAL | H100: =H95+H96+H98 -> 60.61
B101: TOTAL MÃO DE OBRA | H101: =H97 -> 64.18
B102: TOTAL DO ITEM | H102: =TRUNC(H100+H101,2) -> 124.79
B104: ='Planilha Orçamentária'!A387 -> 16.2 | C104: COMP. PMJ 008 | D104: ='Planilha Orçamentária'!D387 -> Tela metálica para ventilação com requadro em alumínio (referência SINAPI 05/2018 código 85014) | E104: m²
B105: 599 | C105: INSUMO | D105: JANELA FIXA EM ALUMINIO, 60 X 80 CM (A X L), BATENTE / REQUADRO DE 3 A 14 CM, COM VIDRO, SEM GUARNIÇÃO / ALIZAR | E105: m² | F105: 1 | G105: 719.9 | H105: =TRUNC(F105*G105,2) -> 719.9
B106: 7167 | C106: INSUMO | D106: TELA DE ARAME GALV. REVESTIDO EM PVC, QUADRANGULAR / LOSANGULAR, FIO 2,77 MM (12 BWG), MALHA 3 X 3 CM, H = 2 M | E106: M² | F106: 1 | G106: 30.51 | H106: =TRUNC(F106*G106,2) -> 30.51
B107: 88309 | C107: MÃO DE OBRA | D107: PEDREIRO COM ENCARGOS COMPLEMENTARES | E107: H | F107: 0.8 | G107: 24.59 | H107: =TRUNC(F107*G107,2) -> 19.67
B108: 88315 | C108: MÃO DE OBRA | D108: SERRALHEIRO COM ENCARGOS COMPLEMENTARES | E108: H | F108: 1.2 | G108: 24.44 | H108: =TRUNC(F108*G108,2) -> 29.32
B109: 88316 | C109: MÃO DE OBRA | D109: SERVENTE COM ENCARGOS COMPLEMENTARES | E109: H | F109: 2 | G109: 19.45 | H109: =TRUNC(F109*G109,2) -> 38.9
B110: 88267 | C110: COMPOSIÇÃO | D110: ARGAMASSA TRAÇO 1:05:4,5 (CIMENTO, CAL E AREIA MÉDIA) PARA ASSENTAMENTO DE ALVENARIA, PREPARO MANUAL. AF_08/2014 | E110: m³ | F110: 0.006 | G110: 24.64 | H110: =TRUNC(F110*G110,2) -> 0.14
B112: TOTAL MATERIAL | H112: =H105+H106+H110 -> 750.55
B113: TOTAL MÃO DE OBRA | H113: =H107+H108+H109 -> 87.89
B114: TOTAL DO ITEM | H114: =TRUNC(H112+H113,2) -> 838.44
B116: ='Planilha Orçamentária'!A552 -> 20.22 | C116: COMP. PMJ 009 | D116: ='Planilha Orçamentária'!D552 -> Caixa de passagem em alvenaria 30x30x12 com tampa de ferro fundido (referência SINAPI maio/2018 - código 83446 | E116: und
B117: 43059 | C117: INSUMO | D117: AÇO CA-60, 5,0 MM, VERGALHÃO | E117: KG | F117: 2.156 | G117: 10.08 | H117: =TRUNC(F117*G117,2) -> 21.73
B118: 370 | C118: INSUMO | D118: AREIA MÉDIA - POSTO JAZIDA / FORNCEDOR (RETIRADO NA JAZIDA, SEM TRANSPORTE) | E118: M³ | F118: 0.0653 | G118: 125 | H118: =TRUNC(F118*G118,2) -> 8.16
B119: 1106 | C119: INSUMO | D119: CAL HIDRATADA CH-I PARA ARGAMASSA | E119: KG | F119: 3.0096 | G119: 0.95 | H119: =TRUNC(F119*G119,2) -> 2.85
B120: 1358 | C120: INSUMO | D120: CHAPA DE MADEIRA COMPENSADA RESINADA PARA FORMA DE CONCRETO, DE *2,2 X 1,1* M, E=17 MM | E120: M2 | F120: 0.06 | G120: 78.69 | H120: =TRUNC(F120*G120,2) -> 4.72
B121: 1379 | C121: INSUMO | D121: CIMENTO PORTLAND COMPOSTO CP II-32 | E121: KG | F121: 18.5084 | G121: 0.94 | H121: =TRUNC(F121*G121,2) -> 17.39
...

Sheet BDI 
B2: =1+K16/100+K18/100+K19/100+K20/100 -> 1.0607
B3: =1+K17/100 -> 1.0123
E5: ='Planilha Orçamentária'!A1 -> PREFEITURA MUNICIPAL DE JUÍNA | H5: Ref.: Tabela de Serviços SINAPI (MAIOL/2018) COM DESONERAÇÃO e/ou SEINFRA E ORSE
H6: BDI | I6: =K32 -> 0.22226164
E7: COMPOSIÇÃO DE BDI
E9: OBRA: | F9: Proinfância - Tipo 1 (CRECHE NOSSO LAR) | K9: DATA: | L9: 43277
E10: LOCAL: | F10: Rua Pariri, bairro Padre Duílio, Juína-MT | J10: LEIS SOCIAIS: | L10: ='[8]ORÇAMENTO '!J8 -> 0.9001
E12: BDI
E13: ITEM | F13: DISCRIMINAÇÃO | K13: PERCENTUAL
K14: ( % )
B15: MAX | C15: MIN | E15: 1 | F15: ADMINISTRAÇÃO DA OBRA | K15: =K16+K17+K18+K19+K20 -> 7.3
B16: 5.5 | C16: 3 | E16: 1.1 | F16: AC - Administração Central | K16: 4 | N16: =1+K16/100+K18/100+K19/100+K20/100 -> 1.0607
B17: 1.39 | C17: 0.59 | E17: 1.2 | F17: DF - Custos Financeiras | K17: 1.23 | N17: =1+K22/100 -> 1.074
B18: 1.27 | C18: 0.97 | E18: 1.3 | F18: C - Riscos | K18: 1.27 | N18: =1+K17/100 -> 1.0123
E19: 1.4 | F19: SG - Seguros e Garantias | K19: 0.8 | N19: =1-K25/100 -> 0.9435
N20: =N16*N17*N18/N19 -> 1.2222616
N21: =N20-1 -> 0.22226164
E22: 2.0 | F22: LUCRO | K22: =K23 -> 7.4
B23: 8.96 | C23: 6.16 | E23: 2.1 | F23: L - Lucro Operacional | K23: 7.4
E25: 3.0 | F25: TRIBUTOS | K25: =K26+K27+K28+K29 -> 5.65
E26: 3.1 | F26: **ISS | K26: 2
B27: =1+K23/100 -> 1.074 | E27: 3.2 | F27: Cofins | K27: 3
B28: =1-K25/100 -> 0.9435 | E28: 3.3 | F28: Pis | K28: 0.65
B29: =B2*B3*B27 -> 1.1532039 | E29: 3.4 | F29: Contribuição Previdenciária - Lei nº 12.546/13 | K29: 0
B30: =B29/B28 -> 1.2222616 | E30: **ISS - Repassado pelo município
B31: =B30-1 -> 0.22226164 | E31: Segundo o que determina a lei nº 8.666/93, admite-se fixar o percentual de BDI, dede que seguindo as técnicas da Engenharia e Custos.
B32: =B31 -> 0.22226164 | E32: TAXA DE BDI A SER APLICADA SOBRE O CUSTO DIRETO | K32: =N21 -> 0.22226164
E34: VALOR DA OBRA | K34: ='Planilha Orçamentária'!K612 -> 1404781.6
E35: Não incidem IRPJ e CSLL na composição de Tributos.
E36: CÁLCULO DO BDI
F38: BDI = | G38: ( 1 + AC + S + R + G ) ( 1 + DF ) ( 1 + L ) | K38: -1
G39: (1-I)
F41: **ISS - Imposto Sobre Serviços
F42: 0.05 | G42: ISS - Repassado pelo município
F44: 0.4 | G44: % SOBRE MÃO DE OBRA

Sheet serviços
A2: 97141 | B2: ASSENTAMENTO DE TUBO DE FERRO FUNDIDO PARA REDE DE ÁGUA, DN 80 MM, JUNTA ELÁSTICA, INSTALADO EM LOCAL COM NÍVEL ALTO DE INTERFERÊNCIAS (NÃO INCLUI FORNECIMENTO). AF_11/2017 | C2: M | D2: 5.37
A3: 97142 | B3: ASSENTAMENTO DE TUBO DE FERRO FUNDIDO PARA REDE DE ÁGUA, DN 100 MM, JUNTA ELÁSTICA, INSTALADO EM LOCAL COM NÍVEL ALTO DE INTERFERÊNCIAS (NÃO INCLUI FORNECIMENTO). AF_11/2017 | C3: M | D3: 5.97
A4: 97143 | B4: ASSENTAMENTO DE TUBO DE FERRO FUNDIDO PARA REDE DE ÁGUA, DN 150 MM, JUNTA ELÁSTICA, INSTALADO EM LOCAL COM NÍVEL ALTO DE INTERFERÊNCIAS (NÃO INCLUI FORNECIMENTO). AF_11/2017 | C4: M | D4: 7.52
A5: 97144 | B5: ASSENTAMENTO DE TUBO DE FERRO FUNDIDO PARA REDE DE ÁGUA, DN 200 MM, JUNTA ELÁSTICA, INSTALADO EM LOCAL COM NÍVEL ALTO DE INTERFERÊNCIAS (NÃO INCLUI FORNECIMENTO). AF_11/2017 | C5: M | D5: 9.05
A6: 97145 | B6: ASSENTAMENTO DE TUBO DE FERRO FUNDIDO PARA REDE DE ÁGUA, DN 250 MM, JUNTA ELÁSTICA, INSTALADO EM LOCAL COM NÍVEL ALTO DE INTERFERÊNCIAS (NÃO INCLUI FORNECIMENTO). AF_11/2017 | C6: M | D6: 10.61
A7: 97146 | B7: ASSENTAMENTO DE TUBO DE FERRO FUNDIDO PARA REDE DE ÁGUA, DN 300 MM, JUNTA ELÁSTICA, INSTALADO EM LOCAL COM NÍVEL ALTO DE INTERFERÊNCIAS (NÃO INCLUI FORNECIMENTO). AF_11/2017 | C7: M | D7: 12.17
A8: 97147 | B8: ASSENTAMENTO DE TUBO DE FERRO FUNDIDO PARA REDE DE ÁGUA, DN 350 MM, JUNTA ELÁSTICA, INSTALADO EM LOCAL COM NÍVEL ALTO DE INTERFERÊNCIAS (NÃO INCLUI FORNECIMENTO). AF_11/2017 | C8: M | D8: 13.72
A9: 97148 | B9: ASSENTAMENTO DE TUBO DE FERRO FUNDIDO PARA REDE DE ÁGUA, DN 400 MM, JUNTA ELÁSTICA, INSTALADO EM LOCAL COM NÍVEL ALTO DE INTERFERÊNCIAS (NÃO INCLUI FORNECIMENTO). AF_11/2017 | C9: M | D9: 15.28
A10: 97149 | B10: ASSENTAMENTO DE TUBO DE FERRO FUNDIDO PARA REDE DE ÁGUA, DN 450 MM, JUNTA ELÁSTICA, INSTALADO EM LOCAL COM NÍVEL ALTO DE INTERFERÊNCIAS (NÃO INCLUI FORNECIMENTO). AF_11/2017 | C10: M | D10: 16.84
A11: 97150 | B11: ASSENTAMENTO DE TUBO DE FERRO FUNDIDO PARA REDE DE ÁGUA, DN 500 MM, JUNTA ELÁSTICA, INSTALADO EM LOCAL COM NÍVEL ALTO DE INTERFERÊNCIAS (NÃO INCLUI FORNECIMENTO). AF_11/2017 | C11: M | D11: 20.72
A12: 97151 | B12: ASSENTAMENTO DE TUBO DE FERRO FUNDIDO PARA REDE DE ÁGUA, DN 600 MM, JUNTA ELÁSTICA, INSTALADO EM LOCAL COM NÍVEL ALTO DE INTERFERÊNCIAS (NÃO INCLUI FORNECIMENTO). AF_11/2017 | C12: M | D12: 24.17
A13: 97152 | B13: ASSENTAMENTO DE TUBO DE FERRO FUNDIDO PARA REDE DE ÁGUA, DN 700 MM, JUNTA ELÁSTICA, INSTALADO EM LOCAL COM NÍVEL ALTO DE INTERFERÊNCIAS (NÃO INCLUI FORNECIMENTO). AF_11/2017 | C13: M | D13: 27.46
... A250: 83535 | B250: CURVA PVC PARA REDE COLETOR ESGOTO, EB-644, 45 GR, 200 MM, COM JUNTA ELASTICA. | C250: UN | D250: 228.79
A251: 73884/1 | B251: INSTALAÇÃO DE VÁLVULAS OU REGISTROS COM JUNTA FLANGEADA - DN 50 | C251: UN | D251: 40.04
A252: 73884/2 | B252: INSTALAÇÃO DE VÁLVULAS OU REGISTROS COM JUNTA FLANGEADA - DN 75 | C252: UN | D252: 68.45
A253: 73884/3 | B253: INSTALAÇÃO DE VÁLVULAS OU REGISTROS COM JUNTA FLANGEADA - DN 100 | C253: UN | D253: 85.58
A254: 73884/4 | B254: INSTALAÇÃO DE VÁLVULAS OU REGISTROS COM JUNTA FLANGEADA - DN 150 | C254: UN | D254: 443.74
A255: 73884/5 | B255: INSTALAÇÃO DE VÁLVULAS OU REGISTROS COM JUNTA FLANGEADA - DN 200 | C255: UN | D255: 517.7
A256: 73884/6 | B256: INSTALAÇÃO DE VÁLVULAS OU REGISTROS COM JUNTA FLANGEADA - DN 250 | C256: UN | D256: 628.64
A257: 73884/7 | B257: INSTALAÇÃO DE VÁLVULAS OU REGISTROS COM JUNTA FLANGEADA - DN 300 | C257: UN | D257: 702.6
A258: 73884/8 | B258: INSTALAÇÃO DE VÁLVULAS OU REGISTROS COM JUNTA FLANGEADA - DN 350 | C258: UN | D258: 739.6
A259: 73884/9 | B259: INSTALAÇÃO DE VÁLVULAS OU REGISTROS COM JUNTA FLANGEADA - DN 400 | C259: UN | D259: 813.54
A260: 73884/10 | B260: INSTALAÇÃO DE VÁLVULAS OU REGISTROS COM JUNTA FLANGEADA - DN 450 | C260: UN | D260: 850.53
A261: 73884/11 | B261: INSTALAÇÃO DE VÁLVULAS OU REGISTROS COM JUNTA FLANGEADA - DN 500 | C261: UN | D261: 924.5
A262: 73884/12 | B262: INSTALAÇÃO DE VÁLVULAS OU REGISTROS COM JUNTA FLANGEADA - DN 600 | C262: UN | D262: 998.44
... A278: 73885/12 | B278: INSTALAÇÃO DE VÁLVULAS OU REGISTROS COM JUNTA ELÁSTICA - DN 600 | C278: UN | D278: 421.55
A279: 92235 | B279: FECHAMENTO DE CONSTRUÇÃO TEMPORÁRIA EM CHAPA DE MADEIRA COMPENSADA E=10MM, COM REAPROVEITAMENTO DE 2X. | C279: M2 | D279: 49.86
A280: 93206 | B280: EXECUÇÃO DE ESCRITÓRIO EM CANTEIRO DE OBRA EM ALVENARIA, NÃO INCLUSO MOBILIÁRIO E EQUIPAMENTOS. AF_02/2016 | C280: M2 | D280: 718.63
A281: 93207 | B281: EXECUÇÃO DE ESCRITÓRIO EM CANTEIRO DE OBRA EM CHAPA DE MADEIRA COMPENSADA, NÃO INCLUSO MOBILIÁRIO E EQUIPAMENTOS. AF_02/2016 | C281: M2 | D281: 597.56
A282: 93208 | B282: EXECUÇÃO DE ALMOXARIFADO EM CANTEIRO DE OBRA EM CHAPA DE MADEIRA COMPENSADA, INCLUSO PRATELEIRAS. AF_02/2016 | C282: M2 | D282: 435.46
A283: 93209 | B283: EXECUÇÃO DE ALMOXARIFADO EM CANTEIRO DE OBRA EM ALVENARIA, INCLUSO PRATELEIRAS. AF_02/2016 | C283: M2 | D283: 551.62
A284: 93210 | B284: EXECUÇÃO DE REFEITÓRIO EM CANTEIRO DE OBRA EM CHAPA DE MADEIRA COMPENSADA, NÃO INCLUSO MOBILIÁRIO E EQUIPAMENTOS. AF_02/2016 | C284: M2 | D284: 325.77
A285: 93211 | B285: EXECUÇÃO DE REFEITÓRIO EM CANTEIRO DE OBRA EM ALVENARIA, NÃO INCLUSO MOBILIÁRIO E EQUIPAMENTOS. AF_02/2016 | C285: M2 | D285: 349.38
A286: 93212 | B286: EXECUÇÃO DE SANITÁRIO E VESTIÁRIO EM CANTEIRO DE OBRA EM CHAPA DE MADEIRA COMPENSADA, NÃO INCLUSO MOBILIÁRIO. AF_02/2016 | C286: M2 | D286: 556.93
A287: 93213 | B287: EXECUÇÃO DE SANITÁRIO E VESTIÁRIO EM CANTEIRO DE OBRA EM ALVENARIA, NÃO INCLUSO MOBILIÁRIO. AF_02/2016 | C287: M2 | D287: 658.07
A288: 93214 | B288: EXECUÇÃO DE RESERVATÓRIO ELEVADO DE ÁGUA (1000 LITROS) EM CANTEIRO DE OBRA, APOIADO EM ESTRUTURA DE MADEIRA. AF_02/2016 | C288: UN | D288: 2624.03
A289: 93243 | B289: EXECUÇÃO DE RESERVATÓRIO ELEVADO DE ÁGUA (2000 LITROS) EM CANTEIRO DE OBRA, APOIADO EM ESTRUTURA DE MADEIRA. AF_02/2016 | C289: UN | D289: 4013.16
A290: 93582 | B290: EXECUÇÃO DE CENTRAL DE ARMADURA EM CANTEIRO DE OBRA, NÃO INCLUSO MOBILIÁRIO E EQUIPAMENTOS. AF_04/2016 | C290: M2 | D290: 150.79
... A314: 98462 | B314: ESTRUTURA DE MADEIRA PROVISÓRIA PARA SUPORTE DE CAIXA DÁGUA ELEVADA DE 3000 LITROS. AF_05/2018 | C314: UN | D314: 3120.76
A315: 74209/1 | B315: PLACA DE OBRA EM CHAPA DE ACO GALVANIZADO | C315: M2 | D315: 469.13
A316: 73847/1 | B316: ALUGUEL CONTAINER/ESCRIT INCL INST ELET LARG=2,20 COMP=6,20M ALT=2,50M CHAPA ACO C/NERV TRAPEZ FORRO C/ISOL TERMO/ACUSTICO CHASSIS REFORC PISO COMPENS NAVAL EXC TRANSP/CARGA/DESCARGA | C316: MES | D316: 394.53
A317: 5631 | B317: ESCAVADEIRA HIDRÁULICA SOBRE ESTEIRAS, CAÇAMBA 0,80 M3, PESO OPERACIONAL 17 T, POTENCIA BRUTA 111 HP - CHP DIURNO. AF_06/2014 | C317: CHP | D317: 133.86
A318: 5678 | B318: RETROESCAVADEIRA SOBRE RODAS COM CARREGADEIRA, TRAÇÃO 4X4, POTÊNCIA LÍQ. 88 HP, CAÇAMBA CARREG. CAP. MÍN. 1 M3, CAÇAMBA RETRO CAP. 0,26 M3, PESO OPERACIONAL MÍN. 6.674 KG, PROFUNDIDADE ESCAVAÇÃO MÁX. 4,37 M - CHP DIURNO. AF_06/2014 | C318: CHP | D318: 99.14
A319: 5680 | B319: RETROESCAVADEIRA SOBRE RODAS COM CARREGADEIRA, TRAÇÃO 4X2, POTÊNCIA LÍQ. 79 HP, CAÇAMBA CARREG. CAP. MÍN. 1 M3, CAÇAMBA RETRO CAP. 0,20 M3, PESO OPERACIONAL MÍN. 6.570 KG, PROFUNDIDADE ESCAVAÇÃO MÁX. 4,37 M - CHP DIURNO. AF_06/2014 | C319: CHP | D319: 91.69
A320: 5684 | B320: ROLO COMPACTADOR VIBRATÓRIO DE UM CILINDRO AÇO LISO, POTÊNCIA 80 HP, PESO OPERACIONAL MÁXIMO 8,1 T, IMPACTO DINÂMICO 16,15 / 9,5 T, LARGURA DE TRABALHO 1,68 M - CHP DIURNO. AF_06/2014 | C320: CHP | D320: 89.04
A321: 5689 | B321: GRADE DE DISCO CONTROLE REMOTO REBOCÁVEL, COM 24 DISCOS 24 X 6 MM COM PNEUS PARA TRANSPORTE - CHP DIURNO. AF_06/2014 | C321: CHP | D321: 2.86
A322: 5795 | B322: MARTELETE OU ROMPEDOR PNEUMÁTICO MANUAL, 28 KG, COM SILENCIADOR - CHP DIURNO. AF_07/2016 | C322: CHP | D322: 14.77
A323: 5811 | B323: CAMINHÃO BASCULANTE 6 M3, PESO BRUTO TOTAL 16.000 KG, CARGA ÚTIL MÁXIMA 13.071 KG, DISTÂNCIA ENTRE EIXOS 4,80 M, POTÊNCIA 230 CV INCLUSIVE CAÇAMBA METÁLICA - CHP DIURNO. AF_06/2014 | C323: CHP | D323: 168.28
A324: 5823 | B324: USINA DE CONCRETO FIXA, CAPACIDADE NOMINAL DE 90 A 120 M3/H, SEM SILO - CHP DIURNO. AF_07/2016 | C324: CHP | D324: 159.02
A325: 5824 | B325: CAMINHÃO TOCO, PBT 16.000 KG, CARGA ÚTIL MÁX. 10.685 KG, DIST. ENTRE EIXOS 4,8 M, POTÊNCIA 189 CV, INCLUSIVE CARROCERIA FIXA ABERTA DE MADEIRA P/ TRANSPORTE GERAL DE CARGA SECA, DIMEN. APROX. 2,5 X 7,00 X 0,50 M - CHP DIURNO. AF_06/2014 | C325: CHP | D325: 134.32
A326: 5835 | B326: VIBROACABADORA DE ASFALTO SOBRE ESTEIRAS, LARGURA DE PAVIMENTAÇÃO 1,90 M A 5,30 M, POTÊNCIA 105 HP CAPACIDADE 450 T/H - CHP DIURNO. AF_11/2014 | C326: CHP | D326: 189.57
A327: 5839 | B327: VASSOURA MECÂNICA REBOCÁVEL COM ESCOVA CILÍNDRICA, LARGURA ÚTIL DE VARRIMENTO DE 2,44 M - CHP DIURNO. AF_06/2014 | C327: CHP | D327: 4.23
A328: 5843 | B328: TRATOR DE PNEUS, POTÊNCIA 122 CV, TRAÇÃO 4X4, PESO COM LASTRO DE 4.510 KG - CHP DIURNO. AF_06/2014 | C328: CHP | D328: 100.32
... A1024: 93270 | B1024: GRUA ASCENCIONAL, LANÇA DE 30 M, CAPACIDADE DE 1,0 T A 30 M, ALTURA ATÉ 39 M MANUTENÇÃO. AF_03/2016 | C1024: H | D1024: 23.8
A1025: 93271 | B1025: GRUA ASCENCIONAL, LANÇA DE 30 M, CAPACIDADE DE 1,0 T A 30 M, ALTURA ATÉ 39 M MATERIAIS NA OPERAÇÃO. AF_03/2016 | C1025: H | D1025: 4,39
A1026: 93277 | B1026: GUINCHO ELÉTRICO DE COLUNA, CAPACIDADE 400 KG, COM MOTO FREIO, MOTOR TRIFÁSICO DE 1,25 CV - DEPRECIAÇÃO. AF_03/2016 | C1026: H | D1026: 0,27
A1027: 93278 | B1027: GUINCHO ELÉTRICO DE COLUNA, CAPACIDADE 400 KG, COM MOTO FREIO, MOTOR TRIFÁSICO DE 1,25 CV - JUROS. AF_03/2016 | C1027: H | D1027: 0,06
A1028: 93279 | B1028: GUINCHO ELÉTRICO DE COLUNA, CAPACIDADE 400 KG, COM MOTO FREIO, MOTOR TRIFÁSICO DE 1,25 CV - MANUTENÇÃO. AF_03/2016 | C1028: H | D1028: 0,25
A1029: 93280 | B1029: GUINCHO ELÉTRICO DE COLUNA, CAPACIDADE 400 KG, COM MOTO FREIO, MOTOR TRIFÁSICO DE 1,25 CV - MATERIAIS NA OPERAÇÃO. AF_03/2016 | C1029: H | D1029: 0,36
A1030: 93283 | B1030: GUINDASTE HIDRÁULICO AUTOPROPELIDO, COM LANÇA TELESCÓPICA 40 M, CAPACIDADE MÁXIMA 60 T, POTÊNCIA 260 KW - DEPRECIAÇÃO. AF_03/2016 | C1030: H | D1030: 45,74
A1031: 93284 | B1031: GUINDASTE HIDRÁULICO AUTOPROPELIDO, COM LANÇA TELESCÓPICA 40 M, CAPACIDADE MÁXIMA 60 T, POTÊNCIA 260 KW - JUROS. AF_03/2016 | C1031: H | D1031: 15,66
A1032: 93285 | B1032: GUINDASTE HIDRÁULICO AUTOPROPELIDO, COM LANÇA TELESCÓPICA 40 M, CAPACIDADE MÁXIMA 60 T, POTÊNCIA 260 KW - MANUTENÇÃO. AF_03/2016 | C1032: H | D1032: 73,54
A1033: 93286 | B1033: GUINDASTE HIDRÁULICO AUTOPROPELIDO, COM LANÇA TELESCÓPICA 40 M, CAPACIDADE MÁXIMA 60 T, POTÊNCIA 260 KW - MATERIAIS NA OPERAÇÃO. AF_03/2016 | C1033: H | D1033: 103,87
A1034: 93296 | B1034: GUINDASTE HIDRÁULICO AUTOPROPELIDO, COM LANÇA TELESCÓPICA 40 M, CAPACIDADE MÁXIMA 60 T, POTÊNCIA 260 KW - IMPOSTOS E SEGUROS. AF_03/2016 | C1034: H | D1034: 3,20
A1035: 93397 | B1035: GUINDAUTO HIDRÁULICO, CAPACIDADE MÁXIMA DE CARGA 3300 KG, MOMENTO MÁXIMO DE CARGA 5,8 TM, ALCANCE MÁXIMO HORIZONTAL 7,60 M, INCLUSIVE CAMINHÃO TOCO PBT 16.000 KG, POTÊNCIA DE 189 CV - DEPRECIAÇÃO. AF_03/2016 | C1035: H | D1035: 8,06
A1036: 93398 | B1036: GUINDAUTO HIDRÁULICO, CAPACIDADE MÁXIMA DE CARGA 3300 KG, MOMENTO MÁXIMO DE CARGA 5,8 TM, ALCANCE MÁXIMO HORIZONTAL 7,60 M, INCLUSIVE CAMINHÃO TOCO PBT 16.000 KG, POTÊNCIA DE 189 CV - JUROS. AF_03/2016 | C1036: H | D1036: 3,22
... A1235: 94218 | B1235: TELHAMENTO COM TELHA ESTRUTURAL DE FIBROCIMENTO E= 6 MM, COM ATÉ 2 ÁGUAS, INCLUSO IÇAMENTO. AF_06/2016 | C1235: M2 | D1235: 71,58
A1236: 73866/4 | B1236: ESTRUTURA PARA COBERTURA EM ARCO, EM ALUMINIO ANODIZADO, VAO DE 20M, ESPACAMENTO DE 5M ATE 6,5M | C1236: M2 | D1236: 345,59
A1237: 73866/5 | B1237: ESTRUTURA PARA COBERTURA EM ARCO, EM ALUMINIO ANODIZADO, VAO DE 30M, ESPACAMENTO DE 5M ATE 6,5M | C1237: M2 | D1237: 367,68
A1238: 73866/6 | B1238: ESTRUTURA PARA COBERTURA EM ARCO, EM ALUMINIO ANODIZADO, VAO DE 40M, ESPACAMENTO DE 5M ATE 6,5M | C1238: M2 | D1238: 385,24
A1239: 73866/7 | B1239: ESTRUTURA PARA COBERTURA TIPO SHED, EM ALUMINIO ANODIZADO, VAO DE 20M, ESPACAMENTO DAS TESOURAS DE 5M ATE 6,5M | C1239: M2 | D1239: 415,46
A1240: 73866/8 | B1240: ESTRUTURA PARA COBERTURA TIPO SHED, EM ALUMINIO ANODIZADO, VAO DE 30M, ESPACAMENTO DAS TESOURAS DE 5M ATE 6,5M | C1240: M2 | D1240: 498,92
A1241: 73866/9 | B1241: ESTRUTURA PARA COBERTURA TIPO SHED, EM ALUMINIO ANODIZADO, VAO DE 40M, ESPACAMENTO DAS TESOURAS DE 5M ATE 6,5M | C1241: M2 | D1241: 517,48
A1242: 73867/1 | B1242: ESTRUTURA TIPO ESPACIAL EM ALUMINIO ANODIZADO, VAO DE 20M | C1242: M2 | D1242: 163,92
A1243: 73867/2 | B1243: ESTRUTURA TIPO ESPACIAL EM ALUMINIO ANODIZADO, VAO DE 30M | C1243: M2 | D1243: 183,35
A1244: 73867/3 | B1244: ESTRUTURA TIPO ESPACIAL EM ALUMINIO ANODIZADO, VAO DE 40M | C1244: M2 | D1244: 226,53
A1245: 73867/4 | B1245: ESTRUTURA TIPO ESPACIAL EM ALUMINIO ANODIZADO, VAO DE 50M | C1245: M2 | D1245: 235,17
A1246: 75220 | B1246: CUMEEIRA EM PERFIL ONDULADO DE ALUMÍNIO | C1246: M | D1246: 32,90
A1247: 94213 | B1247: TELHAMENTO COM TELHA DE AÇO/ALUMÍNIO E = 0,5 MM, COM ATÉ 2 ÁGUAS, INCLUSO IÇAMENTO. AF_06/2016 | C1247: M2 | D1247: 39,38
A1248: 94216 | B1248: TELHAMENTO COM TELHA METÁLICA TERMOACÚSTICA E = 30 MM, COM ATÉ 2 ÁGUAS, INCLUSO IÇAMENTO. AF_06/2016 | C1248: M2 | D1248: 103,11
A1249: 94219 | B1249: CUMEEIRA E ESPIGÃO PARA TELHA CERÂMICA EMBOÇADA COM ARGAMASSA TRAÇO 1:2:9 (CIMENTO, CAL E AREIA), PARA TELHADOS COM MAIS DE 2 ÁGUAS, INCLUSO TRANSPORTE VERTICAL. AF_06/2016 | C1249: M | D1249: 23,56
A1250: 94220 | B1250: CUMEEIRA E ESPIGÃO PARA TELHA DE CONCRETO EMBOÇADA COM ARGAMASSA TRAÇO 1:2:9 (CIMENTO, CAL E AREIA), PARA TELHADOS COM MAIS DE 2 ÁGUAS, INCLUSO TRANSPORTE VERTICAL. AF_06/2016 | C1250: M | D1250: 41,20
A1251: 94221 | B1251: CUMEEIRA PARA TELHA CERÂMICA EMBOÇADA COM ARGAMASSA TRAÇO 1:2:9 (CIMENTO, CAL E AREIA) PARA TELHADOS COM ATÉ 2 ÁGUAS, INCLUSO TRANSPORTE VERTICAL. AF_06/2016 | C1251: M | D1251: 18,95
A1252: 94222 | B1252: CUMEEIRA PARA TELHA DE CONCRETO EMBOÇADA COM ARGAMASSA TRAÇO 1:2:9 (CIMENTO, CAL E AREIA) PARA TELHADOS COM ATÉ 2 ÁGUAS, INCLUSO TRANSPORTE VERTICAL. AF_06/2016 | C1252: M | D1252: 36,59
A1253: 74045/2 | B1253: CUMEEIRA TIPO SHED PARA TELHA DE FIBROCIMENTO ONDULADA, INCLUSO JUNTAS DE VEDACAO E ACESSORIOS DE FIXACAO | C1253: M | D1253: 44,31
A1254: 94223 | B1254: CUMEEIRA PARA TELHA DE FIBROCIMENTO ONDULADA E = 6 MM, INCLUSO ACESSÓRIOS DE FIXAÇÃO E IÇAMENTO. AF_06/2016 | C1254: M | D1254: 42,03
A1255: 94451 | B1255: CUMEEIRA PARA TELHA DE FIBROCIMENTO ESTRUTURAL E = 6 MM, INCLUSO ACESSÓRIOS DE FIXAÇÃO E IÇAMENTO. AF_06/2016 | C1255: M | D1255: 94,16
A1256: 94230 | B1256: CALHA DE BEIRAL, SEMICIRCULAR DE PVC, DIAMETRO 125 MM, INCLUINDO CABECEIRAS, EMENDAS, BOCAIS, SUPORTES E VEDAÇÕES, EXCLUINDO CONDUTORES, INCLUSO TRANSPORTE VERTICAL. AF_06/2016 | C1256: M | D1256: 61,79
A1257: 94227 | B1257: CALHA EM CHAPA DE AÇO GALVANIZADO NÚMERO 24, DESENVOLVIMENTO DE 33 CM, INCLUSO TRANSPORTE VERTICAL. AF_06/2016 | C1257: M | D1257: 32,22
A1258: 94228 | B1258: CALHA EM CHAPA DE AÇO GALVANIZADO NÚMERO 24, DESENVOLVIMENTO DE 50 CM, INCLUSO TRANSPORTE VERTICAL. AF_06/2016 | C1258: M | D1258: 44,66
A1259: 94229 | B1259: CALHA EM CHAPA DE AÇO GALVANIZADO NÚMERO 24, DESENVOLVIMENTO DE 100 CM, INCLUSO TRANSPORTE VERTICAL. AF_06/2016 | C1259: M | D1259: 86,72
A1260: 94231 | B1260: RUFO EM CHAPA DE AÇO GALVANIZADO NÚMERO 24, CORTE DE 25 CM, INCLUSO TRANSPORTE VERTICAL. AF_06/2016 | C1260: M | D1260: 23,09
A1261: 94450 | B1261: RUFO EM FIBROCIMENTO PARA TELHA ONDULADA E = 6 MM, ABA DE 26 CM, INCLUSO TRANSPORTE VERTICAL. AF_06/2016 | C1261: M | D1261: 48,11
A1262: 94449 | B1262: TELHAMENTO COM TELHA ONDULADA DE FIBRA DE VIDRO E = 0,6 MM, PARA TELHADO COM INCLINAÇÃO MAIOR QUE 10°, COM ATÉ 2 ÁGUAS, INCLUSO IÇAMENTO. AF_06/2016 | C1262: M2 | D1262: 45,12
A1263: 72110 | B1263: ESTRUTURA METALICA EM TESOURAS OU TRELICAS, VAO LIVRE DE 12M, FORNECIMENTO E MONTAGEM, NAO SENDO CONSIDERADOS OS FECHAMENTOS METALICOS, AS COLUNAS, OS SERVICOS GERAIS EM ALVENARIA E CONCRETO, AS TELHAS DE COBERTURA E A PINTURA DE ACABAMENTO | C1263: M2 | D1263: 66,84
A1264: 72111 | B1264: ESTRUTURA METALICA EM TESOURAS OU TRELICAS, VAO LIVRE DE 15M, FORNECIMENTO E MONTAGEM, NAO SENDO CONSIDERADOS OS FECHAMENTOS METALICOS, AS COLUNAS, OS SERVICOS GERAIS EM ALVENARIA E CONCRETO, AS TELHAS DE COBERTURA E A PINTURA DE ACABAMENTO | C1264: M2 | D1264: 72,97
A1265: 72112 | B1265: ESTRUTURA METALICA EM TESOURAS OU TRELICAS, VAO LIVRE DE 20M, FORNECIMENTO E MONTAGEM, NAO SENDO CONSIDERADOS OS FECHAMENTOS METALICOS, AS COLUNAS, OS SERVICOS GERAIS EM ALVENARIA E CONCRETO, AS TELHAS DE COBERTURA E A PINTURA DE ACABAMENTO | C1265: M2 | D1265: 79,09
... A1267: 72114 | B1267: ESTRUTURA METALICA EM TESOURAS OU TRELICAS, VAO LIVRE DE 30M, FORNECIMENTO E MONTAGEM, NAO SENDO CONSIDERADOS OS FECHAMENTOS METALICOS, AS COLUNAS, OS SERVICOS GERAIS EM ALVENARIA E CONCRETO, AS TELHAS DE COBERTURA E A PINTURA DE ACABAMENTO | C1267: M2 | D1267: 98,88
A1268: 73970/1 | B1268: ESTRUTURA METALICA EM ACO ESTRUTURAL PERFIL I 12 X 5 1/4 | C1268: KG | D1268: 9,42
A1269: 73970/2 | B1269: ESTRUTURA METALICA EM ACO ESTRUTURAL PERFIL I 6 X 3 3/8 | C1269: KG | D1269: 6,90
...
